Workbook

Sheet Matas Group P&L and KPIs
B1: MATAS GROUP | D1: Original | E1: Original | F1: Reclas. | G1: Spec. Items | H1: Adjusted | I1: Original | J1: Reclas. | K1: Spec. Items | L1: Adjusted | M1: Original | N1: Reclas. | O1: Spec. Items | P1: Adjusted | Q1: Original | R1: Reclas. | S1: Spec. Items | T1: Adjusted | U1: Original | V1: Reclas. | W1: Spec. Items | X1: Adjusted | Z1: Original | AA1: Reclas. | AB1: Spec. Items | AC1: Adjusted | AD1: Original | AE1: Reclas. | AF1: Spec. Items | AG1: Adjusted | AH1: Original | AI1: Reclas. | AJ1: Spec. Items | AK1: Adjusted | AL1: Original | AM1: Reclas. | AN1: Spec. Items | AO1: Adjusted | AP1: Original | AQ1: Reclas. | AR1: Spec. Items | AS1: Adjusted | AU1: Original | AV1: Reclas. | AW1: Spec. Items | AX1: Adjusted | AY1: Original | AZ1: Reclas. | BA1: Spec. Items | BB1: Adjusted | BC1: Original | BD1: Reclas. | BE1: Spec. Items | BF1: Adjusted | BG1: Original | BH1: Reclas. | BI1: Spec. Items | BJ1: Adjusted | BK1: Original | BL1: Reclas. | BM1: Spec. Items | BN1: Adjusted
B2: Statement of comprehensive income for the year ended 31 March | D2: 2020/21 | E2: 2021/22 | I2: =E2 -> 2021/22 | M2: =I2 -> 2021/22 | Q2: =M2 -> 2021/22 | U2: =Q2 -> 2021/22 | Z2: 2022/23 | AD2: =Z2 -> 2022/23 | AH2: =AD2 -> 2022/23 | AL2: =AH2 -> 2022/23 | AP2: =AL2 -> 2022/23 | AU2: 2023/24 | AY2: =AU2 -> 2023/24 | BC2: =AY2 -> 2023/24 | BG2: =BC2 -> 2023/24 | BK2: =BG2 -> 2023/24 | BP2: 2024/25 | BQ2: =BP2 -> 2024/25 | BR2: =BQ2 -> 2024/25 | BS2: =BR2 -> 2024/25 | BT2: =BS2 -> 2024/25 | BV2: 2025/26 | BW2: =BV2 -> 2025/26 | BX2: =BW2 -> 2025/26 | BY2: =BX2 -> 2025/26 | BZ2: =BY2 -> 2025/26
B3: DKK million | D3: Q1 | E3: Q1 | I3: Q2 | M3: Q3 * | Q3: Q4 | U3: FY * | Z3: Q1 | AD3: Q2 | AH3: Q3 | AL3: Q4 | AP3: FY | AU3: Q1 | AY3: Q2 | BC3: Q3 | BG3: Q4 * | BK3: FY | BP3: Q1 | BQ3: Q2 | BR3: Q3 | BS3: Q4 | BT3: FY | BV3: Q1 | BW3: Q2 | BX3: Q3 | BY3: Q4 | BZ3: FY
B5: Revenue | D5: 946.8 | E5: 1021.3 | H5: =SUM(E5:G5) -> 1021.3 | I5: 973.9 | L5: =SUM(I5:K5) -> 973.9 | M5: 1378.4 | P5: =SUM(M5:O5) -> 1378.4 | Q5: 970.6 | T5: =SUM(Q5:S5) -> 970.6 | U5: 4344.2 | X5: =SUM(U5:W5) -> 4344.2 | Z5: 1053.5 | AC5: =SUM(Z5:AB5) -> 1053.5 | AD5: 989.2 | AG5: =SUM(AD5:AF5) -> 989.2 | AH5: 1396.2 | AK5: =SUM(AH5:AJ5) -> 1396.2 | AL5: 1050.7 | AO5: =SUM(AL5:AN5) -> 1050.7 | AP5: 4489.6 | AS5: =SUM(AP5:AR5) -> 4489.6 | AU5: 1150 | AX5: 1150 | AY5: 1285.4 | BB5: 1285.4 | BC5: 2508 | BF5: 2508 | BG5: =BK5-AU5-AY5-BC5 -> 1757.6 | BJ5: =SUM(BG5:BI5) -> 1757.6 | BK5: 6701 | BN5: =SUM(BK5:BM5) -> 6701 | BP5: 1956 | BQ5: 1851 | BR5: 2694 | BS5: 1878 | BT5: =SUM(BP5:BS5) -> 8379 | BV5: 2074 | BW5: 1945 | BX5: 2776 | BY5: 1981 | BZ5: =SUM(BV5:BY5) -> 8776
B6: Cost of goods sold | D6: -526.6 | E6: -568.2 | F6: 14.703052 | H6: =SUM(E6:G6) -> -553.49695 | I6: -543 | J6: 13.484774 | L6: =SUM(I6:K6) -> -529.51523 | M6: -764.7 | N6: 14.850639 | O6: -20.333417 | P6: =SUM(M6:O6) -> -770.18278 | Q6: -502.3 | R6: 11.458255 | T6: =SUM(Q6:S6) -> -490.84174 | U6: -2378.2 | V6: 54.49672 | W6: -20.333417 | X6: =SUM(U6:W6) -> -2344.0367 | Z6: -587.4 | AA6: 14.6 | AC6: =SUM(Z6:AB6) -> -572.8 | AD6: -546.3 | AE6: 12.2 | AG6: =SUM(AD6:AF6) -> -534.1 | AH6: -775.3 | AI6: 20.8 | AK6: =SUM(AH6:AJ6) -> -754.5 | AL6: -566.2 | AM6: 14.3 | AO6: =SUM(AL6:AN6) -> -551.9 | AP6: -2475.2 | AQ6: 61.96828 | AS6: =SUM(AP6:AR6) -> -2413.2317 | AU6: -643.9 | AV6: 16.1 | AX6: -627.8 | AY6: -712.8 | AZ6: 23.7 | BB6: -689.1 | BC6: -1412.5 | BD6: 19.7 | BF6: -1392.8 | BG6: =BK6-AU6-AY6-BC6 -> -934.8 | BH6: =BL6-AV6-AZ6-BD6 -> 21.5 | BJ6: =SUM(BG6:BI6) -> -913.3 | BK6: -3704 | BL6: 81 | BN6: =SUM(BK6:BM6) -> -3623 | BP6: -1053 | BQ6: -999 | BR6: -1449 | BS6: -1008 | BT6: =SUM(BP6:BS6) -> -4509 | BV6: -1119 | BW6: -1056 | BX6: -1533 | BY6: -1131 | BZ6: =SUM(BV6:BY6) -> -4839
B7: Gross profit | D7: =SUM(D5:D6) -> 420.2 | E7: =SUM(E5:E6) -> 453.1 | F7: =SUM(F5:F6) -> 14.703052 | G7: =SUM(G5:G6) -> 0 | H7: =SUM(H5:H6) -> 467.80305 | I7: =SUM(I5:I6) -> 430.9 | J7: =SUM(J5:J6) -> 13.484774 | K7: =SUM(K5:K6) -> 0 | ... X7: =SUM(X5:X6) -> 2000.1633 | Z7: 466.1 | AA7: 14.6 | AB7: 0 | AC7: =SUM(AC5:AC6) -> 480.7 | AD7: 442.9 | AE7: 12.2 | AF7: 0 | AG7: =SUM(AG5:AG6) -> 455.1 | AH7: 620.9 | AI7: 20.8 | AJ7: 0 | AK7: =SUM(AK5:AK6) -> 641.7 | AL7: 484.5 | AM7: 14.3 | AN7: 0 | AO7: =SUM(AO5:AO6) -> 498.8 | AP7: =SUM(AP5:AP6) -> 2014.4 | AQ7: =SUM(AQ5:AQ6) -> 61.96828 | AR7: =SUM(AR5:AR6) -> 0 | AS7: =SUM(AS5:AS6) -> 2076.3683 | AU7: 506.1 | AV7: 16.1 | AW7: 0 | AX7: 522.2 | AY7: 572.6 | AZ7: 23.7 | BA7: 0 | BB7: 596.3 | BC7: 1095.5 | BD7: 19.7 | BE7: 0 | BF7: 1115.2 | BG7: =BG5+BG6 -> 822.8 | BH7: =BH5+BH6 -> 21.5 | BI7: =BI5+BI6 -> 0 | BJ7: =BJ5+BJ6 -> 844.3 | BK7: =SUM(BK5:BK6) -> 2997 | BL7: =SUM(BL5:BL6) -> 81 | BM7: =SUM(BM5:BM6) -> 0 | BN7: =SUM(BN5:BN6) -> 3078 | BP7: =SUM(BP5:BP6) -> 903 | BQ7: =SUM(BQ5:BQ6) -> 852 | BR7: =SUM(BR5:BR6) -> 1245 | BS7: =SUM(BS5:BS6) -> 870 | BT7: =SUM(BT5:BT6) -> 3870 | BV7: =SUM(BV5:BV6) -> 955 | BW7: =SUM(BW5:BW6) -> 889 | BX7: =SUM(BX5:BX6) -> 1243 | BY7: =SUM(BY5:BY6) -> 850 | BZ7: =SUM(BZ5:BZ6) -> 3937
B9: Other external costs | D9: -63.3 | E9: -68.5 | F9: =-F6 -> -14.703052 | H9: =SUM(E9:G9) -> -83.203052 | I9: -69.2 | J9: =-J6 -> -13.484774 | L9: =SUM(I9:K9) -> -82.684774 | M9: -98.3 | N9: =-N6 -> -14.850639 | O9: 2.9 | P9: =SUM(M9:O9) -> -110.25064 | Q9: -96.3 | R9: =-R6 -> -11.458255 | S9: 0.4 | T9: =SUM(Q9:S9) -> -107.35825 | U9: -332.3 | V9: =-V6 -> -54.49672 | W9: 3.3 | X9: =SUM(U9:W9) -> -383.49672 | Z9: -77.5 | AA9: -16.8 | AB9: 4.8 | AC9: =SUM(Z9:AB9) -> -89.5 | AD9: -86.4 | AE9: -13.4 | AG9: =SUM(AD9:AF9) -> -99.8 | AH9: -105.3 | AI9: -19.2 | AK9: =SUM(AH9:AJ9) -> -124.5 | AL9: -115.7 | AM9: -15.4 | AO9: =SUM(AL9:AN9) -> -131.1 | AP9: -384.9 | AQ9: =-AQ6-AQ11 -> -64.853858 | AR9: 4.8 | AS9: =SUM(AP9:AR9) -> -444.95386 | AU9: -111.4 | AV9: -17.1 | AW9: 21.149533 | AX9: -107.35047 | AY9: -152.2 | AZ9: -25 | BA9: 27.1 | BB9: -150.1 | BC9: -274.4 | BD9: -22.1 | BE9: 17 | BF9: -279.5 | BG9: =BK9-AU9-AY9-BC9 -> -248 | BH9: =BL9-AV9-AZ9-BD9 -> -20.8 | BI9: =BM9-AW9-BA9-BE9 -> 13.750467 | BJ9: =SUM(BG9:BI9) -> -255.04953 | BK9: -786 | BL9: -85 | BM9: 79 | BN9: =SUM(BK9:BM9) -> -792 | BP9: -216 | BQ9: -235 | BR9: -325 | BS9: -245 | BT9: =SUM(BP9:BS9) -> -1021 | BV9: -237 | BW9: -249 | BX9: -347 | BY9: -248 | BZ9: =SUM(BV9:BY9) -> -1081
B10: Staff costs | D10: -185.6 | E10: -198.9 | H10: =SUM(E10:G10) -> -198.9 | I10: -198.7 | K10: 2.616782 | L10: =SUM(I10:K10) -> -196.08322 | M10: -214.5 | P10: =SUM(M10:O10) -> -214.5 | Q10: -212 | S10: 7.416635 | T10: =SUM(Q10:S10) -> -204.58336 | U10: -824.1 | W10: 10.033417 | X10: =SUM(U10:W10) -> -814.06658 | Z10: -201.9 | AC10: =SUM(Z10:AB10) -> -201.9 | AD10: -196.5 | AG10: =SUM(AD10:AF10) -> -196.5 | AH10: -219.7 | AK10: =SUM(AH10:AJ10) -> -219.7 | AL10: -207.2 | AO10: =SUM(AL10:AN10) -> -207.2 | AP10: -825.3 | AS10: =SUM(AP10:AR10) -> -825.3 | AU10: -214.9 | AX10: -214.9 | AY10: -282.3 | AZ10: -1.2 | BA10: 12.029467 | BB10: -271.47053 | BC10: -416.6 | BD10: -3.6 | BE10: 2.603679 | BF10: -417.59632 | BG10: =BK10-AU10-AY10-BC10 -> -418.2 | BH10: =BL10-AV10-AZ10-BD10 -> 4.8 | BI10: =BM10-AW10-BA10-BE10 -> 18.366854 | BJ10: =SUM(BG10:BI10) -> -395.03315 | BK10: -1332 | BM10: 33 | BN10: =SUM(BK10:BM10) -> -1299 | BP10: -399 | BQ10: -389 | BR10: -451 | BS10: -415 | BT10: =SUM(BP10:BS10) -> -1654 | BV10: -422 | BW10: -404 | BX10: -439 | BY10: -381 | BZ10: =SUM(BV10:BY10) -> -1646
B11: Other operating income and expenses, net | H11: =SUM(E11:G11) -> 0 | L11: =SUM(I11:K11) -> 0 | P11: =SUM(M11:O11) -> 0 | T11: =SUM(Q11:S11) -> 0 | X11: =SUM(U11:W11) -> 0 | AA11: 2.2 | AC11: =SUM(Z11:AB11) -> 2.2 | AE11: 1.2 | AG11: =SUM(AD11:AF11) -> 1.2 | AI11: -1.6 | AK11: =SUM(AH11:AJ11) -> -1.6 | AM11: 1.1 | AO11: =SUM(AL11:AN11) -> 1.1 | AQ11: 2.885578 | AS11: =SUM(AP11:AR11) -> 2.885578 | AV11: 1 | AX11: 1 | AZ11: 2.5 | BB11: 2.5 | BD11: 6 | BF11: 6 | BG11: =BK11-AU11-AY11-BC11 -> 25 | BH11: =BL11-AV11-AZ11-BD11 -> -5.5 | BI11: =BM11-AW11-BA11-BE11 -> -10 | BJ11: =SUM(BG11:BI11) -> 9.5 | BK11: 25 | BL11: 4 | BM11: -10 | BN11: =SUM(BK11:BM11) -> 19 | BP11: 5 | BQ11: 5 | BR11: 5 | BS11: 6 | BT11: =SUM(BP11:BS11) -> 21 | BV11: 6 | BW11: 5 | BX11: 8 | BY11: 5 | BZ11: =SUM(BV11:BY11) -> 24
B12: EBITDA before special items | F12: =SUM(F7:F11) -> 0 | G12: =SUM(G7:G11) -> 0 | H12: =SUM(H7:H11) -> 185.7 | J12: =SUM(J7:J11) -> 0 | K12: =SUM(K7:K11) -> 2.616782 | L12: =SUM(L7:L11) -> 165.61678 | N12: =SUM(N7:N11) -> 0 | O12: =SUM(O7:O11) -> -17.433417 | P12: =SUM(P7:P11) -> 283.46658 | R12: =SUM(R7:R11) -> 0 | S12: =SUM(S7:S11) -> 7.816635 | T12: =SUM(T7:T11) -> 167.81664 | V12: =SUM(V7:V11) -> 0 | W12: =SUM(W7:W11) -> -7 | X12: =SUM(X7:X11) -> 802.6 | AA12: 0 | AB12: 4.8 | AC12: =SUM(AC7:AC11) -> 191.5 | AE12: 0 | AF12: 0 | AG12: =SUM(AG7:AG11) -> 160 | AI12: 0 | AJ12: 0 | AK12: =SUM(AK7:AK11) -> 295.9 | AM12: 0 | AN12: 0 | AO12: =SUM(AO7:AO11) -> 161.6 | AQ12: 0 | AR12: 4.8 | AS12: =SUM(AS7:AS11) -> 809 | AV12: 0 | AW12: 21.149533 | AX12: 200.94953 | AZ12: 0 | BA12: 39.129467 | BB12: 177.22947 | BC12: 404.5 | BD12: 0 | BE12: 19.603679 | BF12: 424.10368 | BH12: =SUM(BH7:BH11) -> 0 | BI12: =SUM(BI7:BI11) -> 22.117321 | BJ12: =SUM(BJ7:BJ11) -> 203.71732 | BL12: 0 | BM12: 102 | BN12: =SUM(BN7:BN11) -> 1006 | BP12: =SUM(BP7:BP11) -> 293 | BQ12: =SUM(BQ7:BQ11) -> 233 | BR12: =SUM(BR7:BR11) -> 474 | BS12: =SUM(BS7:BS11) -> 216 | BT12: =SUM(BT7:BT11) -> 1216 | BV12: =SUM(BV7:BV11) -> 302 | BW12: =SUM(BW7:BW11) -> 241 | BX12: =SUM(BX7:BX11) -> 465 | BY12: =SUM(BY7:BY11) -> 226 | BZ12: =SUM(BZ7:BZ11) -> 1234
B14: Special items | G14: 0 | H14: =SUM(E14:G14) -> 0 | K14: -2.616782 | L14: =SUM(I14:K14) -> -2.616782 | O14: 17.433417 | P14: =SUM(M14:O14) -> 17.433417 | S14: -7.816635 | T14: =SUM(Q14:S14) -> -7.816635 | W14: 7 | X14: =SUM(U14:W14) -> 7 | AB14: -4.8 | AC14: =SUM(Z14:AB14) -> -4.8 | AF14: 0 | AG14: =SUM(AD14:AF14) -> 0 | AJ14: 0 | AK14: =SUM(AH14:AJ14) -> 0 | AN14: 0 | AO14: =SUM(AL14:AN14) -> 0 | AR14: -4.8 | AS14: =SUM(AP14:AR14) -> -4.8 | AW14: -21.149533 | AX14: -21.149533 | BA14: -39.129467 | BB14: -39.129467 | BC14: 0 | BE14: -19.603679 | BF14: -19.603679 | BH14: 0 | BI14: =BM14-AW14-BA14-BE14 -> -22.117321 | BJ14: =SUM(BG14:BI14) -> -22.117321 | BM14: -102 | BN14: =SUM(BK14:BM14) -> -102 | BP14: -17 | BQ14: 5 | BR14: -1 | BS14: -14 | BT14: =SUM(BP14:BS14) -> -27 | BV14: -5 | BW14: -11 | BX14: -22 | BY14: -18 | BZ14: =SUM(BV14:BY14) -> -56
B15: EBITDA | D15: =SUM(D7:D11) -> 171.3 | E15: =SUM(E7:E11) -> 185.7 | F15: =SUM(F12:F14) -> 0 | G15: =SUM(G12:G14) -> 0 | H15: =SUM(H12:H14) -> 185.7 | I15: =SUM(I7:I11) -> 163 | J15: =SUM(J12:J14) -> 0 | K15: =SUM(K12:K14) -> 0 | L15: =SUM(L12:L14) -> 163 | M15: =SUM(M7:M11) -> 300.9 | N15: =SUM(N12:N14) -> 0 | O15: =SUM(O12:O14) -> 0 | P15: =SUM(P12:P14) -> 300.9 | Q15: =SUM(Q7:Q11) -> 160 | R15: =SUM(R12:R14) -> 0 | S15: =SUM(S12:S14) -> 0 | T15: =SUM(T12:T14) -> 160 | U15: =SUM(U7:U11) -> 809.6 | V15: =SUM(V12:V14) -> 0 | W15: =SUM(W12:W14) -> 0 | X15: =SUM(X12:X14) -> 809.6 | Z15: 186.7 | AA15: 0 | AB15: 0 | AC15: =SUM(AC12:AC14) -> 186.7 | AD15: 160 | AE15: 0 | AF15: 0 | AG15: =SUM(AG12:AG14) -> 160 | AH15: 295.9 | AI15: 0 | AJ15: 0 | AK15: =SUM(AK12:AK14) -> 295.9 | AL15: 161.6 | AM15: 0 | AN15: 0 | AO15: =SUM(AO12:AO14) -> 161.6 | AP15: 804.2 | AQ15: 0 | AR15: 0 | AS15: =SUM(AS12:AS14) -> 804.2 | AU15: 179.8 | AV15: 0 | AW15: 0 | AX15: 179.8 | AY15: 138.1 | AZ15: 0 | BA15: 0 | BB15: 138.1 | BC15: 404.5 | BD15: 0 | BE15: 0 | BF15: 404.5 | BG15: =SUM(BG7:BG14) -> 181.6 | BH15: =SUM(BH12:BH14) -> 0 | BI15: =SUM(BI12:BI14) -> 0 | BJ15: =SUM(BJ12:BJ14) -> 181.6 | BK15: 904 | BL15: 0 | BM15: 0 | BN15: =SUM(BN12:BN14) -> 904 | BP15: =SUM(BP12:BP14) -> 276 | BQ15: =SUM(BQ12:BQ14) -> 238 | BR15: =SUM(BR12:BR14) -> 473 | BS15: =SUM(BS12:BS14) -> 202 | BT15: =SUM(BT12:BT14) -> 1189 | BV15: =SUM(BV12:BV14) -> 297 | BW15: =SUM(BW12:BW14) -> 230 | BX15: =SUM(BX12:BX14) -> 443 | BY15: =SUM(BY12:BY14) -> 208 | BZ15: =SUM(BZ12:BZ14) -> 1178
B17: Depreciation, amortisation and impairment | D17: -99.2 | E17: -107.7 | H17: =SUM(E17:G17) -> -107.7 | I17: -106.3 | L17: =SUM(I17:K17) -> -106.3 | M17: -107.2 | P17: =SUM(M17:O17) -> -107.2 | Q17: 113.9 | T17: =SUM(Q17:S17) -> 113.9 | U17: -421.3 | X17: =SUM(U17:W17) -> -421.3 | Z17: -89.1 | AC17: =SUM(Z17:AB17) -> -89.1 | AD17: -86.7 | AG17: =SUM(AD17:AF17) -> -86.7 | AH17: -94.5 | AK17: =SUM(AH17:AJ17) -> -94.5 | AL17: -110.9 | AO17: =SUM(AL17:AN17) -> -110.9 | AP17: -381.1 | AS17: =SUM(AP17:AR17) -> -381.1 | AU17: -91.1 | AX17: -91.1 | AY17: -113.1 | BB17: -113.1 | BC17: -155.1 | BF17: -155.1 | BG17: =BK17-AU17-AY17-BC17 -> -165.7 | BJ17: =SUM(BG17:BI17) -> -165.7 | BK17: -525 | BN17: =SUM(BK17:BM17) -> -525 | BP17: -158 | BQ17: -157 | BR17: -156 | BS17: -153 | BT17: =SUM(BP17:BS17) -> -624 | BV17: -161 | BW17: -160 | BX17: -166 | BY17: -177 | BZ17: =SUM(BV17:BY17) -> -664
B18: Operating profit/EBIT | D18: =SUM(D15:D17) -> 72.1 | E18: =SUM(E15:E17) -> 78 | F18: =SUM(F15:F17) -> 0 | G18: =SUM(G15:G17) -> 0 | H18: =SUM(H15:H17) -> 78 | I18: =SUM(I15:I17) -> 56.7 | J18: =SUM(J15:J17) -> 0 | K18: =SUM(K15:K17) -> 0 | ... X18: =SUM(X15:X17) -> 388.3 | Z18: 97.6 | AA18: 0 | AB18: 0 | AC18: =SUM(AC15:AC17) -> 97.6 | AD18: 73.3 | AE18: 0 | AF18: 0 | AG18: =SUM(AG15:AG17) -> 73.3 | AH18: 201.4 | AI18: 0 | AJ18: 0 | AK18: =SUM(AK15:AK17) -> 201.4 | AL18: 50.7 | AM18: 0 | AN18: 0 | AO18: =SUM(AO15:AO17) -> 50.7 | AP18: 423.1 | AQ18: 0 | AR18: 0 | AS18: =SUM(AS15:AS17) -> 423.1 | AU18: 88.7 | AV18: 0 | AW18: 0 | AX18: 88.7 | AY18: 25 | AZ18: 0 | BA18: 0 | BB18: 25 | BC18: 249.4 | BD18: 0 | BE18: 0 | BF18: 249.4 | BG18: =SUM(BG15:BG17) -> 15.9 | BH18: =SUM(BH15:BH17) -> 0 | BI18: =SUM(BI15:BI17) -> 0 | BJ18: =SUM(BJ15:BJ17) -> 15.9 | BK18: 379 | BL18: 0 | BM18: 0 | BN18: =SUM(BN15:BN17) -> 379 | BP18: =SUM(BP15:BP17) -> 118 | BQ18: =SUM(BQ15:BQ17) -> 81 | BR18: =SUM(BR15:BR17) -> 317 | BS18: 49 | BT18: 565 | BV18: =SUM(BV15:BV17) -> 136 | BW18: =SUM(BW15:BW17) -> 70 | BX18: =SUM(BX15:BX17) -> 277 | BY18: =SUM(BY15:BY17) -> 31 | BZ18: =SUM(BZ15:BZ17) -> 514
B20: Share of profit in ass. Companies | D20: 0.159736 | E20: -0.05711 | H20: =SUM(E20:G20) -> -0.05711 | I20: -0.119804 | L20: =SUM(I20:K20) -> -0.119804 | M20: -0.029766 | P20: =SUM(M20:O20) -> -0.029766 | Q20: -4.216406 | T20: =SUM(Q20:S20) -> -4.216406 | U20: -4.6 | X20: =SUM(U20:W20) -> -4.6 | Z20: 0.2 | AC20: =SUM(Z20:AB20) -> 0.2 | AD20: -5.3 | AG20: =SUM(AD20:AF20) -> -5.3 | AH20: 0.2 | AK20: =SUM(AH20:AJ20) -> 0.2 | AL20: 0 | AO20: =SUM(AL20:AN20) -> 0 | AP20: -4.9 | AS20: =SUM(AP20:AR20) -> -4.9 | AU20: 0.1 | AX20: 0.1 | AY20: 0.124336 | BB20: 0.124336 | BC20: 0.192198 | BF20: 0.192198 | BG20: =BK20-AU20-AY20-BC20 -> 0.583466 | BJ20: =SUM(BG20:BI20) -> 0.583466 | BK20: 1 | BN20: =SUM(BK20:BM20) -> 1 | BP20: 0 | BQ20: 0 | BR20: 0 | BS20: 1 | BT20: =SUM(BP20:BS20) -> 1 | BV20: 0 | BW20: 0 | BX20: 0 | BY20: 1 | BZ20: =SUM(BV20:BY20) -> 1
B21: Financial income | D21: 0.090992 | E21: 0.015643 | H21: =SUM(E21:G21) -> 0.015643 | I21: 0.024891 | L21: =SUM(I21:K21) -> 0.024891 | M21: 5.11471 | P21: =SUM(M21:O21) -> 5.11471 | Q21: 0.104222 | T21: =SUM(Q21:S21) -> 0.104222 | U21: 5.3 | X21: =SUM(U21:W21) -> 5.3 | Z21: 0 | AC21: =SUM(Z21:AB21) -> 0 | AD21: 0 | AG21: =SUM(AD21:AF21) -> 0 | AH21: 0.1 | AK21: =SUM(AH21:AJ21) -> 0.1 | AL21: 0.3 | AO21: =SUM(AL21:AN21) -> 0.3 | AP21: 0.5 | AS21: =SUM(AP21:AR21) -> 0.5 | AU21: 0 | AX21: 0 | AY21: 2.651862 | BB21: 2.651862 | BC21: 4.896197 | BF21: 4.896197 | BG21: =BK21-AU21-AY21-BC21 -> 4.451941 | BJ21: =SUM(BG21:BI21) -> 4.451941 | BK21: 12 | BN21: =SUM(BK21:BM21) -> 12 | BP21: 2 | BQ21: 0 | BR21: 0 | BS21: -1 | BT21: =SUM(BP21:BS21) -> 1 | BV21: 0 | BW21: 1 | BX21: 0 | BY21: 4 | BZ21: =SUM(BV21:BY21) -> 5
B22: Financial expenses | D22: -12.5 | E22: -10.5 | H22: =SUM(E22:G22) -> -10.5 | I22: -10.2 | L22: =SUM(I22:K22) -> -10.2 | M22: -9.3 | P22: =SUM(M22:O22) -> -9.3 | Q22: 12.8 | T22: =SUM(Q22:S22) -> 12.8 | U22: -37.9 | X22: =SUM(U22:W22) -> -37.9 | Z22: -9.2 | AC22: =SUM(Z22:AB22) -> -9.2 | AD22: -8 | AG22: =SUM(AD22:AF22) -> -8 | AH22: -12.9 | AK22: =SUM(AH22:AJ22) -> -12.9 | AL22: -15.8 | AO22: =SUM(AL22:AN22) -> -15.8 | AP22: -45.9 | AS22: =SUM(AP22:AR22) -> -45.9 | AU22: -23.4 | AX22: -23.4 | AY22: -24.2 | BB22: -24.2 | BC22: -34.4 | BF22: -34.4 | BG22: =BK22-AU22-AY22-BC22 -> -62 | BJ22: =SUM(BG22:BI22) -> -62 | BK22: -144 | BN22: =SUM(BK22:BM22) -> -144 | BP22: -44 | BQ22: -50 | BR22: -51 | BS22: -38 | BT22: =SUM(BP22:BS22) -> -183 | BV22: -54 | BW22: -40 | BX22: -38 | BY22: -36 | BZ22: =SUM(BV22:BY22) -> -168
B23: Net financials | D23: -12.249272 | E23: -10.541467 | F23: 0 | G23: 0 | H23: =SUM(H20:H22) -> -10.541467 | I23: -10.294913 | J23: 0 | K23: 0 | L23: =SUM(L20:L22) -> -10.294913 | M23: -4.215056 | N23: 0 | O23: 0 | P23: =SUM(P20:P22) -> -4.215056 | Q23: 8.687816 | R23: 0 | S23: 0 | T23: =SUM(T20:T22) -> 8.687816 | U23: -37.2 | V23: 0 | W23: 0 | X23: =SUM(X20:X22) -> -37.2 | Z23: -9 | AA23: 0 | AB23: 0 | AC23: =SUM(AC20:AC22) -> -9 | AD23: -13.3 | AE23: 0 | AF23: 0 | AG23: =SUM(AG20:AG22) -> -13.3 | AH23: -12.6 | AI23: 0 | AJ23: 0 | AK23: =SUM(AK20:AK22) -> -12.6 | AL23: -15.5 | AM23: 0 | AN23: 0 | AO23: =SUM(AO20:AO22) -> -15.5 | AP23: -50.3 | AQ23: 0 | AR23: 0 | AS23: =SUM(AS20:AS22) -> -50.3 | AU23: -23.3 | AV23: 0 | AW23: 0 | AX23: -23.3 | AY23: -21.423802 | AZ23: 0 | BA23: 0 | BB23: -21.423802 | BC23: -29.311605 | BD23: 0 | BE23: 0 | BF23: -29.311605 | BG23: =SUM(BG20:BG22) -> -56.964593 | BH23: =SUM(BH20:BH22) -> 0 | BI23: =SUM(BI20:BI22) -> 0 | BJ23: =SUM(BJ20:BJ22) -> -56.964593 | BK23: -131 | BL23: 0 | BM23: 0 | BN23: =SUM(BN20:BN22) -> -131 | BP23: =SUM(BP20:BP22) -> -42 | BQ23: =SUM(BQ20:BQ22) -> -50 | BR23: =SUM(BR20:BR22) -> -51 | BS23: -38 | BT23: =SUM(BT20:BT22) -> -181 | BV23: =SUM(BV20:BV22) -> -54 | BW23: =SUM(BW20:BW22) -> -39 | BX23: =SUM(BX20:BX22) -> -38 | BY23: =SUM(BY20:BY22) -> -31 | BZ23: =SUM(BV23:BY23) -> -162
B24: Profit before tax | D24: 59.850728 | E24: 67.458533 | F24: 0 | G24: 0 | H24: =H18+H23 -> 67.458533 | I24: 46.405087 | J24: 0 | K24: 0 | L24: =L18+L23 -> 46.405087 | M24: 189.48494 | N24: 0 | O24: 0 | P24: =P18+P23 -> 189.48494 | Q24: 282.58782 | R24: 0 | S24: 0 | T24: =T18+T23 -> 282.58782 | U24: 351.1 | V24: 0 | W24: 0 | X24: =X18+X23 -> 351.1 | Z24: 88.6 | AA24: 0 | AB24: 0 | AC24: =AC18+AC23 -> 88.6 | AD24: 60 | AE24: 0 | AF24: 0 | AG24: =AG18+AG23 -> 60 | AH24: 188.8 | AI24: 0 | AJ24: 0 | AK24: =AK18+AK23 -> 188.8 | AL24: 35.2 | AM24: 0 | AN24: 0 | AO24: =AO18+AO23 -> 35.2 | AP24: 372.8 | AQ24: 0 | AR24: 0 | AS24: =AS18+AS23 -> 372.8 | AU24: 65.4 | AV24: 0 | AW24: 0 | AX24: 65.4 | AY24: 3.576198 | AZ24: 0 | BA24: 0 | BB24: 3.576198 | BC24: 220.0884 | BD24: 0 | BE24: 0 | BF24: 220.08839 | BG24: =BG18+BG23 -> -41.064593 | BH24: =BH18+BH23 -> 0 | BI24: =BI18+BI23 -> 0 | BJ24: =BJ18+BJ23 -> -41.064593 | BK24: 248 | BL24: 0 | BM24: 0 | BN24: =BN18+BN23 -> 248 | BP24: =BP18+BP23 -> 76 | BQ24: =BQ18+BQ23 -> 31 | BR24: =BR18+BR23 -> 266 | BS24: =BS18+BS23 -> 11 | BT24: =BT18+BT23 -> 384 | BV24: =BV18+BV23 -> 82 | BW24: =BW18+BW23 -> 31 | BX24: =BX18+BX23 -> 239 | BY24: =BY18+BY23 -> 0 | BZ24: =BZ18+BZ23 -> 352
B26: Tax on profit for the period | D26: -13.155 | E26: -13.355 | H26: =SUM(E26:G26) -> -13.355 | I26: -10 | L26: =SUM(I26:K26) -> -10 | M26: -42.8 | P26: =SUM(M26:O26) -> -42.8 | Q26: 14.91 | T26: =SUM(Q26:S26) -> 14.91 | U26: -74.6 | X26: =SUM(U26:W26) -> -74.6 | Z26: -19.5 | AC26: =SUM(Z26:AB26) -> -19.5 | AD26: -13.3 | AG26: =SUM(AD26:AF26) -> -13.3 | AH26: -41.5 | AK26: =SUM(AH26:AJ26) -> -41.5 | AL26: -17.7 | AO26: =SUM(AL26:AN26) -> -17.7 | AP26: -92.1 | AS26: =SUM(AP26:AR26) -> -92.1 | AU26: -16.4 | AX26: -16.4 | AY26: -2 | BB26: -2 | BC26: -56.9 | BF26: -56.9 | BG26: =BK26-AU26-AY26-BC26 -> -3.7 | BJ26: =SUM(BG26:BI26) -> -3.7 | BK26: -79 | BN26: =SUM(BK26:BM26) -> -79 | BP26: -17 | BQ26: -7 | BR26: -65 | BS26: -13 | BT26: =SUM(BP26:BS26) -> -102 | BV26: -18 | BW26: -7 | BX26: -53 | BY26: -31 | BZ26: =SUM(BV26:BY26) -> -109
B27: Profit for the period | D27: 46.695728 | E27: 54.103533 | F27: 0 | G27: 0 | H27: =SUM(H24:H26) -> 54.103533 | I27: 36.405087 | J27: 0 | K27: 0 | L27: =SUM(L24:L26) -> 36.405087 | M27: 146.68494 | N27: 0 | O27: 0 | P27: =SUM(P24:P26) -> 146.68494 | Q27: 297.49782 | R27: 0 | S27: 0 | T27: =SUM(T24:T26) -> 297.49782 | U27: 276.5 | V27: 0 | W27: 0 | X27: =SUM(X24:X26) -> 276.5 | Z27: 69.1 | AA27: 0 | AB27: 0 | AC27: =SUM(AC24:AC26) -> 69.1 | AD27: 46.7 | AE27: 0 | AF27: 0 | AG27: =SUM(AG24:AG26) -> 46.7 | AH27: 147.3 | AI27: 0 | AJ27: 0 | AK27: =SUM(AK24:AK26) -> 147.3 | AL27: 17.6 | AM27: 0 | AN27: 0 | AO27: =SUM(AO24:AO26) -> 17.5 | AP27: 280.7 | AQ27: 0 | AR27: 0 | AS27: =SUM(AS24:AS26) -> 280.7 | AU27: 49 | AV27: 0 | AW27: 0 | AX27: 49 | AY27: 1.576198 | AZ27: 0 | BA27: 0 | BB27: 1.576198 | BC27: 163.1884 | BD27: 0 | BE27: 0 | BF27: 163.18839 | BG27: =SUM(BG24:BG26) -> -44.764593 | BH27: =SUM(BH24:BH26) -> 0 | BI27: =SUM(BI24:BI26) -> 0 | BJ27: =SUM(BJ24:BJ26) -> -44.764593 | BK27: 169 | BL27: 0 | BM27: 0 | BN27: =SUM(BN24:BN26) -> 169 | BP27: =SUM(BP24:BP26) -> 59 | BQ27: =SUM(BQ24:BQ26) -> 24 | BR27: =SUM(BR24:BR26) -> 201 | BS27: =SUM(BS24:BS26) -> -2 | BT27: =SUM(BT24:BT26) -> 282 | BV27: =SUM(BV24:BV26) -> 64 | BW27: =SUM(BW24:BW26) -> 24 | BX27: =SUM(BX24:BX26) -> 186 | BY27: =SUM(BY24:BY26) -> -31 | BZ27: =SUM(BZ24:BZ26) -> 243
B29: Other comprehensive income | D29: 0 | E29: 0 | H29: =SUM(E29:G29) -> 0 | I29: 0 | L29: =SUM(I29:K29) -> 0 | M29: 0 | P29: =SUM(M29:O29) -> 0 | Q29: 0 | T29: =SUM(Q29:S29) -> 0 | U29: 0 | X29: =SUM(U29:W29) -> 0 | Z29: 0 | AC29: =SUM(Z29:AB29) -> 0 | AD29: 0 | AG29: =SUM(AD29:AF29) -> 0 | AH29: 0 | AK29: =SUM(AH29:AJ29) -> 0 | AL29: 0 | AO29: =SUM(AL29:AN29) -> 0 | AP29: 0 | AS29: =SUM(AP29:AR29) -> 0 | AU29: 0 | AX29: 0 | AY29: 21.6 | BB29: 21.6 | BC29: 18.39998 | BF29: 18.39998 | BG29: =BK29-AU29-AY29-BC29 -> -22.99998 | BJ29: =SUM(BG29:BI29) -> -22.99998 | BK29: 17 | BN29: =SUM(BK29:BM29) -> 17 | BP29: -6 | BQ29: 9 | BR29: -4 | BS29: 32 | BT29: =SUM(BP29:BS29) -> 31 | BV29: -14 | BW29: 9 | BX29: 5 | BY29: 5 | BZ29: =SUM(BV29:BY29) -> 5
B31: Total comprehensive income | D31: 46.695728 | E31: 54.103533 | H31: =SUM(H27:H30) -> 54.103533 | I31: 36.405087 | L31: =SUM(L27:L30) -> 36.405087 | M31: 146.68494 | P31: =SUM(P27:P30) -> 146.68494 | Q31: 297.49782 | T31: =SUM(T27:T30) -> 297.49782 | U31: 276.5 | X31: =SUM(X27:X30) -> 276.5 | Z31: 69.1 | AC31: =SUM(AC27:AC30) -> 69.1 | AD31: 46.7 | AG31: =SUM(AG27:AG30) -> 46.7 | AH31: 147.3 | AK31: =SUM(AK27:AK30) -> 147.3 | AL31: 17.6 | AO31: =SUM(AO27:AO30) -> 17.5 | AP31: 280.7 | AS31: =SUM(AS27:AS30) -> 280.7 | AU31: 49 | AX31: 49 | AY31: 23.176198 | BB31: 23.176198 | BC31: 181.58838 | BF31: 181.58837 | BG31: =BG27+BG29 -> -67.764573 | BI31: =BI27+BI29 -> 0 | BJ31: =BJ27+BJ29 -> -67.764573 | BK31: 186 | BN31: =SUM(BN27:BN30) -> 186 | BP31: =SUM(BP27:BP30) -> 53 | BQ31: =SUM(BQ27:BQ30) -> 33 | BR31: =SUM(BR27:BR30) -> 197 | BS31: =SUM(BS27:BS30) -> 30 | BT31: =SUM(BT27:BT30) -> 313 | BV31: =SUM(BV27:BV30) -> 50 | BW31: =SUM(BW27:BW30) -> 33 | BX31: =SUM(BX27:BX30) -> 191 | BY31: =SUM(BY27:BY30) -> -26 | BZ31: =SUM(BZ27:BZ30) -> 248
B33: Earnings per share
B34: Average number of shares m | D34: 38204.86 | E34: 38269.969 | H34: 38269.969 | I34: 38247.102 | L34: 38247.102 | M34: 37889.705 | P34: 37889.705 | Q34: 38016 | T34: 38016 | U34: 38016 | X34: 38016 | Z34: 37760 | AC34: 37760 | AD34: 37933 | AG34: 37933 | AH34: 37933 | AK34: 37933 | AL34: 37933 | AO34: 37933 | AP34: 37882 | AS34: 37882 | AU34: 37975.863 | AX34: 37975.863 | AY34: 38118.511 | BB34: 38118.511 | BC34: 38036.252 | BF34: 38036.252 | BG34: 37908.511 | BJ34: 37908.511 | BK34: 38010 | BN34: 38010 | BP34: 38021 | BQ34: 38098.752 | BR34: 38031 | BS34: 37888.752 | BT34: 38021 | BV34: 38008.988 | BW34: 37990.749 | BX34: 37591 | BY34: 37252.976 | BZ34: 37716.737
B35: Diluted number of shares m | D35: 38564.873 | E35: 38628.194 | H35: 38628.194 | I35: 38594.965 | L35: 38594.965 | M35: 38304.46 | P35: 38304.46 | Q35: 38416 | T35: 38416 | U35: 38416 | X35: 38416 | Z35: 38177 | AC35: 38177 | AD35: 38223 | AG35: 38223 | AH35: 38232 | AK35: 38232 | AL35: 38231 | AO35: 38231 | AP35: 38067 | AS35: 38067 | AU35: 38349.568 | AX35: 38349.568 | AY35: 38506.52 | BB35: 38506.52 | BC35: 38424.261 | BF35: 38424.261 | BG35: 37994.995 | BJ35: 37994.995 | BK35: 38195 | BN35: 38195 | BP35: 38291 | BQ35: 38371.487 | BR35: 38301 | BS35: 38155.869 | BT35: 38255 | BV35: 38308.988 | BW35: 38274.29 | BX35: 37782 | BY35: 37443.927 | BZ35: 37907.688
B36: Earnings per share, DKK | D36: 1.2222458 | E36: 1.4137334 | H36: 1.4137334 | I36: 0.9518391 | L36: 0.9518391 | M36: 3.8713667 | P36: 3.8713667 | Q36: 1.0330608 | T36: 1.0330608 | U36: 7.27 | X36: 7.27 | Z36: 1.83 | AC36: 1.83 | AD36: 1.23 | AG36: 1.23 | AH36: 3.88 | AK36: 3.88 | AL36: 0.46 | AO36: 0.46 | AP36: 7.41 | AS36: 7.41 | AU36: 1.2902933 | AX36: 1.2902933 | AY36: 0.041349936 | BB36: 0.041349936 | BC36: 4.2903385 | BF36: 4.2903385 | BG36: =BG27/BG34*1000 -> -1.1808586 | BJ36: =BJ27/BJ34*1000 -> -1.1808586 | BK36: 4.45 | BN36: 4.45 | BP36: 1.5644041 | BQ36: 0.64048699 | BR36: 5.2955318 | BS36: -0.078824514 | BT36: 7.4171647 | BV36: 1.67 | BW36: 0.64 | BX36: 4.95 | BY36: =BY27/BY34*1000 -> -0.83214828 | BZ36: =BZ27/BZ34*1000 -> 6.4427631
B37: Diluted earnings per share, DKK | D37: 1.2108358 | E37: 1.4006229 | H37: 1.4006229 | I37: 0.94326001 | L37: 0.94326001 | M37: 3.8294482 | P37: 3.8294482 | Q37: 1.0266689 | T37: 1.0266689 | U37: 7.2 | X37: 7.2 | Z37: 1.81 | AC37: 1.81 | AD37: 1.22 | AG37: 1.22 | AH37: 3.85 | AK37: 3.85 | AL37: 0.46 | AO37: 0.46 | AP37: 7.37 | AS37: 7.37 | AU37: 1.2777197 | AX37: 1.2777197 | AY37: 0.040933276 | BB37: 0.040933276 | BC37: 4.2470145 | BF37: 4.2470145 | BG37: =BG27/BG35*1000 -> -1.1781708 | BJ37: =BJ27/BJ35*1000 -> -1.1781708 | BK37: 4.43 | BN37: 4.43 | BP37: 1.5534436 | BQ37: 0.63593457 | BR37: 5.2582013 | BS37: -0.078272689 | BT37: 7.3718934 | BV37: 1.66 | BW37: 0.63 | BX37: 4.92 | BY37: =BY27/BY35*1000 -> -0.82790462 | BZ37: =BZ27/BZ35*1000 -> 6.4103092
B39: Revenue growth, Group | D39: 0.081315669 | E39: 0.078686101 | H39: 0.078686101 | I39: 0.044284795 | L39: 0.044284795 | M39: 0.049809596 | P39: 0.049809596 | Q39: -0.001 | T39: -0.001 | U39: 0.043 | X39: 0.043 | Z39: 0.032 | AC39: 0.032 | AD39: 0.016 | AG39: 0.016 | AH39: 0.013 | AK39: 0.013 | AL39: 0.083 | AO39: 0.083 | AP39: 0.033 | AS39: 0.033 | AU39: 0.09159943 | AX39: 0.09159943 | AY39: 0.29943389 | BB39: 0.29943389 | BC39: 0.79630425 | BF39: 0.79630425 | BG39: 0.673 | BJ39: 0.673 | BK39: 0.493 | BN39: 0.493 | BP39: =(BP5-AX5)/AX5 -> 0.70086957 | BQ39: =(BQ5-AY5)/AY5 -> 0.44001867 | BR39: =(BR5-BF5)/BF5 -> 0.074162679 | BS39: 0.068 | BT39: =(BT5-BN5)/BN5 -> 0.25041039 | BV39: =(BV5-BP5)/BP5 -> 0.060327198 | BW39: 0.05 | BX39: 0.031 | BY39: 0.055 | BZ39: 0.047
B40: Currency neutral growth, Group | BP40: 0.062 | BQ40: 0.068 | BR40: 0.077 | BS40: 0.072 | BT40: 0.07 | BV40: 0.047 | BW40: 0.044 | BX40: 0.018 | BY40: 0.04 | BZ40: 0.035
B41: Like-for-like growth, Group | BK41: 0.068 | BN41: 0.068 | BP41: 0.022 | BQ41: 0.055 | BR41: 0.053 | BS41: 0.024 | BT41: 0.031 | BV41: 0.015 | BW41: 0.015 | BX41: 0.004 | BY41: -0.004 | BZ41: 0.007
B42: Organic growth, Matas | Z42: 0.032 | AC42: 0.032 | AD42: 0.016 | AG42: 0.016 | AH42: 0.013 | AK42: 0.013 | AL42: 0.083 | AO42: 0.083 | AP42: 0.033 | AS42: 0.033 | AU42: 0.09159943 | AX42: 0.09159943 | AY42: 0.08 | BB42: 0.08 | BC42: 0.092 | BF42: 0.092 | BG42: 0.044 | BJ42: 0.044 | BK42: 0.078 | BN42: 0.078 | BP42: =('Category by banner'!V23-'Category by banner'!P23)/'Category by banner'!P23 -> 0.072564325 | BQ42: =('Category by banner'!W23-'Category by banner'!Q23)/'Category by banner'!Q23 -> 0.075776658 | BR42: =('Category by banner'!X23-'Category by banner'!R23)/'Category by banner'!R23 -> 0.074569243 | BS42: =('Category by banner'!Y23-'Category by banner'!S23)/'Category by banner'!S23 -> 0.076458405 | BT42: =('Category by banner'!Z23-'Category by banner'!T23)/'Category by banner'!T23 -> 0.074775406 | BV42: =('Category by banner'!AB23-'Category by banner'!V23)/'Category by banner'!V23 -> 0.053009883 | BW42: =('Category by banner'!AC23-'Category by banner'!W23)/'Category by banner'!W23 -> 0.068292683 | BX42: =('Category by banner'!AD23-'Category by banner'!X23)/'Category by banner'!X23 -> 0.047904192 | BY42: 0.027 | BZ42: 0.049
B43: Like-for-like growth, Matas | D43: 0.083833336 | E43: 0.058645304 | H43: 0.058645304 | I43: 0.018494738 | L43: 0.018494738 | M43: 0.028105779 | P43: 0.028105779 | Q43: -0.023 | T43: -0.023 | U43: 0.021 | X43: 0.021 | Z43: 0.029 | AC43: 0.029 | AD43: 0.016 | AG43: 0.016 | AH43: 0.012 | AK43: 0.012 | AL43: 0.075 | AO43: 0.075 | AP43: 0.031 | AS43: 0.031 | AU43: 0.083945881 | AX43: 0.083945881 | AY43: 0.075043906 | BB43: 0.075043906 | BC43: 0.091179358 | BF43: 0.091179358 | BG43: 0.014578626 | BJ43: 0.014578626 | BK43: 0.073 | BN43: 0.073 | BP43: 0.015 | BQ43: 0.024 | BR43: 0.023 | BS43: 0.033 | BT43: 0.024 | BV43: 0.01 | BW43: 0.03 | BX43: 0.023 | BY43: -0.022 | BZ43: 0.012
B44: Currency neutral growth, KICKS | AY44: 0.031 | BB44: 0.031 | BC44: 0.047 | BF44: 0.047 | BG44: -0.002 | BJ44: -0.002 | BK44: 0.027 | BN44: 0.027 | BP44: 0.029 | BQ44: 0.057 | BR44: 0.073 | BS44: 0.046 | BT44: 0.053 | BV44: 0.023 | BW44: -0.014 | BX44: -0.038 | BY44: 0.047 | BZ44: 0
B45: Like-for-like growth, KICKS | BK45: 0.061 | BN45: 0.061 | BP45: 0.027 | BQ45: 0.028 | BR45: 0.101 | BS45: 0.01 | BT45: 0.043 | BV45: 0.022 | BW45: -0.008 | BX45: -0.064 | BY45: 0.025 | BZ45: -0.001
B46: EBITDA | D46: 171.3 | E46: 185.7 | H46: =H15 -> 185.7 | I46: 163 | L46: =L15 -> 163 | M46: 300.9 | P46: =P15 -> 300.9 | Q46: 160 | T46: =T15 -> 160 | U46: 809.6 | X46: =X15 -> 809.6 | Z46: 186.7 | AC46: 186.7 | AD46: 160 | AG46: 160 | AH46: 295.9 | AK46: 295.9 | AL46: 161.6 | AO46: 161.6 | AP46: 804.2 | AS46: =AS15 -> 804.2 | AU46: 179.8 | AX46: 179.8 | AY46: 138.1 | BB46: 138.1 | BC46: 404.5 | BF46: 404.5 | BG46: 181.6 | BJ46: 181.6 | BK46: 904 | BN46: =BN15 -> 904 | BP46: =BP15 -> 276 | BQ46: =BQ15 -> 238 | BR46: =BR15 -> 473 | BS46: =BS15 -> 202 | BT46: =BT15 -> 1189 | BV46: =BV15 -> 297 | BW46: =BW15 -> 230 | BX46: =BX15 -> 443 | BY46: =BY15 -> 208 | BZ46: =BZ15 -> 1178
B47: Special items | D47: 1.5 | E47: 0 | H47: =-H14 -> 0 | I47: 2.616782 | L47: =-L14 -> 2.616782 | M47: -17.433417 | P47: =-P14 -> -17.433417 | Q47: 7.816635 | T47: =-T14 -> 7.816635 | U47: -7 | X47: =-X14 -> -7 | Z47: 4.8 | AC47: 4.8 | AD47: 0 | AG47: 0 | AH47: 0 | AK47: 0 | AL47: 0 | AO47: 0 | AP47: 4.8 | AS47: =-AS14 -> 4.8 | AU47: 21.149533 | AX47: 21.149533 | AY47: 39.129467 | BB47: 39.129467 | BC47: 19.603679 | BF47: 19.603679 | BG47: 22.117321 | BJ47: 22.117321 | BK47: 102 | BN47: =-BN14 -> 102 | BP47: =BP14 -> -17 | BQ47: =BQ14 -> 5 | BR47: =BR14 -> -1 | BS47: =BS14 -> -14 | BT47: =BT14 -> -27 | BV47: =BV14 -> -5 | BW47: =BW14 -> -11 | BX47: =BX14 -> -22 | BY47: =BY14 -> -18 | BZ47: =BZ14 -> -56
B48: EBITDA before special items | D48: 172.8 | E48: 185.7 | H48: =H46+H47 -> 185.7 | I48: 165.61678 | L48: =L46+L47 -> 165.61678 | M48: 283.46658 | P48: =P46+P47 -> 283.46658 | Q48: 167.81664 | T48: =T46+T47 -> 167.81664 | U48: 802.6 | X48: =X46+X47 -> 802.6 | Z48: 191.5 | AC48: 191.5 | AD48: 160 | AG48: 160 | AH48: 295.9 | AK48: 295.9 | AL48: 161.6 | AO48: 161.6 | AP48: 809 | AS48: =AS46+AS47 -> 809 | AU48: 200.94953 | AX48: 200.94953 | AY48: 177.22947 | BB48: 177.22947 | BC48: 424.10368 | BF48: 424.10368 | BG48: 203.71732 | BJ48: 203.71732 | BK48: 1006 | BN48: =BN46+BN47 -> 1006 | BP48: =BP12 -> 293 | BQ48: =BQ12 -> 233 | BR48: =BR12 -> 474 | BS48: =BS12 -> 216 | BT48: =BT12 -> 1216 | BV48: =BV12 -> 302 | BW48: =BW12 -> 241 | BX48: =BX12 -> 465 | BY48: =BY12 -> 226 | BZ48: =BZ12 -> 1234
B49: Adjusted profit after tax | D49: 67.381328 | E49: 77.150973 | H49: 77.150973 | I49: 62.481877 | L49: 62.481877 | M49: 156.45478 | P49: 156.45478 | Q49: 61.412371 | T49: 61.412371 | U49: 357.5 | X49: 357.5 | Z49: 81.6 | AC49: 81.6 | AD49: 55.6 | AG49: 55.6 | AH49: 157.1 | AK49: 157.1 | AL49: 27.8 | AO49: 27.8 | AP49: 322.1 | AS49: 322.1 | AU49: 77.859156 | AX49: 77.859156 | AY49: 47.049962 | BB49: 47.049962 | BC49: 190.57242 | BF49: 190.57242 | BG49: -13.8 | BJ49: -13.8 | BK49: 301.68154 | BN49: 301.68154 | BP49: 85 | BQ49: 26 | BR49: 210 | BS49: 15 | BT49: =SUM(BP49:BS49) -> 336 | BV49: 74 | BW49: 39 | BX49: 212 | BY49: -8 | BZ49: 317
B51: Gross margin, Matas ** | D51: =D7/D5 -> 0.44381073 | E51: =E7/E5 -> 0.44365025 | H51: =H7/H5 -> 0.45804666 | I51: =I7/I5 -> 0.44244789 | L51: =L7/L5 -> 0.45629405 | M51: =M7/M5 -> 0.44522635 | P51: =P7/P5 -> 0.44124871 | Q51: =Q7/Q5 -> 0.48248506 | T51: =T7/T5 -> 0.49429039 | U51: =U7/U5 -> 0.45255743 | X51: =X7/X5 -> 0.46042155 | Z51: 0.442 | AC51: 0.45628856 | AD51: 0.448 | AG51: 0.46006874 | AH51: 0.445 | AK51: 0.45960464 | AL51: 0.461 | AO51: 0.47473113 | AP51: =AP7/AP5 -> 0.4486814 | AS51: =AS7/AS5 -> 0.46248403 | AU51: 0.441 | AX51: 0.456 | AY51: 0.44 | BB51: 0.465 | BC51: 0.429 | BF51: 0.443 | BG51: 0.482 | BJ51: 0.504 | BK51: 0.446 | BN51: =(3078-825.5)/(6701-1860.6) -> 0.4653541 | BP51: 0.478 | BQ51: 0.479 | BR51: 0.473 | BS51: 0.512 | BT51: 0.484 | BV51: 0.485 | BW51: 0.483 | BX51: 0.453 | BY51: 0.481 | BZ51: 0.473
B52: Gross margin, KICKS ** | AY52: 0.47 | BB52: 0.47 | BC52: 0.43 | BF52: 0.43 | BG52: 0.455 | BJ52: 0.455 | BK52: 0.444 | BN52: 0.444 | BP52: 0.453 | BQ52: 0.447 | BR52: 0.442 | BS52: 0.418 | BT52: 0.44 | BV52: 0.431 | BW52: 0.425 | BX52: 0.439 | BY52: 0.361 | BZ52: 0.416
B53: Gross margin, Other ** | AU53: 0.436 | AX53: 0.436 | AY53: 0.446 | BB53: 0.446 | BC53: 0.578 | BF53: 0.578 | BG53: 0.424 | BJ53: 0.424 | BK53: 0.472 | BN53: 0.472 | BP53: 0.367 | BQ53: 0.379 | BR53: 0.492 | BS53: 0.335 | BT53: 0.393 | BV53: 0.416 | BW53: 0.414 | BX53: 0.454 | BY53: 0.404 | BZ53: 0.422
B54: Gross margin, Group | D54: =D7/D5 -> 0.44381073 | E54: =E7/E5 -> 0.44365025 | F54: =F7/E5 -> 0.014396408 | G54: =G7/E5 -> 0 | H54: =H7/H5 -> 0.45804666 | I54: =I7/I5 -> 0.44244789 | J54: =J7/I5 -> 0.013846159 | K54: =K7/I5 -> 0 | L54: =L7/L5 -> 0.45629405 | M54: =M7/M5 -> 0.44522635 | N54: =N7/M5 -> 0.010773824 | O54: =O7/M5 -> -0.014751463 | P54: =P7/P5 -> 0.44124871 | Q54: =Q7/Q5 -> 0.48248506 | R54: =R7/Q5 -> 0.011805332 | S54: =S7/Q5 -> 0 | T54: =T7/T5 -> 0.49429039 | U54: =U7/U5 -> 0.45255743 | V54: =V7/U5 -> 0.012544708 | W54: =W7/U5 -> -0.0046805895 | X54: =X7/X5 -> 0.46042155 | Z54: 0.442 | AA54: 0.013858567 | AB54: 0 | AC54: 0.45628856 | AD54: 0.448 | AE54: 0.012333199 | AF54: 0 | AG54: 0.46006874 | AH54: 0.445 | AI54: 0.014897579 | AJ54: 0 | AK54: 0.45960464 | AL54: 0.461 | AM54: 0.013609974 | AN54: 0 | AO54: 0.47473113 | AP54: =AP7/AP5 -> 0.4486814 | AQ54: =AQ7/AP5 -> 0.013802628 | AR54: =AR7/AP5 -> 0 | AS54: =AS7/AS5 -> 0.46248403 | AU54: 0.44008696 | AV54: 0.014 | AW54: 0 | AX54: 0.45408696 | AY54: 0.44546445 | AZ54: 0.01843784 | BA54: 0 | BB54: 0.46390229 | BC54: 0.43680223 | BD54: 0.0078548644 | BE54: 0 | BF54: 0.4446571 | BG54: 0.46813837 | BH54: 0.012403277 | BI54: 0 | BJ54: =BJ7/BJ5 -> 0.48037096 | BK54: =BK7/BK5 -> 0.44724668 | BL54: =BL7/BK5 -> 0.012087748 | BM54: =BM7/BK5 -> 0 | BN54: =BN7/BN5 -> 0.45933443 | BP54: 0.461 | BQ54: 0.46 | BR54: =BR7/BR5 -> 0.46213808 | BS54: 0.464 | BT54: =BT7/BT5 -> 0.46186896 | BV54: =BV7/BV5 -> 0.46046287 | BW54: =BW7/BW5 -> 0.45706941 | BX54: 0.448 | BY54: =BY7/BY5 -> 0.42907622 | BZ54: =BZ7/BZ5 -> 0.44860985
B55: EBITDA margin | D55: =D15/D5 -> 0.18092522 | E55: =E15/E5 -> 0.18182708 | F55: =F15/E5 -> 0 | G55: =G15/E5 -> 0 | H55: =H15/H5 -> 0.18182708 | I55: =I15/I5 -> 0.16736831 | J55: =J15/I5 -> 0 | K55: =K15/I5 -> 0 | L55: =L15/L5 -> 0.16736831 | M55: =M15/M5 -> 0.21829658 | N55: =N15/M5 -> 0 | O55: =O15/M5 -> 0 | P55: =P15/P5 -> 0.21829658 | Q55: =Q15/Q5 -> 0.16484649 | R55: =R15/Q5 -> 0 | S55: =S15/Q5 -> 0 | T55: =T15/T5 -> 0.16484649 | U55: =U15/U5 -> 0.18636343 | V55: =V15/U5 -> 0 | W55: =W15/U5 -> 0 | X55: =X15/X5 -> 0.18636343 | Z55: 0.177 | AA55: 0 | AB55: 0 | AC55: 0.17721879 | AD55: 0.162 | AE55: 0 | AF55: 0 | AG55: 0.16174687 | AH55: 0.212 | AI55: 0 | AJ55: 0 | AK55: 0.21193239 | AL55: 0.154 | AM55: 0 | AN55: 0 | AO55: 0.15380223 | AP55: =AP15/AP5 -> 0.17912509 | AQ55: =AQ15/AP5 -> 0 | AR55: =AR15/AP5 -> 0 | AS55: =AS15/AS5 -> 0.17912509 | AU55: 0.15634783 | AV55: 0 | AW55: 0 | AX55: 0.15634783 | AY55: 0.10743737 | AZ55: 0 | BA55: 0 | BB55: 0.10743737 | BC55: 0.16128389 | BD55: 0 | BE55: 0 | BF55: 0.16128389 | BG55: =BG15/BG5 -> 0.10332271 | BH55: 0.0001706873 | BI55: 0 | BJ55: =BJ15/BJ5 -> 0.10332271 | BK55: =BK15/BK5 -> 0.13490524 | BL55: =BL15/BK5 -> 0 | BM55: =BM15/BK5 -> 0 | BN55: =BN15/BN5 -> 0.13490524 | BP55: =BP46/BP5 -> 0.14110429 | BQ55: 0.12849735 | BR55: =BR15/BR5 -> 0.17557535 | BS55: 0.107 | BT55: =BT15/BT5 -> 0.14190237 | BV55: 0.143 | BW55: 0.118 | BX55: 0.16 | BY55: =BY15/BY5 -> 0.10499748 | BZ55: =BZ15/BZ5 -> 0.13422972
B56: EBITDA margin before special items | D56: =D48/D5 -> 0.18250951 | E56: =E48/E5 -> 0.18182708 | H56: =H12/H5 -> 0.18182708 | I56: =I48/I5 -> 0.17005522 | L56: =L12/L5 -> 0.17005522 | M56: =M48/M5 -> 0.205649 | P56: =P12/P5 -> 0.205649 | Q56: =Q48/Q5 -> 0.17289989 | T56: =T12/T5 -> 0.17289989 | U56: =U48/U5 -> 0.18475208 | X56: =X12/X5 -> 0.18475208 | Z56: 0.182 | AA56: 0 | AB56: 0.0045562411 | AC56: 0.18177504 | AD56: 0.162 | AE56: 0 | AF56: 0 | AG56: 0.16174687 | AH56: 0.212 | AI56: 0 | AJ56: 0 | AK56: 0.21193239 | AL56: 0.154 | AM56: 0 | AN56: 0 | AO56: 0.15380223 | AP56: =AP48/AP5 -> 0.18019423 | AS56: =AS12/AS5 -> 0.18019423 | AU56: 0.17473872 | AV56: 0 | AW56: 0.018390898 | AX56: 0.17473872 | AY56: 0.13787884 | AZ56: 0 | BA56: 0.030441471 | BB56: 0.13787884 | BC56: 0.16910035 | BD56: 0 | BE56: 0.0078164589 | BF56: 0.16910035 | BG56: 0.11607722 | BH56: 0.0001706873 | BI56: 0.012583819 | BJ56: 0.11607722 | BK56: =BK48/BK5 -> 0.15012685 | BN56: =BN12/BN5 -> 0.15012685 | BP56: =BP48/BP5 -> 0.1497955 | BQ56: =BQ48/BQ5 -> 0.1258779 | BR56: =BR48/BR5 -> 0.17594655 | BS56: =BS48/BS5 -> 0.11501597 | BT56: =BT48/BT5 -> 0.14512472 | BV56: 0.145 | BW56: 0.124 | BX56: 0.167 | BY56: =BY48/BY5 -> 0.1140838 | BZ56: =BZ48/BZ5 -> 0.14061076
B58: Number of transactions (in millions), Matas | D58: 4.8513675 | E58: 5.0922074 | H58: 5.0922074 | I58: 5.2135361 | L58: 5.2135361 | M58: 6.6100034 | P58: 6.6100034 | Q58: 5.12 | T58: 5.12 | U58: 22.031956 | X58: 22.031956 | Z58: 5.52 | AC58: 5.52 | AD58: 5.37 | AG58: 5.37 | AH58: 6.76 | AK58: 6.76 | AL58: 5.5 | AO58: 5.5 | AP58: 23.2 | AS58: 23.2 | AU58: 6 | AX58: 6 | AY58: 5.732 | BB58: 5.732 | BC58: 7.162 | BF58: 7.162 | BG58: 5.452 | BJ58: 5.452 | BK58: 24.41 | BN58: 24.41 | BP58: 6.1 | BQ58: 5.9 | BR58: 7.5 | BS58: 5.9 | BT58: =SUM(BP58:BS58) -> 25.4 | BV58: =5.9+0.3 -> 6.2 | BW58: =5.7+0.4 -> 6.1 | BX58: 7.6 | BY58: 5.7 | BZ58: =SUM(BV58:BY58) -> 25.6
B59: Number of transactions (in millions), KICKS | AY59: 0.906 | BB59: 0.906 | BC59: 3.938 | BF59: 3.938 | BG59: 2.748 | BJ59: 2.748 | BK59: 7.529 | BN59: 7.529 | BP59: 2.8 | BQ59: 2.7 | BR59: 4.1 | BS59: 2.8 | BT59: =SUM(BP59:BS59) -> 12.4 | BV59: 3 | BW59: 2.7 | BX59: 3.7 | BY59: 2.8 | BZ59: =SUM(BV59:BY59) -> 12.2
B60: Number of transactions (in millions), Group | D60: 4.8513675 | E60: 5.0922074 | H60: 5.0922074 | I60: 5.2135361 | L60: 5.2135361 | M60: 6.6100034 | P60: 6.6100034 | Q60: 5.12 | T60: 5.12 | U60: 22.031956 | X60: 22.031956 | Z60: 5.52 | AC60: 5.52 | AD60: 5.37 | AG60: 5.37 | AH60: 6.76 | AK60: 6.76 | AL60: 5.5 | AO60: 5.5 | AP60: 23.2 | AS60: 23.2 | AU60: 5.957567 | AX60: 5.957567 | AY60: 6.6384707 | BB60: 6.6384707 | BC60: 11.14892 | BF60: 11.14892 | BG60: 8.1550425 | BJ60: 8.1550425 | BK60: 31.9 | BN60: 31.9 | BP60: =SUM(BP58:BP59) -> 8.9 | BQ60: =SUM(BQ58:BQ59) -> 8.6 | BR60: =SUM(BR58:BR59) -> 11.6 | BS60: =SUM(BS58:BS59) -> 8.7 | BT60: =SUM(BT58:BT59) -> 37.8 | BV60: =SUM(BV58:BV59) -> 9.2 | BW60: =SUM(BW58:BW59) -> 8.8 | BX60: =SUM(BX58:BX59) -> 11.3 | BY60: =SUM(BY58:BY59) -> 8.5 | BZ60: =SUM(BZ58:BZ59) -> 37.8
B62: Average basket size (in DKK), Matas | D62: 194.08107 | E62: 196.41391 | H62: 196.41391 | I62: 181.92865 | L62: 181.92865 | M62: 204.46713 | P62: 204.46713 | Q62: 182.7 | T62: 182.7 | U62: 192.21819 | X62: 192.21819 | Z62: 187 | AC62: 187 | AD62: 179.4 | AG62: 179.4 | AH62: 202.8 | AK62: 202.8 | AL62: 182.3 | AO62: 182.3 | AP62: 188.8 | AS62: 188.8 | AU62: 188.23169 | AX62: 188.23169 | AY62: 181.22 | BB62: 181.22 | BC62: 205.46 | BF62: 205.46 | BG62: 195.7 | BJ62: 195.7 | BK62: 193.69 | BN62: 193.69 | BP62: 199.2 | BQ62: 190.9 | BR62: 214.2 | BS62: 196 | BT62: 201.04 | BV62: 205.33 | BW62: 199.3 | BX62: 222.6 | BY62: 210.4 | BZ62: 210.2
B63: Average basket size (in SEK), KICKS | AY63: 376.3 | BB63: 376.3 | BC63: 391.3 | BF63: 391.3 | BG63: 362 | BJ63: 362 | BK63: 379 | BN63: 379 | BP63: 392 | BQ63: 394.9 | BR63: 399.1 | BS63: 382.09125 | BT63: 389.52507 | BV63: 373 | BW63: 378.8 | BX63: 412.8 | BY63: 378 | BZ63: 387.4
B64: Average basket size (in DKK), Group | D64: 194.08107 | E64: 196.41391 | H64: 196.41391 | I64: 181.92865 | L64: 181.92865 | M64: 204.46713 | P64: 204.46713 | Q64: 182.7 | T64: 182.7 | U64: 192.21819 | X64: 192.21819 | Z64: 187 | AC64: 187 | AD64: 179.4 | AG64: 179.4 | AH64: 202.8 | AK64: 202.8 | AL64: 182.3 | AO64: 182.3 | AP64: 188.8 | AS64: 188.8 | AU64: 188.23169 | AX64: 188.23169 | AY64: 189.24 | BB64: 189.24 | BC64: 222.87696 | BF64: 222.87696 | BG64: 210.6 | BJ64: 210.6 | BK64: 206.3 | BN64: 206.3 | BP64: 216.5 | BQ64: 211.9 | BR64: 229.7 | BS64: 211 | BT64: 218.3 | BV64: 221.6 | BW64: 217.4 | BX64: 241.7 | BY64: 228.3 | BZ64: 228.2
B66: Club members Matas (in millions) | D66: 1.51 | E66: 1.69 | H66: 1.69 | I66: 1.68 | L66: 1.68 | M66: 1.72 | P66: 1.72 | Q66: 1.74 | T66: 1.74 | U66: 1.74 | X66: 1.74 | Z66: 1.77 | AC66: 1.77 | AD66: 1.79 | AG66: 1.79 | AH66: 1.83 | AK66: 1.83 | AL66: 1.87 | AO66: 1.87 | AP66: 1.87 | AS66: 1.87 | AU66: 1.9 | AX66: 1.9 | AY66: 1.921 | BB66: 1.921 | BC66: 2.009 | BF66: 2.009 | BG66: 1.914 | BJ66: 1.914 | BK66: 1.914 | BN66: 1.914 | BP66: 1.965 | BQ66: 2 | BR66: 2.1 | BS66: 2.1 | BT66: =BS66 -> 2.1 | BV66: 2.12 | BW66: 2.1 | BX66: 2.2 | BY66: 2.2 | BZ66: =BY66 -> 2.2
B67: Club members KICKS (in millions) | AU67: 3.485 | AY67: 3.6 | BB67: 3.6 | BC67: 3.712 | BF67: 3.712 | BG67: 3.764 | BJ67: 3.764 | BK67: 3.764 | BN67: 3.764 | BP67: 3.801 | BQ67: 3.8 | BR67: 3.9 | BS67: 4 | BT67: =BS67 -> 4 | BV67: 3.9 | BW67: 4 | BX67: 4 | BY67: 3.8 | BZ67: =BY67 -> 3.8
B68: Club members Group (in millions) | D68: 1.51 | E68: 1.69 | H68: 1.69 | I68: 1.68 | L68: 1.68 | M68: 1.72 | P68: 1.72 | Q68: 1.74 | T68: 1.74 | U68: 1.74 | X68: 1.74 | Z68: 1.77 | AC68: 1.77 | AD68: 1.79 | AG68: 1.79 | AH68: 1.83 | AK68: 1.83 | AL68: 1.87 | AO68: 1.87 | AP68: 1.87 | AS68: 1.87 | AU68: =SUM(AU66:AU67) -> 5.385 | AX68: 1.9 | AY68: 5.521 | BB68: 5.521 | BC68: 5.721 | BF68: 5.721 | BG68: 5.678 | BJ68: 5.678 | BK68: 5.678 | BN68: 5.678 | BP68: =SUM(BP66:BP67) -> 5.766 | BQ68: 5.8 | BR68: =SUM(BR66:BR67) -> 6 | BS68: =SUM(BS66:BS67) -> 6.1 | BT68: =SUM(BT66:BT67) -> 6.1 | BV68: =SUM(BV66:BV67) -> 6.02 | BW68: =SUM(BW66:BW67) -> 6.1 | BX68: =SUM(BX66:BX67) -> 6.2 | BY68: 6 | BZ68: =BY68 -> 6
B69: Club Matas Plus member (in thousands) | D69: 0 | E69: 36.4 | H69: 36.4 | I69: 37.1 | L69: 37.1 | M69: 50.7 | P69: 50.7 | Q69: 52.6 | T69: 52.6 | U69: 52.6 | X69: 52.6 | Z69: 57.8 | AC69: 57.8 | AD69: 60.6 | AG69: 60.6 | AH69: 65.7 | AK69: 65.7 | AL69: 68.9 | AO69: 68.9 | AP69: 68.9 | AS69: 68.9 | AU69: 77.1 | AX69: 77.1 | AY69: 85.7 | BB69: 85.7 | BC69: 94.203 | BF69: 94.203 | BG69: 100.7 | BJ69: 100.7 | BK69: 100.7 | BN69: 100.7 | BP69: 108.2 | BQ69: 111.5 | BR69: 117.9 | BS69: 118.8 | BT69: =BS69 -> 118.8 | BV69: 121.4 | BW69: 110.6 | BX69: 121.4 | BY69: 124.1 | BZ69: =BY69 -> 124.1
B71: Stores, Matas | D71: 264 | E71: 265 | H71: 265 | I71: 263 | L71: 263 | M71: 260 | P71: 260 | Q71: 260 | T71: 260 | U71: 260 | X71: 260 | Z71: 260 | AC71: 260 | AD71: 261 | AG71: 261 | AH71: 262 | AK71: 262 | AL71: 260 | AO71: 260 | AP71: 260 | AS71: 260 | AU71: 261 | AX71: 261 | AY71: 262 | BB71: 262 | BC71: 263 | BF71: 263 | BG71: 264 | BJ71: 264 | BK71: 264 | BN71: 264 | BP71: 265 | BQ71: 266 | BR71: 266 | BS71: 267 | BT71: =BS71 -> 267 | BV71: 265 | BW71: 265 | BX71: 265 | BY71: 264 | BZ71: =BY71 -> 264
B72: Stores, KICKS *** | AY72: 226 | BB72: 226 | BC72: 227 | BF72: 227 | BG72: 227 | BJ72: 227 | BK72: 227 | BN72: 227 | BP72: 229 | BQ72: 230 | BR72: 230 | BS72: 230 | BT72: =BS72 -> 230 | BV72: 229 | BW72: 231 | BX72: 235 | BY72: 236 | BZ72: =BY72 -> 236
B73: Stores, Group | D73: 264 | E73: 265 | H73: 265 | I73: 263 | L73: 263 | M73: 260 | P73: 260 | Q73: 260 | T73: 260 | U73: 260 | X73: 260 | Z73: 260 | AC73: 260 | AD73: 261 | AG73: 261 | AH73: 262 | AK73: 262 | AL73: 260 | AO73: 260 | AP73: 260 | AS73: 260 | AU73: 261 | AX73: 261 | AY73: 488 | BB73: 488 | BC73: 490 | BF73: 490 | BG73: 491 | BJ73: 491 | BK73: 491 | BN73: 491 | BP73: =SUM(BP71:BP72) -> 494 | BQ73: =SUM(BQ71:BQ72) -> 496 | BR73: =SUM(BR71:BR72) -> 496 | BS73: =SUM(BS71:BS72) -> 497 | BT73: =SUM(BT71:BT72) -> 497 | BV73: =SUM(BV71:BV72) -> 494 | BW73: =SUM(BW71:BW72) -> 496 | BX73: =SUM(BX71:BX72) -> 500 | BY73: =SUM(BY71:BY72) -> 500 | BZ73: =SUM(BZ71:BZ72) -> 500
B75: Average number of employees | D75: 2084.44 | E75: 2084.4806 | H75: 2084.4806 | I75: 2162.9457 | L75: 2162.9457 | M75: 2250.1903 | P75: 2250.1903 | Q75: 2164 | T75: 2164 | U75: 2164 | X75: 2164 | Z75: 2071 | AC75: 2071 | AD75: 2140 | AG75: 2140 | AH75: 2215 | AK75: 2215 | AL75: 2072 | AO75: 2072 | AP75: 2124 | AS75: 2124 | AU75: 2054.2479 | AX75: 2054.2479 | AY75: 2619.5127 | BB75: 2619.5127 | BC75: 3614.4 | BF75: 3614.4 | BG75: 3435.8394 | BJ75: 3435.8394 | BK75: 2931 | BN75: 2931 | BP75: 3389 | BQ75: 3468 | BR75: 3734 | BS75: 3450 | BT75: 3504 | BV75: 3347 | BW75: 3311 | BX75: 3564 | BY75: 3330 | BZ75: 3374
M76: * The DKK 20 million adjustment on COGS regarding special items is a non-recurring effect resulting from National Tax Tribunal's decision in the Club Matas VAT case. | U76: * The DKK 20 million adjustment on COGS regarding special items is a non-recurring effect resulting from National Tax Tribunal's decision in the Club Matas VAT case. | BG76: * Q4 includes roundings to full year amounts with no decimals. | BP76: **) The gross profit between the segments has been corrected due to mistakes in internal profit between segments for the periods Q1 2024/25 to Q1 2025/26. | BW76: ***) Number of stores in KICKS pr. 30 June 2025 has been corrected from 230 to 229.

Sheet Matas Proforma Group P&L
B1: MATAS GROUP | D1: Original | E1: Reclas. | F1: Spec. Items | G1: Adjusted | H1: Original | I1: Reclas. | J1: Spec. Items | K1: Adjusted | L1: Original | M1: Reclas. | N1: Spec. Items | O1: Adjusted | P1: Original | Q1: Reclas. | R1: Spec. Items | S1: Adjusted | T1: Original | U1: Reclas. | V1: Spec. Items | W1: Adjusted | Y1: Original | Z1: Reclas. | AA1: Spec. Items | AB1: Adjusted | AC1: Original | AD1: Reclas. | AE1: Spec. Items | AF1: Adjusted | AG1: Original | AH1: Reclas. | AI1: Spec. Items | AJ1: Adjusted | AK1: Original | AL1: Reclas. | AM1: Spec. Items | AN1: Adjusted | AO1: Original | AP1: Reclas. | AQ1: Spec. Items | AR1: Adjusted | AT1: Original | AU1: Reclas. | AV1: Spec. Items | AW1: Adjusted | AX1: Proforma KICKS April, May June | AY1: Proforma Group | AZ1: Original | BA1: Reclas. | BB1: Spec. Items | BC1: Adjusted | BD1: Proforma KICKS July And August | BE1: Proforma Group | BF1: Original | BG1: Reclas. | BH1: Spec. Items | BI1: Adjusted | BJ1: Original | BK1: Reclas. | BL1: Spec. Items | BM1: Adjusted | BN1: Original | BO1: Reclas. | BP1: Spec. Items | BQ1: Adjusted | BR1: Matas Group incl. KICKS proforma
B2: Statement of comprehensive income for the year ended 31 March | D2: 2021/22 | H2: =D2 -> 2021/22 | L2: =H2 -> 2021/22 | P2: =L2 -> 2021/22 | T2: =P2 -> 2021/22 | Y2: 2022/23 | AC2: =Y2 -> 2022/23 | AG2: =AC2 -> 2022/23 | AK2: =AG2 -> 2022/23 | AO2: =AK2 -> 2022/23 | AT2: 2023/24 | AX2: 2023/24 | AZ2: =AT2 -> 2023/24 | BD2: 2023/24 | BF2: =AZ2 -> 2023/24 | BJ2: =BF2 -> 2023/24 | BN2: =BJ2 -> 2023/24 | BR2: =BN2 -> 2023/24 | BT2: 2024/25 | BU2: =BT2 -> 2024/25 | BV2: =BU2 -> 2024/25 | BW2: =BV2 -> 2024/25 | BX2: =BW2 -> 2024/25 | BZ2: 2025/26 | CA2: =BZ2 -> 2025/26 | CB2: =CA2 -> 2025/26 | CC2: =CB2 -> 2025/26 | CD2: =CC2 -> 2025/26
B3: DKK million | D3: Q1 | H3: Q2 | L3: Q3 * | P3: Q4 | T3: FY * | Y3: Q1 | AC3: Q2 | AG3: Q3 | AK3: Q4 | AO3: FY | AT3: Q1 | AX3: Q1 | AZ3: Q2 | BD3: Q2 | BF3: Q3 | BJ3: Q4 * | BN3: FY | BR3: =BN3 -> FY | BT3: Q1 | BU3: Q2 | BV3: Q3 | BW3: Q4 | BX3: FY | BZ3: Q1 | CA3: Q2 | CB3: Q3 | CC3: Q4 | CD3: FY
B5: Revenue | D5: 1021.3 | G5: =SUM(D5:F5) -> 1021.3 | H5: 973.9 | K5: =SUM(H5:J5) -> 973.9 | L5: 1378.4 | O5: =SUM(L5:N5) -> 1378.4 | P5: 970.6 | S5: =SUM(P5:R5) -> 970.6 | T5: 4344.2 | W5: =SUM(T5:V5) -> 4344.2 | Y5: 1053.5 | AB5: =SUM(Y5:AA5) -> 1053.5 | AC5: 989.2 | AF5: =SUM(AC5:AE5) -> 989.2 | AG5: 1396.2 | AJ5: =SUM(AG5:AI5) -> 1396.2 | AK5: 1050.7 | AN5: =SUM(AK5:AM5) -> 1050.7 | AO5: 4489.6 | AR5: =SUM(AO5:AQ5) -> 4489.6 | AT5: 1150 | AW5: 1150 | AX5: 691.28017 | AY5: 1841.2802 | AZ5: 1285.4 | BC5: 1285.4 | BD5: 441.6168 | BE5: 1727.0168 | BF5: 2508 | BI5: 2508 | BJ5: =BN5-AT5-AZ5-BF5 -> 1757.6 | BM5: =SUM(BJ5:BL5) -> 1757.6 | BN5: 6701 | BQ5: =SUM(BN5:BP5) -> 6701 | BR5: =AY5+BE5+BI5+BM5 -> 7833.897 | BT5: ='Matas Group P&L and KPIs'!BP5 -> 1956 | BU5: ='Matas Group P&L and KPIs'!BQ5 -> 1851 | BV5: ='Matas Group P&L and KPIs'!BR5 -> 2694 | BW5: ='Matas Group P&L and KPIs'!BS5 -> 1878 | BX5: =SUM(BT5:BW5) -> 8379 | BZ5: ='Matas Group P&L and KPIs'!BV5 -> 2074 | CA5: ='Matas Group P&L and KPIs'!BW5 -> 1945 | CB5: ='Matas Group P&L and KPIs'!BX5 -> 2776 | CC5: ='Matas Group P&L and KPIs'!BY5 -> 1981 | CD5: =SUM(BZ5:CC5) -> 8776
B6: Cost of goods sold | D6: -568.2 | E6: 14.703052 | G6: =SUM(D6:F6) -> -553.49695 | H6: -543 | I6: 13.484774 | K6: =SUM(H6:J6) -> -529.51523 | L6: -764.7 | M6: 14.850639 | N6: -20.333417 | O6: =SUM(L6:N6) -> -770.18278 | P6: -502.3 | Q6: 11.458255 | S6: =SUM(P6:R6) -> -490.84174 | T6: -2378.2 | U6: 54.49672 | V6: -20.333417 | W6: =SUM(T6:V6) -> -2344.0367 | Y6: -587.4 | Z6: 14.6 | AB6: =SUM(Y6:AA6) -> -572.8 | AC6: -546.3 | AD6: 12.2 | AF6: =SUM(AC6:AE6) -> -534.1 | AG6: -775.3 | AH6: 20.8 | AJ6: =SUM(AG6:AI6) -> -754.5 | AK6: -566.2 | AL6: 14.3 | AN6: =SUM(AK6:AM6) -> -551.9 | AO6: -2475.2 | AP6: 61.96828 | AR6: =SUM(AO6:AQ6) -> -2413.2317 | AT6: -643.9 | AU6: 16.1 | AW6: -627.8 | AX6: -374.15765 | AY6: -1001.9576 | AZ6: -712.8 | BA6: 23.7 | BC6: -689.1 | BD6: -246.891 | BE6: -935.991 | BF6: -1412.5 | BG6: 19.7 | BI6: -1392.8 | BJ6: =BN6-AT6-AZ6-BF6 -> -934.8 | BK6: =BO6-AU6-BA6-BG6 -> 21.5 | BM6: =SUM(BJ6:BL6) -> -913.3 | BN6: -3704 | BO6: 81 | BQ6: =SUM(BN6:BP6) -> -3623 | BR6: =AY6+BE6+BI6+BM6 -> -4244.0486 | BT6: ='Matas Group P&L and KPIs'!BP6 -> -1053 | BU6: ='Matas Group P&L and KPIs'!BQ6 -> -999 | BV6: ='Matas Group P&L and KPIs'!BR6 -> -1449 | BW6: ='Matas Group P&L and KPIs'!BS6 -> -1008 | BX6: =SUM(BT6:BW6) -> -4509 | BZ6: ='Matas Group P&L and KPIs'!BV6 -> -1119 | CA6: ='Matas Group P&L and KPIs'!BW6 -> -1056 | CB6: ='Matas Group P&L and KPIs'!BX6 -> -1533 | CC6: ='Matas Group P&L and KPIs'!BY6 -> -1131 | CD6: =SUM(BZ6:CC6) -> -4839
B7: Gross profit | D7: =SUM(D5:D6) -> 453.1 | E7: =SUM(E5:E6) -> 14.703052 | F7: =SUM(F5:F6) -> 0 | G7: =SUM(G5:G6) -> 467.80305 | H7: =SUM(H5:H6) -> 430.9 | I7: =SUM(I5:I6) -> 13.484774 | J7: =SUM(J5:J6) -> 0 | K7: =SUM(K5:K6) -> 444.38477 | ... W7: =SUM(W5:W6) -> 2000.1633 | Y7: 466.1 | Z7: 14.6 | AA7: 0 | AB7: =SUM(AB5:AB6) -> 480.7 | AC7: 442.9 | AD7: 12.2 | AE7: 0 | AF7: =SUM(AF5:AF6) -> 455.1 | AG7: 620.9 | AH7: 20.8 | AI7: 0 | AJ7: =SUM(AJ5:AJ6) -> 641.7 | AK7: 484.5 | AL7: 14.3 | AM7: 0 | AN7: =SUM(AN5:AN6) -> 498.8 | AO7: =SUM(AO5:AO6) -> 2014.4 | AP7: =SUM(AP5:AP6) -> 61.96828 | AQ7: =SUM(AQ5:AQ6) -> 0 | AR7: =SUM(AR5:AR6) -> 2076.3683 | AT7: 506.1 | AU7: 16.1 | AV7: 0 | AW7: 522.2 | AX7: 317.12253 | AY7: 839.32253 | AZ7: 572.6 | BA7: 23.7 | BB7: 0 | BC7: 596.3 | BD7: 194.7258 | BE7: 791.0258 | BF7: 1095.5 | BG7: 19.7 | BH7: 0 | BI7: 1115.2 | BJ7: =BJ5+BJ6 -> 822.8 | BK7: =BK5+BK6 -> 21.5 | BL7: =BL5+BL6 -> 0 | BM7: =BM5+BM6 -> 844.3 | BN7: =SUM(BN5:BN6) -> 2997 | BO7: =SUM(BO5:BO6) -> 81 | BP7: =SUM(BP5:BP6) -> 0 | BQ7: =SUM(BQ5:BQ6) -> 3078 | BR7: =SUM(BR5:BR6) -> 3589.8483 | BT7: =SUM(BT5:BT6) -> 903 | BU7: =SUM(BU5:BU6) -> 852 | BV7: =SUM(BV5:BV6) -> 1245 | BW7: =SUM(BW5:BW6) -> 870 | BX7: =SUM(BX5:BX6) -> 3870 | BZ7: =SUM(BZ5:BZ6) -> 955 | CA7: =SUM(CA5:CA6) -> 889 | CB7: =SUM(CB5:CB6) -> 1243 | CC7: =SUM(CC5:CC6) -> 850 | CD7: =SUM(CD5:CD6) -> 3937
B9: Other external costs | D9: -68.5 | E9: =-E6 -> -14.703052 | G9: =SUM(D9:F9) -> -83.203052 | H9: -69.2 | I9: =-I6 -> -13.484774 | K9: =SUM(H9:J9) -> -82.684774 | L9: -98.3 | M9: =-M6 -> -14.850639 | N9: 2.9 | O9: =SUM(L9:N9) -> -110.25064 | P9: -96.3 | Q9: =-Q6 -> -11.458255 | R9: 0.4 | S9: =SUM(P9:R9) -> -107.35825 | T9: -332.3 | U9: =-U6 -> -54.49672 | V9: 3.3 | W9: =SUM(T9:V9) -> -383.49672 | Y9: -77.5 | Z9: -16.8 | AA9: 4.8 | AB9: =SUM(Y9:AA9) -> -89.5 | AC9: -86.4 | AD9: -13.4 | AF9: =SUM(AC9:AE9) -> -99.8 | AG9: -105.3 | AH9: -19.2 | AJ9: =SUM(AG9:AI9) -> -124.5 | AK9: -115.7 | AL9: -15.4 | AN9: =SUM(AK9:AM9) -> -131.1 | AO9: -384.9 | AP9: =-AP6-AP11 -> -64.853858 | AQ9: 4.8 | AR9: =SUM(AO9:AQ9) -> -444.95386 | AT9: -111.4 | AU9: -17.1 | AV9: 21.149533 | AW9: -107.35047 | AX9: -94.702914 | AY9: -202.05338 | AZ9: -152.2 | BA9: -25 | BB9: 27.1 | BC9: -150.1 | BD9: -65.2592 | BE9: -215.3592 | BF9: -274.4 | BG9: -22.1 | BH9: 17 | BI9: -279.5 | BJ9: =BN9-AT9-AZ9-BF9 -> -248 | BK9: =BO9-AU9-BA9-BG9 -> -20.8 | BL9: =BP9-AV9-BB9-BH9 -> 13.750467 | BM9: =SUM(BJ9:BL9) -> -255.04953 | BN9: -786 | BO9: -85 | BP9: 79 | BQ9: =SUM(BN9:BP9) -> -792 | BR9: =AY9+BE9+BI9+BM9 -> -951.96211 | BT9: ='Matas Group P&L and KPIs'!BP9 -> -216 | BU9: ='Matas Group P&L and KPIs'!BQ9 -> -235 | BV9: ='Matas Group P&L and KPIs'!BR9 -> -325 | BW9: ='Matas Group P&L and KPIs'!BS9 -> -245 | BX9: =SUM(BT9:BW9) -> -1021 | BZ9: ='Matas Group P&L and KPIs'!BV9 -> -237 | CA9: ='Matas Group P&L and KPIs'!BW9 -> -249 | CB9: ='Matas Group P&L and KPIs'!BX9 -> -347 | CC9: ='Matas Group P&L and KPIs'!BY9 -> -248 | CD9: =SUM(BZ9:CC9) -> -1081
B10: Staff costs | D10: -198.9 | G10: =SUM(D10:F10) -> -198.9 | H10: -198.7 | J10: 2.616782 | K10: =SUM(H10:J10) -> -196.08322 | L10: -214.5 | O10: =SUM(L10:N10) -> -214.5 | P10: -212 | R10: 7.416635 | S10: =SUM(P10:R10) -> -204.58336 | T10: -824.1 | V10: 10.033417 | W10: =SUM(T10:V10) -> -814.06658 | Y10: -201.9 | AB10: =SUM(Y10:AA10) -> -201.9 | AC10: -196.5 | AF10: =SUM(AC10:AE10) -> -196.5 | AG10: -219.7 | AJ10: =SUM(AG10:AI10) -> -219.7 | AK10: -207.2 | AN10: =SUM(AK10:AM10) -> -207.2 | AO10: -825.3 | AR10: =SUM(AO10:AQ10) -> -825.3 | AT10: -214.9 | AW10: -214.9 | AX10: -157.19917 | AY10: -372.09917 | AZ10: -282.3 | BA10: -1.2 | BB10: 12.029467 | BC10: -271.47053 | BD10: -90.3213 | BE10: -361.79183 | BF10: -416.6 | BG10: -3.6 | BH10: 2.603679 | BI10: -417.59632 | BJ10: =BN10-AT10-AZ10-BF10 -> -418.2 | BK10: =BO10-AU10-BA10-BG10 -> 4.8 | BL10: =BP10-AV10-BB10-BH10 -> 18.366854 | BM10: =SUM(BJ10:BL10) -> -395.03315 | BN10: -1332 | BP10: 33 | BQ10: =SUM(BN10:BP10) -> -1299 | BR10: =AY10+BE10+BI10+BM10 -> -1546.5205 | BT10: ='Matas Group P&L and KPIs'!BP10 -> -399 | BU10: ='Matas Group P&L and KPIs'!BQ10 -> -389 | BV10: ='Matas Group P&L and KPIs'!BR10 -> -451 | BW10: ='Matas Group P&L and KPIs'!BS10 -> -415 | BX10: =SUM(BT10:BW10) -> -1654 | BZ10: ='Matas Group P&L and KPIs'!BV10 -> -422 | CA10: ='Matas Group P&L and KPIs'!BW10 -> -404 | CB10: ='Matas Group P&L and KPIs'!BX10 -> -439 | CC10: ='Matas Group P&L and KPIs'!BY10 -> -381 | CD10: =SUM(BZ10:CC10) -> -1646
B11: Other operating income and expenses, net | G11: =SUM(D11:F11) -> 0 | K11: =SUM(H11:J11) -> 0 | O11: =SUM(L11:N11) -> 0 | S11: =SUM(P11:R11) -> 0 | W11: =SUM(T11:V11) -> 0 | Z11: 2.2 | AB11: =SUM(Y11:AA11) -> 2.2 | AD11: 1.2 | AF11: =SUM(AC11:AE11) -> 1.2 | AH11: -1.6 | AJ11: =SUM(AG11:AI11) -> -1.6 | AL11: 1.1 | AN11: =SUM(AK11:AM11) -> 1.1 | AP11: 2.885578 | AR11: =SUM(AO11:AQ11) -> 2.885578 | AU11: 1 | AW11: 1 | AX11: 3.6567987 | AY11: 4.6567987 | BA11: 2.5 | BC11: 2.5 | BD11: 2.2712 | BE11: 4.7712 | BG11: 6 | BI11: 6 | BJ11: =BN11-AT11-AZ11-BF11 -> 25 | BK11: =BO11-AU11-BA11-BG11 -> -5.5 | BL11: =BP11-AV11-BB11-BH11 -> -10 | BM11: =SUM(BJ11:BL11) -> 9.5 | BN11: 25 | BO11: 4 | BP11: -10 | BQ11: =SUM(BN11:BP11) -> 19 | BR11: =AY11+BE11+BI11+BM11 -> 24.927999 | BT11: ='Matas Group P&L and KPIs'!BP11 -> 5 | BU11: ='Matas Group P&L and KPIs'!BQ11 -> 5 | BV11: ='Matas Group P&L and KPIs'!BR11 -> 5 | BW11: ='Matas Group P&L and KPIs'!BS11 -> 6 | BX11: =SUM(BT11:BW11) -> 21 | BZ11: ='Matas Group P&L and KPIs'!BV11 -> 6 | CA11: ='Matas Group P&L and KPIs'!BW11 -> 5 | CB11: ='Matas Group P&L and KPIs'!BX11 -> 8 | CC11: ='Matas Group P&L and KPIs'!BY11 -> 5 | CD11: =SUM(BZ11:CC11) -> 24
B12: EBITDA before special items | E12: =SUM(E7:E11) -> 0 | F12: =SUM(F7:F11) -> 0 | G12: =SUM(G7:G11) -> 185.7 | I12: =SUM(I7:I11) -> 0 | J12: =SUM(J7:J11) -> 2.616782 | K12: =SUM(K7:K11) -> 165.61678 | M12: =SUM(M7:M11) -> 0 | N12: =SUM(N7:N11) -> -17.433417 | O12: =SUM(O7:O11) -> 283.46658 | Q12: =SUM(Q7:Q11) -> 0 | R12: =SUM(R7:R11) -> 7.816635 | S12: =SUM(S7:S11) -> 167.81664 | U12: =SUM(U7:U11) -> 0 | V12: =SUM(V7:V11) -> -7 | W12: =SUM(W7:W11) -> 802.6 | Z12: 0 | AA12: 4.8 | AB12: =SUM(AB7:AB11) -> 191.5 | AD12: 0 | AE12: 0 | AF12: =SUM(AF7:AF11) -> 160 | AH12: 0 | AI12: 0 | AJ12: =SUM(AJ7:AJ11) -> 295.9 | AL12: 0 | AM12: 0 | AN12: =SUM(AN7:AN11) -> 161.6 | AP12: 0 | AQ12: 4.8 | AR12: =SUM(AR7:AR11) -> 809 | AU12: 0 | AV12: 21.149533 | AW12: 200.94953 | AX12: 68.877241 | AY12: 269.82677 | BA12: 0 | BB12: 39.129467 | BC12: 177.22947 | BD12: 41.4165 | BE12: 218.64597 | BF12: 404.5 | BG12: 0 | BH12: 19.603679 | BI12: 424.10368 | BK12: =SUM(BK7:BK11) -> 0 | BL12: =SUM(BL7:BL11) -> 22.117321 | BM12: =SUM(BM7:BM11) -> 203.71732 | BO12: 0 | BP12: 102 | BQ12: =SUM(BQ7:BQ11) -> 1006 | BR12: =SUM(BR7:BR11) -> 1116.2937 | BT12: =SUM(BT7:BT11) -> 293 | BU12: =SUM(BU7:BU11) -> 233 | BV12: =SUM(BV7:BV11) -> 474 | BW12: =SUM(BW7:BW11) -> 216 | BX12: =SUM(BX7:BX11) -> 1216 | BZ12: =SUM(BZ7:BZ11) -> 302 | CA12: =SUM(CA7:CA11) -> 241 | CB12: =SUM(CB7:CB11) -> 465 | CC12: =SUM(CC7:CC11) -> 226 | CD12: =SUM(CD7:CD11) -> 1234
B14: Special items | F14: 0 | G14: =SUM(D14:F14) -> 0 | J14: -2.616782 | K14: =SUM(H14:J14) -> -2.616782 | N14: 17.433417 | O14: =SUM(L14:N14) -> 17.433417 | R14: -7.816635 | S14: =SUM(P14:R14) -> -7.816635 | V14: 7 | W14: =SUM(T14:V14) -> 7 | AA14: -4.8 | AB14: =SUM(Y14:AA14) -> -4.8 | AE14: 0 | AF14: =SUM(AC14:AE14) -> 0 | AI14: 0 | AJ14: =SUM(AG14:AI14) -> 0 | AM14: 0 | AN14: =SUM(AK14:AM14) -> 0 | AQ14: -4.8 | AR14: =SUM(AO14:AQ14) -> -4.8 | AV14: -21.149533 | AW14: -21.149533 | AY14: -21.149533 | BB14: -39.129467 | BC14: -39.129467 | BE14: -39.129467 | BF14: 0 | BH14: -19.603679 | BI14: -19.603679 | BK14: 0 | BL14: =BP14-AV14-BB14-BH14 -> -22.117321 | BM14: =SUM(BJ14:BL14) -> -22.117321 | BP14: -102 | BQ14: =SUM(BN14:BP14) -> -102 | BR14: =AY14+BE14+BI14+BM14 -> -102 | BT14: ='Matas Group P&L and KPIs'!BP14 -> -17 | BU14: ='Matas Group P&L and KPIs'!BQ14 -> 5 | BV14: ='Matas Group P&L and KPIs'!BR14 -> -1 | BW14: ='Matas Group P&L and KPIs'!BS14 -> -14 | BX14: =SUM(BT14:BW14) -> -27 | BZ14: ='Matas Group P&L and KPIs'!BV14 -> -5 | CA14: ='Matas Group P&L and KPIs'!BW14 -> -11 | CB14: ='Matas Group P&L and KPIs'!BX14 -> -22 | CC14: ='Matas Group P&L and KPIs'!BY14 -> -18 | CD14: =SUM(BZ14:CC14) -> -56
B15: EBITDA | D15: =SUM(D7:D11) -> 185.7 | E15: =SUM(E12:E14) -> 0 | F15: =SUM(F12:F14) -> 0 | G15: =SUM(G12:G14) -> 185.7 | H15: =SUM(H7:H11) -> 163 | I15: =SUM(I12:I14) -> 0 | J15: =SUM(J12:J14) -> 0 | K15: =SUM(K12:K14) -> 163 | L15: =SUM(L7:L11) -> 300.9 | M15: =SUM(M12:M14) -> 0 | N15: =SUM(N12:N14) -> 0 | O15: =SUM(O12:O14) -> 300.9 | P15: =SUM(P7:P11) -> 160 | Q15: =SUM(Q12:Q14) -> 0 | R15: =SUM(R12:R14) -> 0 | S15: =SUM(S12:S14) -> 160 | T15: =SUM(T7:T11) -> 809.6 | U15: =SUM(U12:U14) -> 0 | V15: =SUM(V12:V14) -> 0 | W15: =SUM(W12:W14) -> 809.6 | Y15: 186.7 | Z15: 0 | AA15: 0 | AB15: =SUM(AB12:AB14) -> 186.7 | AC15: 160 | AD15: 0 | AE15: 0 | AF15: =SUM(AF12:AF14) -> 160 | AG15: 295.9 | AH15: 0 | AI15: 0 | AJ15: =SUM(AJ12:AJ14) -> 295.9 | AK15: 161.6 | AL15: 0 | AM15: 0 | AN15: =SUM(AN12:AN14) -> 161.6 | AO15: 804.2 | AP15: 0 | AQ15: 0 | AR15: =SUM(AR12:AR14) -> 804.2 | AT15: 179.8 | AU15: 0 | AV15: 0 | AW15: 179.8 | AX15: 68.877241 | AY15: 248.67724 | AZ15: 138.1 | BA15: 0 | BB15: 0 | BC15: 138.1 | BD15: 41.4165 | BE15: 179.5165 | BF15: 404.5 | BG15: 0 | BH15: 0 | BI15: 404.5 | BJ15: =SUM(BJ7:BJ14) -> 181.6 | BK15: =SUM(BK12:BK14) -> 0 | BL15: =SUM(BL12:BL14) -> 0 | BM15: =SUM(BM12:BM14) -> 181.6 | BN15: 904 | BO15: 0 | BP15: 0 | BQ15: =SUM(BQ12:BQ14) -> 904 | BR15: =SUM(BR12:BR14) -> 1014.2937 | BT15: =SUM(BT12:BT14) -> 276 | BU15: =SUM(BU12:BU14) -> 238 | BV15: =SUM(BV12:BV14) -> 473 | BW15: =SUM(BW12:BW14) -> 202 | BX15: =SUM(BX12:BX14) -> 1189 | BZ15: =SUM(BZ12:BZ14) -> 297 | CA15: =SUM(CA12:CA14) -> 230 | CB15: =SUM(CB12:CB14) -> 443 | CC15: =SUM(CC12:CC14) -> 208 | CD15: =SUM(CD12:CD14) -> 1178
B17: Depreciation, amortisation and impairment | D17: -107.7 | G17: =SUM(D17:F17) -> -107.7 | H17: -106.3 | K17: =SUM(H17:J17) -> -106.3 | L17: -107.2 | O17: =SUM(L17:N17) -> -107.2 | P17: 113.9 | S17: =SUM(P17:R17) -> 113.9 | T17: -421.3 | W17: =SUM(T17:V17) -> -421.3 | Y17: -89.1 | AB17: =SUM(Y17:AA17) -> -89.1 | AC17: -86.7 | AF17: =SUM(AC17:AE17) -> -86.7 | AG17: -94.5 | AJ17: =SUM(AG17:AI17) -> -94.5 | AK17: -110.9 | AN17: =SUM(AK17:AM17) -> -110.9 | AO17: -381.1 | AR17: =SUM(AO17:AQ17) -> -381.1 | AT17: -91.1 | AW17: -91.1 | AX17: -64.216661 | AY17: -155.31666 | AZ17: -113.1 | BC17: -113.1 | BD17: -42.5691 | BE17: -155.6691 | BF17: -155.1 | BI17: -155.1 | BJ17: =BN17-AT17-AZ17-BF17 -> -165.7 | BM17: =SUM(BJ17:BL17) -> -165.7 | BN17: -525 | BQ17: =SUM(BN17:BP17) -> -525 | BR17: =AY17+BE17+BI17+BM17 -> -631.78576 | BT17: ='Matas Group P&L and KPIs'!BP17 -> -158 | BU17: ='Matas Group P&L and KPIs'!BQ17 -> -157 | BV17: ='Matas Group P&L and KPIs'!BR17 -> -156 | BW17: ='Matas Group P&L and KPIs'!BS17 -> -153 | BX17: =SUM(BT17:BW17) -> -624 | BZ17: ='Matas Group P&L and KPIs'!BV17 -> -161 | CA17: ='Matas Group P&L and KPIs'!BW17 -> -160 | CB17: ='Matas Group P&L and KPIs'!BX17 -> -166 | CC17: ='Matas Group P&L and KPIs'!BY17 -> -177 | CD17: =SUM(BZ17:CC17) -> -664
B18: Operating profit/EBIT | D18: =SUM(D15:D17) -> 78 | E18: =SUM(E15:E17) -> 0 | F18: =SUM(F15:F17) -> 0 | G18: =SUM(G15:G17) -> 78 | H18: =SUM(H15:H17) -> 56.7 | I18: =SUM(I15:I17) -> 0 | J18: =SUM(J15:J17) -> 0 | K18: =SUM(K15:K17) -> 56.7 | ... W18: =SUM(W15:W17) -> 388.3 | Y18: 97.6 | Z18: 0 | AA18: 0 | AB18: =SUM(AB15:AB17) -> 97.6 | AC18: 73.3 | AD18: 0 | AE18: 0 | AF18: =SUM(AF15:AF17) -> 73.3 | AG18: 201.4 | AH18: 0 | AI18: 0 | AJ18: =SUM(AJ15:AJ17) -> 201.4 | AK18: 50.7 | AL18: 0 | AM18: 0 | AN18: =SUM(AN15:AN17) -> 50.7 | AO18: 423.1 | AP18: 0 | AQ18: 0 | AR18: =SUM(AR15:AR17) -> 423.1 | AT18: 88.7 | AU18: 0 | AV18: 0 | AW18: 88.7 | AX18: 4.6605792 | AY18: 93.360579 | AZ18: 25 | BA18: 0 | BB18: 0 | BC18: 25 | BD18: -1.1526 | BE18: 23.8474 | BF18: 249.4 | BG18: 0 | BH18: 0 | BI18: 249.4 | BJ18: =SUM(BJ15:BJ17) -> 15.9 | BK18: =SUM(BK15:BK17) -> 0 | BL18: =SUM(BL15:BL17) -> 0 | BM18: =SUM(BM15:BM17) -> 15.9 | BN18: 379 | BO18: 0 | BP18: 0 | BQ18: =SUM(BQ15:BQ17) -> 379 | BR18: =SUM(BR15:BR17) -> 382.50798 | BT18: =SUM(BT15:BT17) -> 118 | BU18: =SUM(BU15:BU17) -> 81 | BV18: =SUM(BV15:BV17) -> 317 | BW18: =SUM(BW15:BW17) -> 49 | BX18: =SUM(BX15:BX17) -> 565 | BZ18: =SUM(BZ15:BZ17) -> 136 | CA18: =SUM(CA15:CA17) -> 70 | CB18: =SUM(CB15:CB17) -> 277 | CC18: =SUM(CC15:CC17) -> 31 | CD18: =SUM(CD15:CD17) -> 514
B20: Share of profit in ass. Companies | D20: -0.05711 | G20: =SUM(D20:F20) -> -0.05711 | H20: -0.119804 | K20: =SUM(H20:J20) -> -0.119804 | L20: -0.029766 | O20: =SUM(L20:N20) -> -0.029766 | P20: -4.216406 | S20: =SUM(P20:R20) -> -4.216406 | T20: -4.6 | W20: =SUM(T20:V20) -> -4.6 | Y20: 0.2 | AB20: =SUM(Y20:AA20) -> 0.2 | AC20: -5.3 | AF20: =SUM(AC20:AE20) -> -5.3 | AG20: 0.2 | AJ20: =SUM(AG20:AI20) -> 0.2 | AK20: 0 | AN20: =SUM(AK20:AM20) -> 0 | AO20: -4.9 | AR20: =SUM(AO20:AQ20) -> -4.9 | AT20: 0.1 | AW20: 0.1 | AY20: 0.1 | AZ20: 0.124336 | BC20: 0.124336 | BE20: 0.124336 | BF20: 0.192198 | BI20: 0.192198 | BJ20: =BN20-AT20-AZ20-BF20 -> 0.583466 | BM20: =SUM(BJ20:BL20) -> 0.583466 | BN20: 1 | BQ20: =SUM(BN20:BP20) -> 1 | BR20: =AY20+BE20+BI20+BM20 -> 1 | BT20: ='Matas Group P&L and KPIs'!BP20 -> 0 | BU20: ='Matas Group P&L and KPIs'!BQ20 -> 0 | BV20: ='Matas Group P&L and KPIs'!BR20 -> 0 | BW20: ='Matas Group P&L and KPIs'!BS20 -> 1 | BX20: =SUM(BT20:BW20) -> 1 | BZ20: ='Matas Group P&L and KPIs'!BV20 -> 0 | CA20: ='Matas Group P&L and KPIs'!BW20 -> 0 | CB20: ='Matas Group P&L and KPIs'!BX20 -> 0 | CC20: ='Matas Group P&L and KPIs'!BY20 -> 1 | CD20: =SUM(BZ20:CC20) -> 1
B21: Financial income | D21: 0.015643 | G21: =SUM(D21:F21) -> 0.015643 | H21: 0.024891 | K21: =SUM(H21:J21) -> 0.024891 | L21: 5.11471 | O21: =SUM(L21:N21) -> 5.11471 | P21: 0.104222 | S21: =SUM(P21:R21) -> 0.104222 | T21: 5.3 | W21: =SUM(T21:V21) -> 5.3 | Y21: 0 | AB21: =SUM(Y21:AA21) -> 0 | AC21: 0 | AF21: =SUM(AC21:AE21) -> 0 | AG21: 0.1 | AJ21: =SUM(AG21:AI21) -> 0.1 | AK21: 0.3 | AN21: =SUM(AK21:AM21) -> 0.3 | AO21: 0.5 | AR21: =SUM(AO21:AQ21) -> 0.5 | AT21: 0 | AW21: 0 | AY21: 0 | AZ21: 2.651862 | BC21: 2.651862 | BE21: 2.651862 | BF21: 4.896197 | BI21: 4.896197 | BJ21: =BN21-AT21-AZ21-BF21 -> 4.451941 | BM21: =SUM(BJ21:BL21) -> 4.451941 | BN21: 12 | BQ21: =SUM(BN21:BP21) -> 12 | BR21: =AY21+BE21+BI21+BM21 -> 12 | BT21: ='Matas Group P&L and KPIs'!BP21 -> 2 | BU21: ='Matas Group P&L and KPIs'!BQ21 -> 0 | BV21: ='Matas Group P&L and KPIs'!BR21 -> 0 | BW21: ='Matas Group P&L and KPIs'!BS21 -> -1 | BX21: =SUM(BT21:BW21) -> 1 | BZ21: ='Matas Group P&L and KPIs'!BV21 -> 0 | CA21: ='Matas Group P&L and KPIs'!BW21 -> 1 | CB21: ='Matas Group P&L and KPIs'!BX21 -> 0 | CC21: ='Matas Group P&L and KPIs'!BY21 -> 4 | CD21: =SUM(BZ21:CC21) -> 5
B22: Financial expenses | D22: -10.5 | G22: =SUM(D22:F22) -> -10.5 | H22: -10.2 | K22: =SUM(H22:J22) -> -10.2 | L22: -9.3 | O22: =SUM(L22:N22) -> -9.3 | P22: 12.8 | S22: =SUM(P22:R22) -> 12.8 | T22: -37.9 | W22: =SUM(T22:V22) -> -37.9 | Y22: -9.2 | AB22: =SUM(Y22:AA22) -> -9.2 | AC22: -8 | AF22: =SUM(AC22:AE22) -> -8 | AG22: -12.9 | AJ22: =SUM(AG22:AI22) -> -12.9 | AK22: -15.8 | AN22: =SUM(AK22:AM22) -> -15.8 | AO22: -45.9 | AR22: =SUM(AO22:AQ22) -> -45.9 | AT22: -23.4 | AW22: -23.4 | AX22: -12.52565 | AY22: -35.92565 | AZ22: -24.2 | BC22: -24.2 | BD22: -5.0214 | BE22: -29.2214 | BF22: -34.4 | BI22: -34.4 | BJ22: =BN22-AT22-AZ22-BF22 -> -62 | BM22: =SUM(BJ22:BL22) -> -62 | BN22: -144 | BQ22: =SUM(BN22:BP22) -> -144 | BR22: =AY22+BE22+BI22+BM22 -> -161.54705 | BT22: ='Matas Group P&L and KPIs'!BP22 -> -44 | BU22: ='Matas Group P&L and KPIs'!BQ22 -> -50 | BV22: ='Matas Group P&L and KPIs'!BR22 -> -51 | BW22: ='Matas Group P&L and KPIs'!BS22 -> -38 | BX22: =SUM(BT22:BW22) -> -183 | BZ22: ='Matas Group P&L and KPIs'!BV22 -> -54 | CA22: ='Matas Group P&L and KPIs'!BW22 -> -40 | CB22: ='Matas Group P&L and KPIs'!BX22 -> -38 | CC22: ='Matas Group P&L and KPIs'!BY22 -> -36 | CD22: =SUM(BZ22:CC22) -> -168
B23: Net financials | D23: -10.541467 | E23: 0 | F23: 0 | G23: =SUM(G20:G22) -> -10.541467 | H23: -10.294913 | I23: 0 | J23: 0 | K23: =SUM(K20:K22) -> -10.294913 | L23: -4.215056 | M23: 0 | N23: 0 | O23: =SUM(O20:O22) -> -4.215056 | P23: 8.687816 | Q23: 0 | R23: 0 | S23: =SUM(S20:S22) -> 8.687816 | T23: -37.2 | U23: 0 | V23: 0 | W23: =SUM(W20:W22) -> -37.2 | Y23: -9 | Z23: 0 | AA23: 0 | AB23: =SUM(AB20:AB22) -> -9 | AC23: -13.3 | AD23: 0 | AE23: 0 | AF23: =SUM(AF20:AF22) -> -13.3 | AG23: -12.6 | AH23: 0 | AI23: 0 | AJ23: =SUM(AJ20:AJ22) -> -12.6 | AK23: -15.5 | AL23: 0 | AM23: 0 | AN23: =SUM(AN20:AN22) -> -15.5 | AO23: -50.3 | AP23: 0 | AQ23: 0 | AR23: =SUM(AR20:AR22) -> -50.3 | AT23: -23.3 | AU23: 0 | AV23: 0 | AW23: -23.3 | AX23: -12.52565 | AY23: -35.82565 | AZ23: -21.423802 | BA23: 0 | BB23: 0 | BC23: -21.423802 | BD23: -5.0214 | BE23: -26.445202 | BF23: -29.311605 | BG23: 0 | BH23: 0 | BI23: -29.311605 | BJ23: =SUM(BJ20:BJ22) -> -56.964593 | BK23: =SUM(BK20:BK22) -> 0 | BL23: =SUM(BL20:BL22) -> 0 | BM23: =SUM(BM20:BM22) -> -56.964593 | BN23: -131 | BO23: 0 | BP23: 0 | BQ23: =SUM(BQ20:BQ22) -> -131 | BR23: =AY23+BE23+BI23+BM23 -> -148.54705 | BT23: =SUM(BT20:BT22) -> -42 | BU23: =SUM(BU20:BU22) -> -50 | BV23: =SUM(BV20:BV22) -> -51 | BW23: =SUM(BW20:BW22) -> -38 | BX23: =SUM(BX20:BX22) -> -181 | BZ23: =SUM(BZ20:BZ22) -> -54 | CA23: =SUM(CA20:CA22) -> -39 | CB23: =SUM(CB20:CB22) -> -38 | CC23: =SUM(CC20:CC22) -> -31 | CD23: =SUM(CD20:CD22) -> -162
B24: Profit before tax | D24: 67.458533 | E24: 0 | F24: 0 | G24: =G18+G23 -> 67.458533 | H24: 46.405087 | I24: 0 | J24: 0 | K24: =K18+K23 -> 46.405087 | L24: 189.48494 | M24: 0 | N24: 0 | O24: =O18+O23 -> 189.48494 | P24: 282.58782 | Q24: 0 | R24: 0 | S24: =S18+S23 -> 282.58782 | T24: 351.1 | U24: 0 | V24: 0 | W24: =W18+W23 -> 351.1 | Y24: 88.6 | Z24: 0 | AA24: 0 | AB24: =AB18+AB23 -> 88.6 | AC24: 60 | AD24: 0 | AE24: 0 | AF24: =AF18+AF23 -> 60 | AG24: 188.8 | AH24: 0 | AI24: 0 | AJ24: =AJ18+AJ23 -> 188.8 | AK24: 35.2 | AL24: 0 | AM24: 0 | AN24: =AN18+AN23 -> 35.2 | AO24: 372.8 | AP24: 0 | AQ24: 0 | AR24: =AR18+AR23 -> 372.8 | AT24: 65.4 | AU24: 0 | AV24: 0 | AW24: 65.4 | AX24: -7.8650708 | AY24: 57.534929 | AZ24: 3.576198 | BA24: 0 | BB24: 0 | BC24: 3.576198 | BD24: -6.174 | BE24: -2.597802 | BF24: 220.0884 | BG24: 0 | BH24: 0 | BI24: 220.08839 | BJ24: =BJ18+BJ23 -> -41.064593 | BK24: =BK18+BK23 -> 0 | BL24: =BL18+BL23 -> 0 | BM24: =BM18+BM23 -> -41.064593 | BN24: 248 | BO24: 0 | BP24: 0 | BQ24: =BQ18+BQ23 -> 248 | BR24: =BR18+BR23 -> 233.96093 | BT24: =BT18+BT23 -> 76 | BU24: =BU18+BU23 -> 31 | BV24: =BV18+BV23 -> 266 | BW24: =BW18+BW23 -> 11 | BX24: =BX18+BX23 -> 384 | BZ24: =BZ18+BZ23 -> 82 | CA24: =CA18+CA23 -> 31 | CB24: =CB18+CB23 -> 239 | CC24: =CC18+CC23 -> 0 | CD24: =CD18+CD23 -> 352
B26: Tax on profit for the period | D26: -13.355 | G26: =SUM(D26:F26) -> -13.355 | H26: -10 | K26: =SUM(H26:J26) -> -10 | L26: -42.8 | O26: =SUM(L26:N26) -> -42.8 | P26: 14.91 | S26: =SUM(P26:R26) -> 14.91 | T26: -74.6 | W26: =SUM(T26:V26) -> -74.6 | Y26: -19.5 | AB26: =SUM(Y26:AA26) -> -19.5 | AC26: -13.3 | AF26: =SUM(AC26:AE26) -> -13.3 | AG26: -41.5 | AJ26: =SUM(AG26:AI26) -> -41.5 | AK26: -17.7 | AN26: =SUM(AK26:AM26) -> -17.7 | AO26: -92.1 | AR26: =SUM(AO26:AQ26) -> -92.1 | AT26: -16.4 | AW26: -16.4 | AX26: =-AX24*0.206 -> 1.6202046 | AY26: =AW26+AX26 -> -14.779795 | AZ26: -2 | BC26: -2 | BD26: =-BD24*0.206 -> 1.271844 | BE26: =BC26+BD26 -> -0.728156 | BF26: -56.9 | BI26: -56.9 | BJ26: =BN26-AT26-AZ26-BF26 -> -3.7 | BM26: =SUM(BJ26:BL26) -> -3.7 | BN26: -79 | BQ26: =SUM(BN26:BP26) -> -79 | BR26: =AY26+BE26+BI26+BM26 -> -76.107951 | BT26: ='Matas Group P&L and KPIs'!BP26 -> -17 | BU26: ='Matas Group P&L and KPIs'!BQ26 -> -7 | BV26: ='Matas Group P&L and KPIs'!BR26 -> -65 | BW26: ='Matas Group P&L and KPIs'!BS26 -> -13 | BX26: =SUM(BT26:BW26) -> -102 | BZ26: ='Matas Group P&L and KPIs'!BV26 -> -18 | CA26: ='Matas Group P&L and KPIs'!BW26 -> -7 | CB26: ='Matas Group P&L and KPIs'!BX26 -> -53 | CC26: ='Matas Group P&L and KPIs'!BY26 -> -31 | CD26: =SUM(BZ26:CC26) -> -109
B27: Profit for the period | D27: 54.103533 | E27: 0 | F27: 0 | G27: =SUM(G24:G26) -> 54.103533 | H27: 36.405087 | I27: 0 | J27: 0 | K27: =SUM(K24:K26) -> 36.405087 | L27: 146.68494 | M27: 0 | N27: 0 | O27: =SUM(O24:O26) -> 146.68494 | P27: 297.49782 | Q27: 0 | R27: 0 | S27: =SUM(S24:S26) -> 297.49782 | T27: 276.5 | U27: 0 | V27: 0 | W27: =SUM(W24:W26) -> 276.5 | Y27: 69.1 | Z27: 0 | AA27: 0 | AB27: =SUM(AB24:AB26) -> 69.1 | AC27: 46.7 | AD27: 0 | AE27: 0 | AF27: =SUM(AF24:AF26) -> 46.7 | AG27: 147.3 | AH27: 0 | AI27: 0 | AJ27: =SUM(AJ24:AJ26) -> 147.3 | AK27: 17.6 | AL27: 0 | AM27: 0 | AN27: =SUM(AN24:AN26) -> 17.5 | AO27: 280.7 | AP27: 0 | AQ27: 0 | AR27: =SUM(AR24:AR26) -> 280.7 | AT27: 49 | AU27: 0 | AV27: 0 | AW27: 49 | AX27: =AX24+AX26 -> -6.2448662 | AY27: =AY24+AY26 -> 42.755134 | AZ27: 1.576198 | BA27: 0 | BB27: 0 | BC27: 1.576198 | BD27: =BD24+BD26 -> -4.902156 | BE27: =BE24+BE26 -> -3.325958 | BF27: 163.1884 | BG27: 0 | BH27: 0 | BI27: 163.18839 | BJ27: =SUM(BJ24:BJ26) -> -44.764593 | BK27: =SUM(BK24:BK26) -> 0 | BL27: =SUM(BL24:BL26) -> 0 | BM27: =SUM(BM24:BM26) -> -44.764593 | BN27: 169 | BO27: 0 | BP27: 0 | BQ27: =SUM(BQ24:BQ26) -> 169 | BR27: =SUM(BR24:BR26) -> 157.85298 | BT27: =SUM(BT24:BT26) -> 59 | BU27: =SUM(BU24:BU26) -> 24 | BV27: =SUM(BV24:BV26) -> 201 | BW27: =SUM(BW24:BW26) -> -2 | BX27: =SUM(BX24:BX26) -> 282 | BZ27: =SUM(BZ24:BZ26) -> 64 | CA27: =SUM(CA24:CA26) -> 24 | CB27: =SUM(CB24:CB26) -> 186 | CC27: =SUM(CC24:CC26) -> -31 | CD27: =SUM(CD24:CD26) -> 243
B29: Other comprehensive income | D29: 0 | G29: =SUM(D29:F29) -> 0 | H29: 0 | K29: =SUM(H29:J29) -> 0 | L29: 0 | O29: =SUM(L29:N29) -> 0 | P29: 0 | S29: =SUM(P29:R29) -> 0 | T29: 0 | W29: =SUM(T29:V29) -> 0 | Y29: 0 | AB29: =SUM(Y29:AA29) -> 0 | AC29: 0 | AF29: =SUM(AC29:AE29) -> 0 | AG29: 0 | AJ29: =SUM(AG29:AI29) -> 0 | AK29: 0 | AN29: =SUM(AK29:AM29) -> 0 | AO29: 0 | AR29: =SUM(AO29:AQ29) -> 0 | AT29: 0 | AW29: 0 | AZ29: 21.6 | BC29: 21.6 | BE29: =BC29 -> 21.6 | BF29: 18.39998 | BI29: 18.39998 | BJ29: =BN29-AT29-AZ29-BF29 -> -22.99998 | BM29: =SUM(BJ29:BL29) -> -22.99998 | BN29: 17 | BQ29: =SUM(BN29:BP29) -> 17 | BR29: =AY29+BE29+BI29+BM29 -> 17 | BT29: ='Matas Group P&L and KPIs'!BP29 -> -6 | BU29: ='Matas Group P&L and KPIs'!BQ29 -> 9 | BV29: ='Matas Group P&L and KPIs'!BR29 -> -4 | BW29: ='Matas Group P&L and KPIs'!BS29 -> 32 | BX29: =SUM(BT29:BW29) -> 31 | BZ29: ='Matas Group P&L and KPIs'!BV29 -> -14 | CA29: ='Matas Group P&L and KPIs'!BW29 -> 9 | CB29: ='Matas Group P&L and KPIs'!BX29 -> 5 | CC29: ='Matas Group P&L and KPIs'!BY29 -> 5 | CD29: =SUM(BZ29:CC29) -> 5
B31: Total comprehensive income | D31: 54.103533 | G31: =SUM(G27:G30) -> 54.103533 | H31: 36.405087 | K31: =SUM(K27:K30) -> 36.405087 | L31: 146.68494 | O31: =SUM(O27:O30) -> 146.68494 | P31: 297.49782 | S31: =SUM(S27:S30) -> 297.49782 | T31: 276.5 | W31: =SUM(W27:W30) -> 276.5 | Y31: 69.1 | AB31: =SUM(AB27:AB30) -> 69.1 | AC31: 46.7 | AF31: =SUM(AF27:AF30) -> 46.7 | AG31: 147.3 | AJ31: =SUM(AJ27:AJ30) -> 147.3 | AK31: 17.6 | AN31: =SUM(AN27:AN30) -> 17.5 | AO31: 280.7 | AR31: =SUM(AR27:AR30) -> 280.7 | AT31: 49 | AW31: 49 | AX31: =SUM(AX27:AX30) -> -6.2448662 | AY31: =AY27 -> 42.755134 | AZ31: 23.176198 | BC31: 23.176198 | BD31: -7.8650708 | BE31: =BE27 -> -3.325958 | BF31: 181.58838 | BI31: 181.58837 | BJ31: =BJ27+BJ29 -> -67.764573 | BL31: =BL27+BL29 -> 0 | BM31: =BM27+BM29 -> -67.764573 | BN31: 186 | BQ31: =SUM(BQ27:BQ30) -> 186 | BR31: =SUM(BR27:BR30) -> 174.85298 | BT31: =SUM(BT27:BT30) -> 53 | BU31: =SUM(BU27:BU30) -> 33 | BV31: =SUM(BV27:BV30) -> 197 | BW31: =SUM(BW27:BW30) -> 30 | BX31: =SUM(BX27:BX30) -> 313 | BZ31: =SUM(BZ27:BZ30) -> 50 | CA31: =SUM(CA27:CA30) -> 33 | CB31: =SUM(CB27:CB30) -> 191 | CC31: =SUM(CC27:CC30) -> -26 | CD31: =SUM(CD27:CD30) -> 248
B33: Earnings per share
B34: Average number of shares m | D34: 38269.969 | G34: 38269.969 | H34: 38247.102 | K34: 38247.102 | L34: 37889.705 | O34: 37889.705 | P34: 38016 | S34: 38016 | T34: 38016 | W34: 38016 | Y34: 37760 | AB34: 37760 | AC34: 37933 | AF34: 37933 | AG34: 37933 | AJ34: 37933 | AK34: 37933 | AN34: 37933 | AO34: 37882 | AR34: 37882 | AT34: 37975.863 | AW34: 37975.863 | AY34: 37975.863 | AZ34: 38118.511 | BC34: 38118.511 | BF34: 38036.252 | BI34: 38036.252 | BJ34: 37908.511 | BM34: 37908.511 | BN34: 38010 | BQ34: 38010 | BT34: 38021 | BU34: 38098.752 | BV34: ='Matas Group P&L and KPIs'!BR34 -> 38031 | BW34: ='Matas Group P&L and KPIs'!BS34 -> 37888.752 | BX34: ='Matas Group P&L and KPIs'!BT34 -> 38021 | BZ34: ='Matas Group P&L and KPIs'!BV34 -> 38008.988 | CA34: ='Matas Group P&L and KPIs'!BW34 -> 37990.749 | CB34: ='Matas Group P&L and KPIs'!BX34 -> 37591 | CC34: ='Matas Group P&L and KPIs'!BY34 -> 37252.976 | CD34: ='Matas Group P&L and KPIs'!BZ34 -> 37716.737
B35: Diluted number of shares m | D35: 38628.194 | G35: 38628.194 | H35: 38594.965 | K35: 38594.965 | L35: 38304.46 | O35: 38304.46 | P35: 38416 | S35: 38416 | T35: 38416 | W35: 38416 | Y35: 38177 | AB35: 38177 | AC35: 38223 | AF35: 38223 | AG35: 38232 | AJ35: 38232 | AK35: 38231 | AN35: 38231 | AO35: 38067 | AR35: 38067 | AT35: 38349.568 | AW35: 38349.568 | AY35: 38349.568 | AZ35: 38506.52 | BC35: 38506.52 | BF35: 38424.261 | BI35: 38424.261 | BJ35: 37994.995 | BM35: 37994.995 | BN35: 38195 | BQ35: 38195 | BT35: 38291 | BU35: 38371.487 | BV35: ='Matas Group P&L and KPIs'!BR35 -> 38301 | BW35: ='Matas Group P&L and KPIs'!BS35 -> 38155.869 | BX35: ='Matas Group P&L and KPIs'!BT35 -> 38255 | BZ35: ='Matas Group P&L and KPIs'!BV35 -> 38308.988 | CA35: ='Matas Group P&L and KPIs'!BW35 -> 38274.29 | CB35: ='Matas Group P&L and KPIs'!BX35 -> 37782 | CC35: ='Matas Group P&L and KPIs'!BY35 -> 37443.927 | CD35: ='Matas Group P&L and KPIs'!BZ35 -> 37907.688
B36: Earnings per share, DKK | D36: 1.4137334 | G36: 1.4137334 | H36: 0.9518391 | K36: 0.9518391 | L36: 3.8713667 | O36: 3.8713667 | P36: 1.0330608 | S36: 1.0330608 | T36: 7.27 | W36: 7.27 | Y36: 1.83 | AB36: 1.83 | AC36: 1.23 | AF36: 1.23 | AG36: 3.88 | AJ36: 3.88 | AK36: 0.46 | AN36: 0.46 | AO36: 7.41 | AR36: 7.41 | AT36: 1.2902933 | AW36: 1.2902933 | AY36: 1.13 | AZ36: 0.041349936 | BC36: 0.041349936 | BF36: 4.2903385 | BI36: 4.2903385 | BJ36: =BJ27/BJ34*1000 -> -1.1808586 | BM36: =BM27/BM34*1000 -> -1.1808586 | BN36: 4.45 | BQ36: 4.45 | BR36: =BR27*1000/BQ34 -> 4.1529329 | BT36: 1.5644041 | BU36: 0.64048699 | BV36: ='Matas Group P&L and KPIs'!BR36 -> 5.2955318 | BW36: ='Matas Group P&L and KPIs'!BS36 -> -0.078824514 | BX36: ='Matas Group P&L and KPIs'!BT36 -> 7.4171647 | BZ36: ='Matas Group P&L and KPIs'!BV36 -> 1.67 | CA36: ='Matas Group P&L and KPIs'!BW36 -> 0.64 | CB36: ='Matas Group P&L and KPIs'!BX36 -> 4.95 | CC36: ='Matas Group P&L and KPIs'!BY36 -> -0.83214828 | CD36: ='Matas Group P&L and KPIs'!BZ36 -> 6.4427631
B37: Diluted earnings per share, DKK | D37: 1.4006229 | G37: 1.4006229 | H37: 0.94326001 | K37: 0.94326001 | L37: 3.8294482 | O37: 3.8294482 | P37: 1.0266689 | S37: 1.0266689 | T37: 7.2 | W37: 7.2 | Y37: 1.81 | AB37: 1.81 | AC37: 1.22 | AF37: 1.22 | AG37: 3.85 | AJ37: 3.85 | AK37: 0.46 | AN37: 0.46 | AO37: 7.37 | AR37: 7.37 | AT37: 1.2777197 | AW37: 1.2777197 | AY37: 1.12 | AZ37: 0.040933276 | BC37: 0.040933276 | BF37: 4.2470145 | BI37: 4.2470145 | BJ37: =BJ27/BJ35*1000 -> -1.1781708 | BM37: =BM27/BM35*1000 -> -1.1781708 | BN37: 4.43 | BQ37: 4.43 | BR37: =BR27*1000/BQ35 -> 4.1328179 | BT37: 1.5534436 | BU37: 0.63593457 | BV37: ='Matas Group P&L and KPIs'!BR37 -> 5.2582013 | BW37: ='Matas Group P&L and KPIs'!BS37 -> -0.078272689 | BX37: ='Matas Group P&L and KPIs'!BT37 -> 7.3718934 | BZ37: ='Matas Group P&L and KPIs'!BV37 -> 1.66 | CA37: ='Matas Group P&L and KPIs'!BW37 -> 0.63 | CB37: ='Matas Group P&L and KPIs'!BX37 -> 4.92 | CC37: ='Matas Group P&L and KPIs'!BY37 -> -0.82790462 | CD37: ='Matas Group P&L and KPIs'!BZ37 -> 6.4103092
B39: Proforma revenue growth, Group | D39: 0.078686101 | G39: 0.078686101 | H39: 0.044284795 | K39: 0.044284795 | L39: 0.049809596 | O39: 0.049809596 | P39: -0.001 | S39: -0.001 | T39: 0.043 | W39: 0.043 | Y39: 0.032 | AB39: 0.032 | AC39: 0.016 | AF39: 0.016 | AG39: 0.013 | AJ39: 0.013 | AK39: 0.083 | AN39: 0.083 | AO39: 0.033 | AR39: 0.033 | AT39: 0.09159943 | AW39: 0.09159943 | AZ39: 0.29943389 | BC39: 0.29943389 | BF39: 0.79630425 | BI39: 0.79630425 | BJ39: 0.673 | BM39: 0.673 | BN39: 0.493 | BQ39: 0.493 | BT39: =(BT5-AY5)/AY5 -> 0.062304384 | BU39: =(BU5-BE5)/BE5 -> 0.071790384 | BV39: =(BV5-BI5)/BI5 -> 0.074162679 | BW39: =(BW5-BM5)/BM5 -> 0.068502503 | BX39: =(BX5-BR5)/BR5 -> 0.069582614 | BZ39: ='Matas Group P&L and KPIs'!BV39 -> 0.060327198 | CA39: ='Matas Group P&L and KPIs'!BW39 -> 0.05 | CB39: ='Matas Group P&L and KPIs'!BX39 -> 0.031 | CC39: ='Matas Group P&L and KPIs'!BY39 -> 0.055 | CD39: ='Matas Group P&L and KPIs'!BZ39 -> 0.047
B40: Currency neutral growth, Group | BT40: ='Matas Group P&L and KPIs'!BP40 -> 0.062 | BU40: ='Matas Group P&L and KPIs'!BQ40 -> 0.068 | BV40: ='Matas Group P&L and KPIs'!BR40 -> 0.077 | BW40: ='Matas Group P&L and KPIs'!BS40 -> 0.072 | BX40: ='Matas Group P&L and KPIs'!BT40 -> 0.07 | BZ40: ='Matas Group P&L and KPIs'!BV40 -> 0.047 | CA40: ='Matas Group P&L and KPIs'!BW40 -> 0.044 | CB40: ='Matas Group P&L and KPIs'!BX40 -> 0.018 | CC40: ='Matas Group P&L and KPIs'!BY40 -> 0.04 | CD40: ='Matas Group P&L and KPIs'!BZ40 -> 0.035
B41: Like-for-like growth, Group | BN41: 0.068 | BQ41: 0.068 | BT41: 0.056 | BU41: ='Matas Group P&L and KPIs'!BQ41 -> 0.055 | BV41: ='Matas Group P&L and KPIs'!BR41 -> 0.053 | BW41: ='Matas Group P&L and KPIs'!BS41 -> 0.024 | BX41: ='Matas Group P&L and KPIs'!BT41 -> 0.031 | BZ41: ='Matas Group P&L and KPIs'!BV41 -> 0.015 | CA41: ='Matas Group P&L and KPIs'!BW41 -> 0.015 | CB41: ='Matas Group P&L and KPIs'!BX41 -> 0.004 | CC41: ='Matas Group P&L and KPIs'!BY41 -> -0.004 | CD41: ='Matas Group P&L and KPIs'!BZ41 -> 0.007
B42: Organic growth, Matas | Y42: 0.032 | AB42: 0.032 | AC42: 0.016 | AF42: 0.016 | AG42: 0.013 | AJ42: 0.013 | AK42: 0.083 | AN42: 0.083 | AO42: 0.033 | AR42: 0.033 | AT42: 0.09159943 | AW42: 0.09159943 | AY42: 0.09159943 | AZ42: 0.08 | BC42: 0.08 | BF42: 0.092 | BI42: 0.092 | BJ42: 0.044 | BM42: 0.044 | BN42: 0.078 | BQ42: 0.078 | BT42: =('Category by banner'!V23-'Category by banner'!P23)/'Category by banner'!P23 -> 0.072564325 | BU42: ='Matas Group P&L and KPIs'!BQ42 -> 0.075776658 | BV42: =('Category by banner'!X23-'Category by banner'!R23)/'Category by banner'!R23 -> 0.074569243 | BW42: =('Category by banner'!Y23-'Category by banner'!S23)/'Category by banner'!S23 -> 0.076458405 | BX42: =('Category by banner'!Z23-'Category by banner'!T23)/'Category by banner'!T23 -> 0.074775406 | BZ42: ='Matas Group P&L and KPIs'!BV42 -> 0.053009883 | CA42: ='Matas Group P&L and KPIs'!BW42 -> 0.068292683 | CB42: ='Matas Group P&L and KPIs'!BX42 -> 0.047904192 | CC42: ='Matas Group P&L and KPIs'!BY42 -> 0.027 | CD42: ='Matas Group P&L and KPIs'!BZ42 -> 0.049
B43: Like-for-like growth, Matas | D43: 0.058645304 | G43: 0.058645304 | H43: 0.018494738 | K43: 0.018494738 | L43: 0.028105779 | O43: 0.028105779 | P43: -0.023 | S43: -0.023 | T43: 0.021 | W43: 0.021 | Y43: 0.029 | AB43: 0.029 | AC43: 0.016 | AF43: 0.016 | AG43: 0.012 | AJ43: 0.012 | AK43: 0.075 | AN43: 0.075 | AO43: 0.031 | AR43: 0.031 | AT43: 0.083945881 | AW43: 0.083945881 | AY43: 0.083945881 | AZ43: 0.075043906 | BC43: 0.075043906 | BF43: 0.091179358 | BI43: 0.091179358 | BJ43: 0.014578626 | BM43: 0.014578626 | BN43: 0.073 | BQ43: 0.073 | BT43: ='Matas Group P&L and KPIs'!BP43 -> 0.015 | BU43: ='Matas Group P&L and KPIs'!BQ43 -> 0.024 | BV43: ='Matas Group P&L and KPIs'!BR43 -> 0.023 | BW43: ='Matas Group P&L and KPIs'!BS43 -> 0.033 | BX43: ='Matas Group P&L and KPIs'!BT43 -> 0.024 | BZ43: ='Matas Group P&L and KPIs'!BV43 -> 0.01 | CA43: ='Matas Group P&L and KPIs'!BW43 -> 0.03 | CB43: ='Matas Group P&L and KPIs'!BX43 -> 0.023 | CC43: ='Matas Group P&L and KPIs'!BY43 -> -0.022 | CD43: ='Matas Group P&L and KPIs'!BZ43 -> 0.012
B44: Currency neutral growth, KICKS | AZ44: 0.031 | BC44: 0.031 | BF44: 0.047 | BI44: 0.047 | BJ44: -0.002 | BM44: -0.002 | BN44: 0.027 | BQ44: 0.027 | BT44: 0.029 | BU44: 0.057 | BV44: ='Matas Group P&L and KPIs'!BR44 -> 0.073 | BW44: ='Matas Group P&L and KPIs'!BS44 -> 0.046 | BX44: ='Matas Group P&L and KPIs'!BT44 -> 0.053 | BZ44: ='Matas Group P&L and KPIs'!BV44 -> 0.023 | CA44: ='Matas Group P&L and KPIs'!BW44 -> -0.014 | CB44: ='Matas Group P&L and KPIs'!BX44 -> -0.038 | CC44: ='Matas Group P&L and KPIs'!BY44 -> 0.047 | CD44: ='Matas Group P&L and KPIs'!BZ44 -> 0
B45: Like-for-like growth, KICKS | BN45: 0.061 | BQ45: 0.061 | BT45: 0.027 | BU45: 0.028 | BV45: ='Matas Group P&L and KPIs'!BR45 -> 0.101 | BW45: ='Matas Group P&L and KPIs'!BS45 -> 0.01 | BX45: ='Matas Group P&L and KPIs'!BT45 -> 0.043 | BZ45: ='Matas Group P&L and KPIs'!BV45 -> 0.022 | CA45: ='Matas Group P&L and KPIs'!BW45 -> -0.008 | CB45: ='Matas Group P&L and KPIs'!BX45 -> -0.064 | CC45: ='Matas Group P&L and KPIs'!BY45 -> 0.025 | CD45: ='Matas Group P&L and KPIs'!BZ45 -> -0.001
B46: EBITDA | D46: 185.7 | G46: =G15 -> 185.7 | H46: 163 | K46: =K15 -> 163 | L46: 300.9 | O46: =O15 -> 300.9 | P46: 160 | S46: =S15 -> 160 | T46: 809.6 | W46: =W15 -> 809.6 | Y46: 186.7 | AB46: 186.7 | AC46: 160 | AF46: 160 | AG46: 295.9 | AJ46: 295.9 | AK46: 161.6 | AN46: 161.6 | AO46: 804.2 | AR46: =AR15 -> 804.2 | AT46: 179.8 | AW46: 179.8 | AY46: =AY15 -> 248.67724 | AZ46: 138.1 | BC46: 138.1 | BE46: =BE15 -> 179.5165 | BF46: 404.5 | BI46: 404.5 | BJ46: 181.6 | BM46: 181.6 | BN46: 904 | BQ46: =BQ15 -> 904 | BR46: =BR15 -> 1014.2937 | BT46: =BT15 -> 276 | BU46: =BU15 -> 238 | BV46: =BV15 -> 473 | BW46: =BW15 -> 202 | BX46: =BX15 -> 1189 | BZ46: =BZ15 -> 297 | CA46: =CA15 -> 230 | CB46: =CB15 -> 443 | CC46: =CC15 -> 208 | CD46: =CD15 -> 1178
B47: Special items | D47: 0 | G47: =-G14 -> 0 | H47: 2.616782 | K47: =-K14 -> 2.616782 | L47: -17.433417 | O47: =-O14 -> -17.433417 | P47: 7.816635 | S47: =-S14 -> 7.816635 | T47: -7 | W47: =-W14 -> -7 | Y47: 4.8 | AB47: 4.8 | AC47: 0 | AF47: 0 | AG47: 0 | AJ47: 0 | AK47: 0 | AN47: 0 | AO47: 4.8 | AR47: =-AR14 -> 4.8 | AT47: 21.149533 | AW47: 21.149533 | AY47: =-AY14 -> 21.149533 | AZ47: 39.129467 | BC47: 39.129467 | BE47: =-BE14 -> 39.129467 | BF47: 19.603679 | BI47: 19.603679 | BJ47: 22.117321 | BM47: 22.117321 | BN47: 102 | BQ47: =-BQ14 -> 102 | BR47: =-BR14 -> 102 | BT47: =BT14 -> -17 | BU47: =BU14 -> 5 | BV47: =BV14 -> -1 | BW47: =BW14 -> -14 | BX47: =BX14 -> -27 | BZ47: =BZ14 -> -5 | CA47: =CA14 -> -11 | CB47: =CB14 -> -22 | CC47: =CC14 -> -18 | CD47: =CD14 -> -56
B48: EBITDA before special items | D48: 185.7 | G48: =G46+G47 -> 185.7 | H48: 165.61678 | K48: =K46+K47 -> 165.61678 | L48: 283.46658 | O48: =O46+O47 -> 283.46658 | P48: 167.81664 | S48: =S46+S47 -> 167.81664 | T48: 802.6 | W48: =W46+W47 -> 802.6 | Y48: 191.5 | AB48: 191.5 | AC48: 160 | AF48: 160 | AG48: 295.9 | AJ48: 295.9 | AK48: 161.6 | AN48: 161.6 | AO48: 809 | AR48: =AR46+AR47 -> 809 | AT48: 200.94953 | AW48: 200.94953 | AY48: =AY46+AY47 -> 269.82677 | AZ48: 177.22947 | BC48: 177.22947 | BE48: =BE46+BE47 -> 218.64597 | BF48: 424.10368 | BI48: 424.10368 | BJ48: 203.71732 | BM48: 203.71732 | BN48: 1006 | BQ48: =BQ46+BQ47 -> 1006 | BR48: =BR46+BR47 -> 1116.2937 | BT48: =BT12 -> 293 | BU48: =BU12 -> 233 | BV48: =BV12 -> 474 | BW48: =BW12 -> 216 | BX48: =BX12 -> 1216 | BZ48: =BZ12 -> 302 | CA48: =CA12 -> 241 | CB48: =CB12 -> 465 | CC48: =CC12 -> 226 | CD48: =CD12 -> 1234
B49: Adjusted profit after tax | D49: 77.150973 | G49: 77.150973 | H49: 62.481877 | K49: 62.481877 | L49: 156.45478 | O49: 156.45478 | P49: 61.412371 | S49: 61.412371 | T49: 357.5 | W49: 357.5 | Y49: 81.6 | AB49: 81.6 | AC49: 55.6 | AF49: 55.6 | AG49: 157.1 | AJ49: 157.1 | AK49: 27.8 | AN49: 27.8 | AO49: 322.1 | AR49: 322.1 | AT49: 77.859156 | AW49: 77.859156 | AZ49: 47.049962 | BC49: 47.049962 | BF49: 190.57242 | BI49: 190.57242 | BJ49: -13.8 | BM49: -13.8 | BN49: 301.68154 | BQ49: 301.68154 | BT49: 85 | BU49: 26 | BV49: 210 | BW49: ='Matas Group P&L and KPIs'!BS49 -> 15 | BX49: =SUM(BT49:BW49) -> 336 | BZ49: ='Matas Group P&L and KPIs'!BV49 -> 74 | CA49: ='Matas Group P&L and KPIs'!BW49 -> 39 | CB49: ='Matas Group P&L and KPIs'!BX49 -> 212 | CC49: ='Matas Group P&L and KPIs'!BY49 -> -8 | CD49: ='Matas Group P&L and KPIs'!BZ49 -> 317
B51: Gross margin, Matas ** | D51: =D7/D5 -> 0.44365025 | G51: =G7/G5 -> 0.45804666 | H51: =H7/H5 -> 0.44244789 | K51: =K7/K5 -> 0.45629405 | L51: =L7/L5 -> 0.44522635 | O51: =O7/O5 -> 0.44124871 | P51: =P7/P5 -> 0.48248506 | S51: =S7/S5 -> 0.49429039 | T51: =T7/T5 -> 0.45255743 | W51: =W7/W5 -> 0.46042155 | Y51: 0.442 | AB51: 0.45628856 | AC51: 0.448 | AF51: 0.46006874 | AG51: 0.445 | AJ51: 0.45960464 | AK51: 0.461 | AN51: 0.47473113 | AO51: =AO7/AO5 -> 0.4486814 | AR51: =AR7/AR5 -> 0.46248403 | AT51: =+'Matas Group P&L and KPIs'!AU51 -> 0.441 | AW51: =+'Matas Group P&L and KPIs'!AX51 -> 0.456 | AY51: =AW51 -> 0.456 | AZ51: =+'Matas Group P&L and KPIs'!AY51 -> 0.44 | BC51: =+'Matas Group P&L and KPIs'!BB51 -> 0.465 | BE51: =BC51 -> 0.465 | BF51: =+'Matas Group P&L and KPIs'!BC51 -> 0.429 | BI51: =+'Matas Group P&L and KPIs'!BF51 -> 0.443 | BJ51: =+'Matas Group P&L and KPIs'!BG51 -> 0.482 | BM51: =+'Matas Group P&L and KPIs'!BJ51 -> 0.504 | BN51: =+'Matas Group P&L and KPIs'!BK51 -> 0.446 | BQ51: =+'Matas Group P&L and KPIs'!BN51 -> 0.4653541 | BR51: 0.465 | BT51: =+'Matas Group P&L and KPIs'!BP51 -> 0.478 | BU51: =+'Matas Group P&L and KPIs'!BQ51 -> 0.479 | BV51: =+'Matas Group P&L and KPIs'!BR51 -> 0.473 | BW51: =+'Matas Group P&L and KPIs'!BS51 -> 0.512 | BX51: =+'Matas Group P&L and KPIs'!BT51 -> 0.484 | BZ51: =+'Matas Group P&L and KPIs'!BV51 -> 0.485 | CA51: =+'Matas Group P&L and KPIs'!BW51 -> 0.483 | CB51: =+'Matas Group P&L and KPIs'!BX51 -> 0.453 | CC51: =+'Matas Group P&L and KPIs'!BY51 -> 0.481 | CD51: =+'Matas Group P&L and KPIs'!BZ51 -> 0.473
B52: Gross margin, KICKS ** | AY52: =AX7/AX5 -> 0.45874674 | AZ52: 0.47 | BC52: 0.47 | BE52: =(BD7+102.1)/(BD5+217.1) -> 0.45061216 | BF52: 0.43 | BI52: 0.43 | BJ52: 0.455 | BM52: 0.455 | BN52: 0.444 | BQ52: 0.444 | BR52: 0.447 | BT52: 0.453 | BU52: 0.448 | BV52: ='Matas Group P&L and KPIs'!BR52 -> 0.442 | BW52: =+'Matas Group P&L and KPIs'!BS52 -> 0.418 | BX52: =+'Matas Group P&L and KPIs'!BT52 -> 0.44 | BZ52: =+'Matas Group P&L and KPIs'!BV52 -> 0.431 | CA52: =+'Matas Group P&L and KPIs'!BW52 -> 0.425 | CB52: =+'Matas Group P&L and KPIs'!BX52 -> 0.439 | CC52: =+'Matas Group P&L and KPIs'!BY52 -> 0.361 | CD52: =+'Matas Group P&L and KPIs'!BZ52 -> 0.416
B53: Gross margin, Other ** | AT53: =+'Matas Group P&L and KPIs'!AU53 -> 0.436 | AW53: =+'Matas Group P&L and KPIs'!AX53 -> 0.436 | AZ53: =+'Matas Group P&L and KPIs'!AY53 -> 0.446 | BC53: =+'Matas Group P&L and KPIs'!BB53 -> 0.446 | BF53: =+'Matas Group P&L and KPIs'!BC53 -> 0.578 | BI53: =+'Matas Group P&L and KPIs'!BF53 -> 0.578 | BJ53: =+'Matas Group P&L and KPIs'!BG53 -> 0.424 | BM53: =+'Matas Group P&L and KPIs'!BJ53 -> 0.424 | BN53: =+'Matas Group P&L and KPIs'!BK53 -> 0.472 | BQ53: =+'Matas Group P&L and KPIs'!BN53 -> 0.472 | BR53: =+BQ53 -> 0.472 | BT53: =+'Matas Group P&L and KPIs'!BP53 -> 0.367 | BU53: =+'Matas Group P&L and KPIs'!BQ53 -> 0.379 | BV53: =+'Matas Group P&L and KPIs'!BR53 -> 0.492 | BW53: =+'Matas Group P&L and KPIs'!BS53 -> 0.335 | BX53: =+'Matas Group P&L and KPIs'!BT53 -> 0.393 | BZ53: =+'Matas Group P&L and KPIs'!BV53 -> 0.416 | CA53: =+'Matas Group P&L and KPIs'!BW53 -> 0.414 | CB53: =+'Matas Group P&L and KPIs'!BX53 -> 0.454 | CC53: =+'Matas Group P&L and KPIs'!BY53 -> 0.404 | CD53: =+'Matas Group P&L and KPIs'!BZ53 -> 0.422
B54: Gross margin, Group | D54: =D7/D5 -> 0.44365025 | E54: =E7/D5 -> 0.014396408 | F54: =F7/D5 -> 0 | G54: =G7/G5 -> 0.45804666 | H54: =H7/H5 -> 0.44244789 | I54: =I7/H5 -> 0.013846159 | J54: =J7/H5 -> 0 | K54: =K7/K5 -> 0.45629405 | L54: =L7/L5 -> 0.44522635 | M54: =M7/L5 -> 0.010773824 | N54: =N7/L5 -> -0.014751463 | O54: =O7/O5 -> 0.44124871 | P54: =P7/P5 -> 0.48248506 | Q54: =Q7/P5 -> 0.011805332 | R54: =R7/P5 -> 0 | S54: =S7/S5 -> 0.49429039 | T54: =T7/T5 -> 0.45255743 | U54: =U7/T5 -> 0.012544708 | V54: =V7/T5 -> -0.0046805895 | W54: =W7/W5 -> 0.46042155 | Y54: 0.442 | Z54: 0.013858567 | AA54: 0 | AB54: 0.45628856 | AC54: 0.448 | AD54: 0.012333199 | AE54: 0 | AF54: 0.46006874 | AG54: 0.445 | AH54: 0.014897579 | AI54: 0 | AJ54: 0.45960464 | AK54: 0.461 | AL54: 0.013609974 | AM54: 0 | AN54: 0.47473113 | AO54: =AO7/AO5 -> 0.4486814 | AP54: =AP7/AO5 -> 0.013802628 | AQ54: =AQ7/AO5 -> 0 | AR54: =AR7/AR5 -> 0.46248403 | AT54: 0.44008696 | AU54: 0.014 | AV54: 0 | AW54: 0.45408696 | AY54: =AY7/AY5 -> 0.4558364 | AZ54: 0.44546445 | BA54: 0.01843784 | BB54: 0 | BC54: 0.46390229 | BE54: =BE7/BE5 -> 0.45803017 | BF54: 0.43680223 | BG54: 0.0078548644 | BH54: 0 | BI54: 0.4446571 | BJ54: 0.46813837 | BK54: 0.012403277 | BL54: 0 | BM54: =BM7/BM5 -> 0.48037096 | BN54: =BN7/BN5 -> 0.44724668 | BO54: =BO7/BN5 -> 0.012087748 | BP54: =BP7/BN5 -> 0 | BQ54: =BQ7/BQ5 -> 0.45933443 | BR54: =BR7/BR5 -> 0.45824554 | BT54: 0.461 | BU54: 0.46 | BV54: ='Matas Group P&L and KPIs'!BR54 -> 0.46213808 | BW54: =BW7/BW5 -> 0.46325879 | BX54: =BX7/BX5 -> 0.46186896 | BZ54: =+'Matas Group P&L and KPIs'!BV54 -> 0.46046287 | CA54: =+'Matas Group P&L and KPIs'!BW54 -> 0.45706941 | CB54: =+'Matas Group P&L and KPIs'!BX54 -> 0.448 | CC54: =+'Matas Group P&L and KPIs'!BY54 -> 0.42907622 | CD54: =+'Matas Group P&L and KPIs'!BZ54 -> 0.44860985
B55: EBITDA margin | D55: =D15/D5 -> 0.18182708 | E55: =E15/D5 -> 0 | F55: =F15/D5 -> 0 | G55: =G15/G5 -> 0.18182708 | H55: =H15/H5 -> 0.16736831 | I55: =I15/H5 -> 0 | J55: =J15/H5 -> 0 | K55: =K15/K5 -> 0.16736831 | L55: =L15/L5 -> 0.21829658 | M55: =M15/L5 -> 0 | N55: =N15/L5 -> 0 | O55: =O15/O5 -> 0.21829658 | P55: =P15/P5 -> 0.16484649 | Q55: =Q15/P5 -> 0 | R55: =R15/P5 -> 0 | S55: =S15/S5 -> 0.16484649 | T55: =T15/T5 -> 0.18636343 | U55: =U15/T5 -> 0 | V55: =V15/T5 -> 0 | W55: =W15/W5 -> 0.18636343 | Y55: 0.177 | Z55: 0 | AA55: 0 | AB55: 0.17721879 | AC55: 0.162 | AD55: 0 | AE55: 0 | AF55: 0.16174687 | AG55: 0.212 | AH55: 0 | AI55: 0 | AJ55: 0.21193239 | AK55: 0.154 | AL55: 0 | AM55: 0 | AN55: 0.15380223 | AO55: =AO15/AO5 -> 0.17912509 | AP55: =AP15/AO5 -> 0 | AQ55: =AQ15/AO5 -> 0 | AR55: =AR15/AR5 -> 0.17912509 | AT55: 0.15634783 | AU55: 0 | AV55: 0 | AW55: 0.15634783 | AY55: =AY46/AY5 -> 0.13505671 | AZ55: 0.10743737 | BA55: 0 | BB55: 0 | BC55: 0.10743737 | BE55: =BE46/BE5 -> 0.10394601 | BF55: 0.16128389 | BG55: 0 | BH55: 0 | BI55: 0.16128389 | BJ55: 0.10332271 | BK55: 0.0001706873 | BL55: 0 | BM55: =BM15/BM5 -> 0.10332271 | BN55: =BN15/BN5 -> 0.13490524 | BO55: =BO15/BN5 -> 0 | BP55: =BP15/BN5 -> 0 | BQ55: =BQ15/BQ5 -> 0.13490524 | BR55: =BR15/BR5 -> 0.12947499 | BT55: =BT46/BT5 -> 0.14110429 | BU55: 0.12849735 | BV55: =BV15/BV5 -> 0.17557535 | BW55: =BW15/BW5 -> 0.10756124 | BX55: =BX15/BX5 -> 0.14190237 | BZ55: =+'Matas Group P&L and KPIs'!BV55 -> 0.143 | CA55: =+'Matas Group P&L and KPIs'!BW55 -> 0.118 | CB55: =+'Matas Group P&L and KPIs'!BX55 -> 0.16 | CC55: =+'Matas Group P&L and KPIs'!BY55 -> 0.10499748 | CD55: =+'Matas Group P&L and KPIs'!BZ55 -> 0.13422972
B56: EBITDA margin before special items | D56: =D48/D5 -> 0.18182708 | G56: =G12/G5 -> 0.18182708 | H56: =H48/H5 -> 0.17005522 | K56: =K12/K5 -> 0.17005522 | L56: =L48/L5 -> 0.205649 | O56: =O12/O5 -> 0.205649 | P56: =P48/P5 -> 0.17289989 | S56: =S12/S5 -> 0.17289989 | T56: =T48/T5 -> 0.18475208 | W56: =W12/W5 -> 0.18475208 | Y56: 0.182 | Z56: 0 | AA56: 0.0045562411 | AB56: 0.18177504 | AC56: 0.162 | AD56: 0 | AE56: 0 | AF56: 0.16174687 | AG56: 0.212 | AH56: 0 | AI56: 0 | AJ56: 0.21193239 | AK56: 0.154 | AL56: 0 | AM56: 0 | AN56: 0.15380223 | AO56: =AO48/AO5 -> 0.18019423 | AR56: =AR12/AR5 -> 0.18019423 | AT56: 0.17473872 | AU56: 0 | AV56: 0.018390898 | AW56: 0.17473872 | AY56: =AY48/AY5 -> 0.14654303 | AZ56: 0.13787884 | BA56: 0 | BB56: 0.030441471 | BC56: 0.13787884 | BE56: =BE48/BE5 -> 0.12660327 | BF56: 0.16910035 | BG56: 0 | BH56: 0.0078164589 | BI56: 0.16910035 | BJ56: 0.11607722 | BK56: 0.0001706873 | BL56: 0.012583819 | BM56: 0.11607722 | BN56: =BN48/BN5 -> 0.15012685 | BQ56: =BQ12/BQ5 -> 0.15012685 | BR56: =(1006.157+110.294)/(6701.054+1132.897) -> 0.14251442 | BT56: =BT48/BT5 -> 0.1497955 | BU56: =BU48/BU5 -> 0.1258779 | BV56: =BV48/BV5 -> 0.17594655 | BW56: =BW48/BW5 -> 0.11501597 | BX56: =BX48/BX5 -> 0.14512472 | BZ56: =+'Matas Group P&L and KPIs'!BV56 -> 0.145 | CA56: =+'Matas Group P&L and KPIs'!BW56 -> 0.124 | CB56: =+'Matas Group P&L and KPIs'!BX56 -> 0.167 | CC56: =+'Matas Group P&L and KPIs'!BY56 -> 0.1140838 | CD56: =+'Matas Group P&L and KPIs'!BZ56 -> 0.14061076
B58: Number of transactions (in millions), Matas | D58: 5.0922074 | G58: 5.0922074 | H58: 5.2135361 | K58: 5.2135361 | L58: 6.6100034 | O58: 6.6100034 | P58: 5.12 | S58: 5.12 | T58: 22.031956 | W58: 22.031956 | Y58: 5.52 | AB58: 5.52 | AC58: 5.37 | AF58: 5.37 | AG58: 6.76 | AJ58: 6.76 | AK58: 5.5 | AN58: 5.5 | AO58: 23.2 | AR58: 23.2 | AT58: 6 | AW58: 6 | AY58: =AW58+AX58 -> 6 | AZ58: 5.732 | BC58: 5.732 | BE58: 5.732 | BF58: 7.162 | BI58: 7.162 | BJ58: 5.452 | BM58: 5.452 | BN58: 24.41 | BQ58: 24.41 | BR58: 24.41 | BT58: 6.1 | BU58: 5.9 | BV58: ='Matas Group P&L and KPIs'!BR58 -> 7.5 | BW58: 5.9 | BX58: =SUM(BT58:BW58) -> 25.4 | BZ58: =+'Matas Group P&L and KPIs'!BV58 -> 6.2 | CA58: =+'Matas Group P&L and KPIs'!BW58 -> 6.1 | CB58: =+'Matas Group P&L and KPIs'!BX58 -> 7.6 | CC58: =+'Matas Group P&L and KPIs'!BY58 -> 5.7 | CD58: =+'Matas Group P&L and KPIs'!BZ58 -> 25.6
B59: Number of transactions (in millions), KICKS | AX59: 2.9 | AY59: =AW59+AX59 -> 2.9 | AZ59: 0.906 | BC59: 0.906 | BD59: =2.896-BC59 -> 1.99 | BE59: =BC59+BD59 -> 2.896 | BF59: 3.938 | BI59: 3.938 | BJ59: 2.748 | BM59: 2.748 | BN59: 7.529 | BQ59: 7.529 | BR59: =AY59+BE59+BI59+BM59 -> 12.482 | BT59: 2.8 | BU59: 2.7 | BV59: ='Matas Group P&L and KPIs'!BR59 -> 4.1 | BW59: 2.8 | BX59: =SUM(BT59:BW59) -> 12.4 | BZ59: =+'Matas Group P&L and KPIs'!BV59 -> 3 | CA59: =+'Matas Group P&L and KPIs'!BW59 -> 2.7 | CB59: =+'Matas Group P&L and KPIs'!BX59 -> 3.7 | CC59: =+'Matas Group P&L and KPIs'!BY59 -> 2.8 | CD59: =+'Matas Group P&L and KPIs'!BZ59 -> 12.2
B60: Number of transactions (in millions), Group | D60: 5.0922074 | G60: 5.0922074 | H60: 5.2135361 | K60: 5.2135361 | L60: 6.6100034 | O60: 6.6100034 | P60: 5.12 | S60: 5.12 | T60: 22.031956 | W60: 22.031956 | Y60: 5.52 | AB60: 5.52 | AC60: 5.37 | AF60: 5.37 | AG60: 6.76 | AJ60: 6.76 | AK60: 5.5 | AN60: 5.5 | AO60: 23.2 | AR60: 23.2 | AT60: =SUM(AT58:AT59) -> 6 | AW60: =SUM(AW58:AW59) -> 6 | AX60: =SUM(AX58:AX59) -> 2.9 | AY60: =SUM(AY58:AY59) -> 8.9 | AZ60: 6.6384707 | BC60: 6.6384707 | BD60: =SUM(BD58:BD59) -> 1.99 | BE60: =SUM(BE58:BE59) -> 8.628 | BF60: 11.14892 | BI60: 11.14892 | BJ60: 8.1550425 | BM60: 8.1550425 | BN60: 31.9 | BQ60: 31.9 | BR60: =SUM(BR58:BR59) -> 36.892 | BT60: =SUM(BT58:BT59) -> 8.9 | BU60: =SUM(BU58:BU59) -> 8.6 | BV60: =SUM(BV58:BV59) -> 11.6 | BW60: =SUM(BW58:BW59) -> 8.7 | BX60: =SUM(BX58:BX59) -> 37.8 | BZ60: =SUM(BZ58:BZ59) -> 9.2 | CA60: =SUM(CA58:CA59) -> 8.8 | CB60: =SUM(CB58:CB59) -> 11.3 | CC60: =SUM(CC58:CC59) -> 8.5 | CD60: =SUM(CD58:CD59) -> 37.8
B62: Average basket size (in DKK), Matas | D62: 196.41391 | G62: 196.41391 | H62: 181.92865 | K62: 181.92865 | L62: 204.46713 | O62: 204.46713 | P62: 182.7 | S62: 182.7 | T62: 192.21819 | W62: 192.21819 | Y62: 187 | AB62: 187 | AC62: 179.4 | AF62: 179.4 | AG62: 202.8 | AJ62: 202.8 | AK62: 182.3 | AN62: 182.3 | AO62: 188.8 | AR62: 188.8 | AT62: 188.23169 | AW62: 188.23169 | AY62: 188.23169 | AZ62: 181.22 | BC62: 181.22 | BE62: 181.22 | BF62: 205.46 | BI62: 205.46 | BJ62: 195.7 | BM62: 195.7 | BN62: 193.69 | BQ62: 193.69 | BR62: 193.69 | BT62: 199.2 | BU62: 190.9 | BV62: ='Matas Group P&L and KPIs'!BR62 -> 214.2 | BW62: 196 | BX62: 201.04 | BZ62: =+'Matas Group P&L and KPIs'!BV62 -> 205.33 | CA62: =+'Matas Group P&L and KPIs'!BW62 -> 199.3 | CB62: =+'Matas Group P&L and KPIs'!BX62 -> 222.6 | CC62: =+'Matas Group P&L and KPIs'!BY62 -> 210.4 | CD62: =+'Matas Group P&L and KPIs'!BZ62 -> 210.2
B63: Average basket size (in SEK), KICKS | AX63: 366.4 | AY63: 366.4 | BD63: 351.9 | BE63: 351.9 | BF63: 391.3 | BI63: 391.3 | BJ63: 362 | BM63: 362 | BN63: 379 | BQ63: 379 | BR63: 365.8 | BT63: 392 | BU63: 394.9 | BV63: ='Matas Group P&L and KPIs'!BR63 -> 399.1 | BW63: 382.09125 | BX63: 389.52507 | BZ63: =+'Matas Group P&L and KPIs'!BV63 -> 373 | CA63: =+'Matas Group P&L and KPIs'!BW63 -> 378.8 | CB63: =+'Matas Group P&L and KPIs'!BX63 -> 412.8 | CC63: =+'Matas Group P&L and KPIs'!BY63 -> 378 | CD63: =+'Matas Group P&L and KPIs'!BZ63 -> 387.4
B64: Average basket size (in DKK), Group | D64: 196.41391 | G64: 196.41391 | H64: 181.92865 | K64: 181.92865 | L64: 204.46713 | O64: 204.46713 | P64: 182.7 | S64: 182.7 | T64: 192.21819 | W64: 192.21819 | Y64: 187 | AB64: 187 | AC64: 179.4 | AF64: 179.4 | AG64: 202.8 | AJ64: 202.8 | AK64: 182.3 | AN64: 182.3 | AO64: 188.8 | AR64: 188.8 | AT64: 188.23169 | AW64: 188.23169 | AY64: 202.5 | AZ64: 189.24 | BC64: 189.24 | BE64: 197 | BF64: 222.87696 | BI64: 222.87696 | BJ64: 210.6 | BM64: 210.6 | BN64: 206.3 | BQ64: 206.3 | BR64: 209.1 | BT64: 216.5 | BU64: 211.9 | BV64: ='Matas Group P&L and KPIs'!BR64 -> 229.7 | BW64: 211 | BX64: 218.3 | BZ64: =+'Matas Group P&L and KPIs'!BV64 -> 221.6 | CA64: =+'Matas Group P&L and KPIs'!BW64 -> 217.4 | CB64: =+'Matas Group P&L and KPIs'!BX64 -> 241.7 | CC64: =+'Matas Group P&L and KPIs'!BY64 -> 228.3 | CD64: =+'Matas Group P&L and KPIs'!BZ64 -> 228.2
B66: Club members Matas (in millions) | D66: 1.69 | G66: 1.69 | H66: 1.68 | K66: 1.68 | L66: 1.72 | O66: 1.72 | P66: 1.74 | S66: 1.74 | T66: 1.74 | W66: 1.74 | Y66: 1.77 | AB66: 1.77 | AC66: 1.79 | AF66: 1.79 | AG66: 1.83 | AJ66: 1.83 | AK66: 1.87 | AN66: 1.87 | AO66: 1.87 | AR66: 1.87 | AT66: 1.9 | AW66: 1.9 | AY66: =AW66+AX66 -> 1.9 | AZ66: 1.921 | BC66: 1.921 | BE66: 1.921 | BF66: 2.009 | BI66: 2.009 | BJ66: 1.914 | BM66: 1.914 | BN66: 1.914 | BQ66: 1.914 | BR66: 1.914 | BT66: 1.965 | BU66: 2 | BV66: ='Matas Group P&L and KPIs'!BR66 -> 2.1 | BW66: 2.1 | BX66: =BW66 -> 2.1 | BZ66: =+'Matas Group P&L and KPIs'!BV66 -> 2.12 | CA66: =+'Matas Group P&L and KPIs'!BW66 -> 2.1 | CB66: =+'Matas Group P&L and KPIs'!BX66 -> 2.2 | CC66: =+'Matas Group P&L and KPIs'!BY66 -> 2.2 | CD66: =+'Matas Group P&L and KPIs'!BZ66 -> 2.2
B67: Club members KICKS (in millions) | AX67: 3.5 | AY67: =AW67+AX67 -> 3.5 | AZ67: 3.6 | BC67: 3.6 | BE67: 3.6 | BF67: 3.712 | BI67: 3.712 | BJ67: 3.764 | BM67: 3.764 | BN67: 3.764 | BQ67: 3.764 | BR67: 3.764 | BT67: 3.801 | BU67: 3.8 | BV67: ='Matas Group P&L and KPIs'!BR67 -> 3.9 | BW67: 4 | BX67: =BW67 -> 4 | BZ67: =+'Matas Group P&L and KPIs'!BV67 -> 3.9 | CA67: =+'Matas Group P&L and KPIs'!BW67 -> 4 | CB67: =+'Matas Group P&L and KPIs'!BX67 -> 4 | CC67: =+'Matas Group P&L and KPIs'!BY67 -> 3.8 | CD67: =+'Matas Group P&L and KPIs'!BZ67 -> 3.8
B68: Club members Group (in millions) | D68: 1.69 | G68: 1.69 | H68: 1.68 | K68: 1.68 | L68: 1.72 | O68: 1.72 | P68: 1.74 | S68: 1.74 | T68: 1.74 | W68: 1.74 | Y68: 1.77 | AB68: 1.77 | AC68: 1.79 | AF68: 1.79 | AG68: 1.83 | AJ68: 1.83 | AK68: 1.87 | AN68: 1.87 | AO68: 1.87 | AR68: 1.87 | AT68: =SUM(AT66:AT67) -> 1.9 | AW68: 1.9 | AX68: =SUM(AX66:AX67) -> 3.5 | AY68: =SUM(AY66:AY67) -> 5.4 | AZ68: 5.521 | BC68: 5.521 | BE68: 5.521 | BF68: 5.721 | BI68: 5.721 | BJ68: 5.678 | BM68: 5.678 | BN68: 5.678 | BQ68: 5.678 | BR68: 5.678 | BT68: =SUM(BT66:BT67) -> 5.766 | BU68: 5.8 | BV68: =SUM(BV66:BV67) -> 6 | BW68: =SUM(BW66:BW67) -> 6.1 | BX68: =SUM(BX66:BX67) -> 6.1 | BZ68: =SUM(BZ66:BZ67) -> 6.02 | CA68: =SUM(CA66:CA67) -> 6.1 | CB68: =SUM(CB66:CB67) -> 6.2 | CC68: =SUM(CC66:CC67) -> 6 | CD68: =SUM(CD66:CD67) -> 6
B69: Club Matas Plus member (in thousands) | D69: 36.4 | G69: 36.4 | H69: 37.1 | K69: 37.1 | L69: 50.7 | O69: 50.7 | P69: 52.6 | S69: 52.6 | T69: 52.6 | W69: 52.6 | Y69: 57.8 | AB69: 57.8 | AC69: 60.6 | AF69: 60.6 | AG69: 65.7 | AJ69: 65.7 | AK69: 68.9 | AN69: 68.9 | AO69: 68.9 | AR69: 68.9 | AT69: 77.1 | AW69: 77.1 | AY69: =AW69 -> 77.1 | AZ69: 85.7 | BC69: 85.7 | BE69: 85.7 | BF69: 94.203 | BI69: 94.203 | BJ69: 100.7 | BM69: 100.7 | BN69: 100.7 | BQ69: 100.7 | BR69: 100.7 | BT69: 108.2 | BU69: 111.5 | BV69: ='Matas Group P&L and KPIs'!BR69 -> 117.9 | BW69: 118.8 | BX69: =BW69 -> 118.8 | BZ69: =+'Matas Group P&L and KPIs'!BV69 -> 121.4 | CA69: =+'Matas Group P&L and KPIs'!BW69 -> 110.6 | CB69: =+'Matas Group P&L and KPIs'!BX69 -> 121.4 | CC69: =+'Matas Group P&L and KPIs'!BY69 -> 124.1 | CD69: =+'Matas Group P&L and KPIs'!BZ69 -> 124.1
B71: Stores, Matas | D71: 265 | G71: 265 | H71: 263 | K71: 263 | L71: 260 | O71: 260 | P71: 260 | S71: 260 | T71: 260 | W71: 260 | Y71: 260 | AB71: 260 | AC71: 261 | AF71: 261 | AG71: 262 | AJ71: 262 | AK71: 260 | AN71: 260 | AO71: 260 | AR71: 260 | AT71: 261 | AW71: 261 | AY71: =AW71+AX71 -> 261 | AZ71: 262 | BC71: 262 | BE71: 262 | BF71: 263 | BI71: 263 | BJ71: 264 | BM71: 264 | BN71: 264 | BQ71: 264 | BR71: =BQ71 -> 264 | BT71: ='Matas Group P&L and KPIs'!BP71 -> 265 | BU71: ='Matas Group P&L and KPIs'!BQ71 -> 266 | BV71: ='Matas Group P&L and KPIs'!BR71 -> 266 | BW71: ='Matas Group P&L and KPIs'!BS71 -> 267 | BX71: ='Matas Group P&L and KPIs'!BT71 -> 267 | BZ71: =+'Matas Group P&L and KPIs'!BV71 -> 265 | CA71: =+'Matas Group P&L and KPIs'!BW71 -> 265 | CB71: =+'Matas Group P&L and KPIs'!BX71 -> 265 | CC71: =+'Matas Group P&L and KPIs'!BY71 -> 264 | CD71: =+'Matas Group P&L and KPIs'!BZ71 -> 264
B72: Stores, KICKS *** | AX72: 227 | AY72: =AW72+AX72 -> 227 | AZ72: 226 | BC72: 226 | BE72: 226 | BF72: 227 | BI72: 227 | BJ72: 227 | BM72: 227 | BN72: 227 | BQ72: 227 | BR72: =BQ72 -> 227 | BT72: ='Matas Group P&L and KPIs'!BP72 -> 229 | BU72: ='Matas Group P&L and KPIs'!BQ72 -> 230 | BV72: ='Matas Group P&L and KPIs'!BR72 -> 230 | BW72: ='Matas Group P&L and KPIs'!BS72 -> 230 | BX72: ='Matas Group P&L and KPIs'!BT72 -> 230 | BZ72: =+'Matas Group P&L and KPIs'!BV72 -> 229 | CA72: =+'Matas Group P&L and KPIs'!BW72 -> 231 | CB72: =+'Matas Group P&L and KPIs'!BX72 -> 235 | CC72: =+'Matas Group P&L and KPIs'!BY72 -> 236 | CD72: =+'Matas Group P&L and KPIs'!BZ72 -> 236
B73: Stores, Group | D73: 265 | G73: 265 | H73: 263 | K73: 263 | L73: 260 | O73: 260 | P73: 260 | S73: 260 | T73: 260 | W73: 260 | Y73: 260 | AB73: 260 | AC73: 261 | AF73: 261 | AG73: 262 | AJ73: 262 | AK73: 260 | AN73: 260 | AO73: 260 | AR73: 260 | AT73: 261 | AW73: 261 | AX73: =SUM(AX71:AX72) -> 227 | AY73: =SUM(AY71:AY72) -> 488 | AZ73: 488 | BC73: 488 | BE73: 488 | BF73: 490 | BI73: 490 | BJ73: 491 | BM73: 491 | BN73: 491 | BQ73: 491 | BR73: =BQ73 -> 491 | BT73: =SUM(BT71:BT72) -> 494 | BU73: =SUM(BU71:BU72) -> 496 | BV73: =SUM(BV71:BV72) -> 496 | BW73: =SUM(BW71:BW72) -> 497 | BX73: =SUM(BX71:BX72) -> 497 | BZ73: =SUM(BZ71:BZ72) -> 494 | CA73: =SUM(CA71:CA72) -> 496 | CB73: =SUM(CB71:CB72) -> 500 | CC73: =SUM(CC71:CC72) -> 500 | CD73: =SUM(CD71:CD72) -> 500
B75: Average number of employees | D75: 2084.4806 | G75: 2084.4806 | H75: 2162.9457 | K75: 2162.9457 | L75: 2250.1903 | O75: 2250.1903 | P75: 2164 | S75: 2164 | T75: 2164 | W75: 2164 | Y75: 2071 | AB75: 2071 | AC75: 2140 | AF75: 2140 | AG75: 2215 | AJ75: 2215 | AK75: 2072 | AN75: 2072 | AO75: 2124 | AR75: 2124 | AT75: 2054.2479 | AW75: 2054.2479 | AX75: 1160.7521 | AY75: 3215 | AZ75: 2619.5127 | BC75: 2619.5127 | BD75: =1289/4*3 -> 966.75 | BE75: =BC75+BD75 -> 3586.2627 | BF75: 3614.4 | BI75: 3614.4 | BJ75: 3435.8394 | BM75: 3435.8394 | BN75: 2931 | BQ75: 2931 | BR75: 3450 | BT75: 3389 | BU75: 3468 | BV75: ='Matas Group P&L and KPIs'!BR75 -> 3734 | BW75: ='Matas Group P&L and KPIs'!BS75 -> 3450 | BX75: 3504 | BZ75: =+'Matas Group P&L and KPIs'!BV75 -> 3347 | CA75: =+'Matas Group P&L and KPIs'!BW75 -> 3311 | CB75: =+'Matas Group P&L and KPIs'!BX75 -> 3564 | CC75: =+'Matas Group P&L and KPIs'!BY75 -> 3330 | CD75: =+'Matas Group P&L and KPIs'!BZ75 -> 3374
L76: * The DKK 20 million adjustment on COGS regarding special items is a non-recurring effect resulting from National Tax Tribunal's decision in the Club Matas VAT case. | T76: * The DKK 20 million adjustment on COGS regarding special items is a non-recurring effect resulting from National Tax Tribunal's decision in the Club Matas VAT case. | BJ76: * Q4 includes roundings to full year amounts with no decimals. | BT76: **) The gross profit between the segments has been corrected due to mistakes in internal profit between segments for the periods Q1 2024/25 to Q1 2025/26. | CA76: ***) Number of stores in KICKS pr. 30 June 2025 has been corrected from 230 to 229.

Sheet Category by banner
B1: MATAS GROUP
B2: Revenue by category | D2: 2021/22 | E2: =D2 -> 2021/22 | F2: =E2 -> 2021/22 | G2: =F2 -> 2021/22 | H2: =G2 -> 2021/22 | J2: 2022/23 | K2: =J2 -> 2022/23 | L2: =K2 -> 2022/23 | M2: =L2 -> 2022/23 | N2: =M2 -> 2022/23 | P2: 2023/24 | Q2: =P2 -> 2023/24 | R2: =Q2 -> 2023/24 | S2: =R2 -> 2023/24 | T2: =S2 -> 2023/24 | V2: 2024/25 | W2: =V2 -> 2024/25 | X2: =W2 -> 2024/25 | Y2: =X2 -> 2024/25 | Z2: =Y2 -> 2024/25 | AB2: 2025/26 | AC2: =AB2 -> 2025/26 | AD2: =AC2 -> 2025/26 | AE2: =AD2 -> 2025/26 | AF2: =AE2 -> 2025/26
B3: DKK million | D3: Q1 | E3: Q2 | F3: Q3 | G3: Q4 | H3: FY | J3: Q1 | K3: Q2 | L3: Q3 | M3: Q4 | N3: FY | P3: Q1 | Q3: Q2 | R3: Q3 | S3: Q4 * | T3: FY | V3: Q1 | W3: Q2 | X3: Q3 | Y3: Q4 | Z3: FY | AB3: Q1 | AC3: Q2 | AD3: Q3 | AE3: Q4 | AF3: FY
B5: Revenue | D5: 1021.3 | E5: 973.9 | F5: 1378.4 | G5: 970.6 | H5: 4344.2 | J5: 1053.5 | K5: 989.2 | L5: 1396.2 | M5: 1050.7 | N5: 4489.6 | P5: 1150 | Q5: 1285.4 | R5: 2508 | S5: 1757.6 | T5: 6701 | V5: =+'Matas Group P&L and KPIs'!BP5 -> 1956 | W5: =+'Matas Group P&L and KPIs'!BQ5 -> 1851 | X5: ='Matas Group P&L and KPIs'!BR5 -> 2694 | Y5: ='Matas Group P&L and KPIs'!BS5 -> 1878 | Z5: =SUM(V5:Y5) -> 8379 | AB5: =+'Matas Group P&L and KPIs'!BV5 -> 2074 | AC5: =+'Matas Group P&L and KPIs'!BW5 -> 1945 | AD5: =+'Matas Group P&L and KPIs'!BX5 -> 2776 | AE5: =+'Matas Group P&L and KPIs'!BY5 -> 1981 | AF5: =SUM(AB5:AE5) -> 8776
B7: Matas Group
B8: High End Beauty | D8: 358.24343 | E8: 320.31848 | F8: 573.5183 | G8: 298.21978 | H8: 1550.3 | J8: 360.5 | K8: 315.2 | L8: 575.3 | M8: 309.7 | N8: 1560.7 | P8: =P17+P26+P35 -> 371.4 | Q8: =Q17+Q26+Q35 -> 491.8 | R8: =R17+R26+R35 -> 1366.4 | S8: =S17+S26+S35 -> 834.4 | T8: =T17+T26+T35 -> 3063.7 | V8: =V17+V26+V35 -> 959 | W8: =W17+W26+W35 -> 906 | X8: =X17+X26+X35 -> 1481 | Y8: =Y17+Y26+Y35 -> 857 | Z8: =SUM(V8:Y8) -> 4203 | AB8: =AB17+AB26+AB35 -> 978 | AC8: =AC17+AC26+AC35 -> 895 | AD8: =AD17+AD26+AD35 -> 1459 | AE8: =AE17+AE26+AE35 -> 911 | AF8: =SUM(AB8:AE8) -> 4243
B9: Mass Beauty | D9: 351.34708 | E9: 334.65363 | F9: 433.11656 | G9: 325.38272 | H9: 1444.5 | J9: 372.4 | K9: 345.7 | L9: 455.8 | M9: 362.1 | N9: 1536 | P9: =P18+P27+P36 -> 411.3 | Q9: =Q18+Q27+Q36 -> 415.2 | R9: =R18+R27+R36 -> 717.4 | S9: =S18+S27+S36 -> 512.1 | T9: =T18+T27+T36 -> 2055.8 | V9: =V18+V27+V36 -> 575 | W9: =W18+W27+W36 -> 536 | X9: =X18+X27+X36 -> 742 | Y9: =Y18+Y27+Y36 -> 555 | Z9: =SUM(V9:Y9) -> 2408 | AB9: =AB18+AB27+AB36 -> 630 | AC9: =AC18+AC27+AC36 -> 579 | AD9: =AD18+AD27+AD36 -> 787 | AE9: =AE18+AE27+AE36 -> 596 | AF9: =SUM(AB9:AE9) -> 2592
B10: Health & Wellbeing | D10: 260.09752 | E10: 260.49588 | F10: 300.73892 | G10: 287.72769 | H10: 1109.1 | J10: 269.5 | K10: 272.5 | L10: 301.5 | M10: 313.5 | N10: 1157 | P10: =P19+P28+P37 -> 313 | Q10: =Q19+Q28+Q37 -> 322.5 | R10: =R19+R28+R37 -> 357 | S10: =S19+S28+S37 -> 353.5 | T10: =T19+T28+T37 -> 1345.8 | V10: =V19+V28+V37 -> 354 | W10: =W19+W28+W37 -> 345 | X10: =X19+X28+X37 -> 385 | Y10: =Y19+Y28+Y37 -> 380 | Z10: =SUM(V10:Y10) -> 1464 | AB10: =AB19+AB28+AB37 -> 382 | AC10: =AC19+AC28+AC37 -> 390 | AD10: =AD19+AD28+AD37 -> 424 | AE10: =AE19+AE28+AE37 -> 400 | AF10: =SUM(AB10:AE10) -> 1596
B11: Other | D11: 30.330967 | E11: 33.683752 | F11: 43.889412 | G11: 30.495869 | H11: 138.4 | J11: 26.5 | K11: 31.3 | L11: 38.7 | M11: 30 | N11: 126.5 | P11: =P20+P29+P38 -> 25.2 | Q11: =Q20+Q29+Q38 -> 26.8 | R11: =R20+R29+R38 -> 43.6 | S11: =S20+S29+S38 -> 27.4 | T11: =T20+T29+T38 -> 123.3 | V11: =V20+V29+V38 -> 38 | W11: =W20+W29+W38 -> 38 | X11: =X20+X29+X38 -> 56 | Y11: =Y20+Y29+Y38 -> 53 | Z11: =SUM(V11:Y11) -> 185 | AB11: =AB20+AB29+AB38 -> 47 | AC11: =AC20+AC29+AC38 -> 43 | AD11: =AD20+AD29+AD38 -> 65 | AE11: =AE20+AE29+AE38 -> 34 | AF11: =SUM(AB11:AE11) -> 189
B12: Total retail revenue | D12: 1000.019 | E12: 949.15174 | F12: 1351.2632 | G12: 941.82606 | H12: 4242.3 | J12: 1028.9 | K12: 964.7 | L12: 1371.3 | M12: 1015.3 | N12: 4380.2 | P12: =SUM(P8:P11) -> 1120.9 | Q12: =SUM(Q8:Q11) -> 1256.3 | R12: =SUM(R8:R11) -> 2484.4 | S12: =SUM(S8:S11) -> 1727.4 | T12: =SUM(T8:T11) -> 6588.6 | V12: =SUM(V8:V11) -> 1926 | W12: =SUM(W8:W11) -> 1825 | X12: =SUM(X8:X11) -> 2664 | Y12: =SUM(Y8:Y11) -> 1845 | Z12: =SUM(Z8:Z11) -> 8260 | AB12: =SUM(AB8:AB11) -> 2037 | AC12: =SUM(AC8:AC11) -> 1907 | AD12: =SUM(AD8:AD11) -> 2735 | AE12: =SUM(AE8:AE11) -> 1941 | AF12: =SUM(AF8:AF11) -> 8620
B13: Wholesale | D13: 21.281 | E13: 24.748259 | F13: 27.1368 | G13: 28.773941 | H13: 101.9 | J13: 24.6 | K13: 24.5 | L13: 24.9 | M13: 35.4 | N13: 109.4 | P13: =P22+P31+P40 -> 29.1 | Q13: =Q22+Q31+Q40 -> 29.1 | R13: =R22+R31+R40 -> 23.6 | S13: =S22+S31+S40 -> 30.2 | T13: 112 | V13: =V22+V31+V40 -> 30 | W13: =W22+W31+W40 -> 26 | X13: =X22+X31+X40 -> 30 | Y13: =Y22+Y31+Y40 -> 32.796445 | Z13: =SUM(V13:Y13) -> 118.79644 | AB13: =AB22+AB31+AB40 -> 37 | AC13: =AC22+AC31+AC40 -> 38 | AD13: =AD22+AD31+AD40 -> 41 | AE13: =AE22+AE31+AE40 -> 40 | AF13: =SUM(AB13:AE13) -> 156
B14: Total revenue, Matas Group | D14: 1021.3 | E14: 973.9 | F14: 1378.4 | G14: 970.6 | H14: 4344.2 | J14: 1053.5 | K14: 989.2 | L14: 1396.2 | M14: 1050.7 | N14: 4489.6 | P14: =SUM(P12:P13) -> 1150 | Q14: =SUM(Q12:Q13) -> 1285.4 | R14: =SUM(R12:R13) -> 2508 | S14: =SUM(S12:S13) -> 1757.6 | T14: =SUM(T12:T13) -> 6700.6 | V14: =SUM(V12:V13) -> 1956 | W14: =SUM(W12:W13) -> 1851 | X14: =SUM(X12:X13) -> 2694 | Y14: =SUM(Y12:Y13) -> 1877.7964 | Z14: =SUM(Z12:Z13) -> 8378.7964 | AB14: =SUM(AB12:AB13) -> 2074 | AC14: =SUM(AC12:AC13) -> 1945 | AD14: =SUM(AD12:AD13) -> 2776 | AE14: =SUM(AE12:AE13) -> 1981 | AF14: =SUM(AF12:AF13) -> 8776
B16: Matas | V16: *) | W16: *) | X16: *) | Y16: *) | Z16: *)
B17: High End Beauty | D17: 358.24343 | E17: 320.31848 | F17: 573.5183 | G17: 298.21978 | H17: 1550.3 | J17: 360.5 | K17: 315.2 | L17: 575.3 | M17: 309.7 | N17: 1560.7 | P17: 371.4 | Q17: 325.3 | R17: 605.8 | S17: 327.8 | T17: 1630 | V17: 414 | W17: 367 | X17: 672 | Y17: 343 | Z17: =SUM(V17:Y17) -> 1796 | AB17: 421 | AC17: 369 | AD17: 671 | AE17: 353 | AF17: =SUM(AB17:AE17) -> 1814
B18: Mass Beauty | D18: 351.34708 | E18: 334.65363 | F18: 433.11656 | G18: 325.38272 | H18: 1444.5 | J18: 372.4 | K18: 345.7 | L18: 455.8 | M18: 362.1 | N18: 1536 | P18: 390.1 | Q18: 344.4 | R18: 470.6 | S18: 342.1 | T18: 1547 | V18: 386 | W18: 354 | X18: 479 | Y18: 360 | Z18: =SUM(V18:Y18) -> 1579 | AB18: 416 | AC18: 384 | AD18: 516 | AE18: 385 | AF18: =SUM(AB18:AE18) -> 1701
B19: Health & Wellbeing | D19: 260.09752 | E19: 260.49588 | F19: 300.73892 | G19: 287.72769 | H19: 1109.1 | J19: 269.5 | K19: 272.5 | L19: 301.5 | M19: 313.5 | N19: 1157 | P19: 250.4 | Q19: 254.5 | R19: 286.6 | S19: 265.7 | T19: 1057 | V19: 274 | W19: 268 | X19: 295 | Y19: 283 | Z19: =SUM(V19:Y19) -> 1120 | AB19: 293 | AC19: 298 | AD19: 323 | AE19: 299 | AF19: =SUM(AB19:AE19) -> 1213
B20: Other | D20: 30.330967 | E20: 33.683752 | F20: 43.889412 | G20: 30.495869 | H20: 138.4 | J20: 26.5 | K20: 31.3 | L20: 38.7 | M20: 30 | N20: 126.5 | P20: 24.5 | Q20: 26.2 | R20: 39.5 | S20: 24.5 | T20: 115 | V20: 37 | W20: 36 | X20: 54 | Y20: 53 | Z20: =SUM(V20:Y20) -> 180 | AB20: 39 | AC20: 42 | AD20: 62 | AE20: 32 | AF20: =SUM(AB20:AE20) -> 175
B21: Total retail revenue | D21: 1000.019 | E21: 949.15174 | F21: 1351.2632 | G21: 941.82606 | H21: 4242.3 | J21: 1028.9 | K21: 964.7 | L21: 1371.3 | M21: 1015.3 | N21: 4380.2 | P21: =SUM(P17:P20) -> 1036.4 | Q21: =SUM(Q17:Q20) -> 950.4 | R21: =SUM(R17:R20) -> 1402.5 | S21: =SUM(S17:S20) -> 960.1 | T21: =SUM(T17:T20) -> 4349 | V21: =SUM(V17:V20) -> 1111 | W21: =SUM(W17:W20) -> 1025 | X21: =SUM(X17:X20) -> 1500 | Y21: =SUM(Y17:Y20) -> 1039 | Z21: =SUM(Z17:Z20) -> 4675 | AB21: =SUM(AB17:AB20) -> 1169 | AC21: =SUM(AC17:AC20) -> 1093 | AD21: =SUM(AD17:AD20) -> 1572 | AE21: =SUM(AE17:AE20) -> 1069 | AF21: =SUM(AF17:AF20) -> 4903
B22: Wholesale | D22: 21.281 | E22: 24.748259 | F22: 27.1368 | G22: 28.773941 | H22: 101.9 | J22: 24.6 | K22: 24.5 | L22: 24.9 | M22: 35.4 | N22: 109.4 | P22: 1.3 | Q22: 2.4 | R22: -3.8 | S22: 7.7 | T22: 8 | V22: 2 | W22: 0 | X22: 3 | Y22: 2.7964447 | Z22: =SUM(V22:Y22) -> 7.7964447 | AB22: 3 | AC22: 2 | AD22: 3 | AE22: 1 | AF22: =SUM(AB22:AE22) -> 9
B23: Total revenue, Matas | D23: 1021.3 | E23: 973.9 | F23: 1378.4 | G23: 970.6 | H23: 4344.2 | J23: 1053.5 | K23: 989.2 | L23: 1396.2 | M23: 1050.7 | N23: 4489.6 | P23: =SUM(P21:P22) -> 1037.7 | Q23: =SUM(Q21:Q22) -> 952.8 | R23: =SUM(R21:R22) -> 1398.7 | S23: =SUM(S21:S22) -> 967.8 | T23: =SUM(T21:T22) -> 4357 | V23: =SUM(V21:V22) -> 1113 | W23: =SUM(W21:W22) -> 1025 | X23: =SUM(X21:X22) -> 1503 | Y23: =SUM(Y21:Y22) -> 1041.7964 | Z23: =SUM(Z21:Z22) -> 4682.7964 | AB23: =SUM(AB21:AB22) -> 1172 | AC23: =SUM(AC21:AC22) -> 1095 | AD23: =SUM(AD21:AD22) -> 1575 | AE23: =SUM(AE21:AE22) -> 1070 | AF23: =SUM(AF21:AF22) -> 4912
V24: *) Split on categories has been corrected for Matas in alignment with 2025/26
B25: KICKS
B26: High End Beauty | Q26: 166.5 | R26: 760.6 | S26: 506.6 | T26: 1433.7 | V26: 545 | W26: 539 | X26: 809 | Y26: 514 | Z26: =SUM(V26:Y26) -> 2407 | AB26: 557 | AC26: 526 | AD26: 788 | AE26: 558 | AF26: =SUM(AB26:AE26) -> 2429
B27: Mass Beauty | Q27: 50.4 | R27: 220.5 | S27: 153.1 | T27: 424 | V27: 169 | W27: 162 | X27: 239 | Y27: 170 | Z27: =SUM(V27:Y27) -> 740 | AB27: 191 | AC27: 175 | AD27: 248 | AE27: 187 | AF27: =SUM(AB27:AE27) -> 801
B28: Health & Wellbeing | Q28: 0.2 | R28: 1.2 | S28: 0.5 | T28: 1.9 | V28: 0 | W28: 1 | X28: 1 | Y28: 2 | Z28: =SUM(V28:Y28) -> 4 | AB28: 2 | AC28: 2 | AD28: 4 | AE28: 1 | AF28: =SUM(AB28:AE28) -> 9
B29: Other | R29: 1 | S29: 0 | T29: 1 | V29: 0 | W29: 0 | X29: 0 | Y29: 0 | Z29: =SUM(V29:Y29) -> 0 | AB29: 7 | AC29: 0 | AD29: 1 | AE29: 0 | AF29: =SUM(AB29:AE29) -> 8
B30: Total retail revenue | Q30: 217.1 | R30: 983.3 | S30: 660.2 | T30: 1860.6 | V30: =SUM(V26:V29) -> 714 | W30: 702 | X30: =SUM(X26:X29) -> 1049 | Y30: =SUM(Y26:Y29) -> 686 | Z30: =SUM(Z26:Z29) -> 3151 | AB30: =SUM(AB26:AB29) -> 757 | AC30: =SUM(AC26:AC29) -> 703 | AD30: =SUM(AD26:AD29) -> 1041 | AE30: =SUM(AE26:AE29) -> 746 | AF30: =SUM(AF26:AF29) -> 3247
B31: Wholesale | Y31: 0 | Z31: =SUM(V31:Y31) -> 0 | AB31: 0 | AC31: 0 | AD31: 0 | AE31: 0 | AF31: =SUM(AB31:AE31) -> 0
B32: Total revenue, KICKS | Q32: 217.1 | R32: 983.3 | S32: 660.2 | T32: 1860.6 | V32: =SUM(V30:V31) -> 714 | W32: 702 | X32: =SUM(X30:X31) -> 1049 | Y32: =SUM(Y30:Y31) -> 686 | Z32: =SUM(Z30:Z31) -> 3151 | AB32: =SUM(AB30:AB31) -> 757 | AC32: =SUM(AC30:AC31) -> 703 | AD32: =SUM(AD30:AD31) -> 1041 | AE32: =SUM(AE30:AE31) -> 746 | AF32: =SUM(AF30:AF31) -> 3247
B34: Other
B35: High End Beauty | P35: 0 | Q35: 0 | R35: 0 | S35: 0 | T35: =SUM(P35:S35) -> 0 | V35: 0 | W35: 0 | X35: 0 | Y35: 0 | Z35: =SUM(V35:Y35) -> 0 | AB35: 0 | AC35: 0 | AD35: 0 | AE35: 0 | AF35: =SUM(AB35:AE35) -> 0
B36: Mass Beauty | P36: 21.2 | Q36: 20.4 | R36: 26.3 | S36: 16.9 | T36: =SUM(P36:S36) -> 84.8 | V36: 20 | W36: 20 | X36: 24 | Y36: 25 | Z36: =SUM(V36:Y36) -> 89 | AB36: 23 | AC36: 20 | AD36: 23 | AE36: 24 | AF36: =SUM(AB36:AE36) -> 90
B37: Health & Wellbeing | P37: 62.6 | Q37: 67.8 | R37: 69.2 | S37: 87.3 | T37: =SUM(P37:S37) -> 286.9 | V37: 80 | W37: 76 | X37: 89 | Y37: 95 | Z37: =SUM(V37:Y37) -> 340 | AB37: 87 | AC37: 90 | AD37: 97 | AE37: 100 | AF37: =SUM(AB37:AE37) -> 374
B38: Other | P38: 0.7 | Q38: 0.6 | R38: 3.1 | S38: 2.9 | T38: =SUM(P38:S38) -> 7.3 | V38: 1 | W38: 2 | X38: 2 | Y38: 0 | Z38: =SUM(V38:Y38) -> 5 | AB38: 1 | AC38: 1 | AD38: 2 | AE38: 2 | AF38: =SUM(AB38:AE38) -> 6
B39: Total retail revenue | P39: =SUM(P35:P38) -> 84.5 | Q39: =SUM(Q35:Q38) -> 88.8 | R39: =SUM(R35:R38) -> 98.6 | S39: =SUM(S35:S38) -> 107.1 | T39: =SUM(T35:T38) -> 379 | V39: =SUM(V35:V38) -> 101 | W39: =SUM(W35:W38) -> 98 | X39: =SUM(X35:X38) -> 115 | Y39: =SUM(Y35:Y38) -> 120 | Z39: =SUM(Z35:Z38) -> 434 | AB39: =SUM(AB35:AB38) -> 111 | AC39: =SUM(AC35:AC38) -> 111 | AD39: =SUM(AD35:AD38) -> 122 | AE39: =SUM(AE35:AE38) -> 126 | AF39: =SUM(AF35:AF38) -> 470
B40: Wholesale | P40: 27.8 | Q40: 26.7 | R40: 27.4 | S40: 22.5 | T40: =SUM(P40:S40) -> 104.4 | V40: 28 | W40: 26 | X40: 27 | Y40: 30 | Z40: =SUM(V40:Y40) -> 111 | AB40: 34 | AC40: 36 | AD40: 38 | AE40: 39 | AF40: =SUM(AB40:AE40) -> 147
B41: Total revenue, Other | P41: =SUM(P39:P40) -> 112.3 | Q41: =SUM(Q39:Q40) -> 115.5 | R41: =SUM(R39:R40) -> 126 | S41: =SUM(S39:S40) -> 129.6 | T41: =SUM(T39:T40) -> 483.4 | V41: =SUM(V39:V40) -> 129 | W41: =SUM(W39:W40) -> 124 | X41: =SUM(X39:X40) -> 142 | Y41: =SUM(Y39:Y40) -> 150 | Z41: =SUM(Z39:Z40) -> 545 | AB41: =SUM(AB39:AB40) -> 145 | AC41: =SUM(AC39:AC40) -> 147 | AD41: =SUM(AD39:AD40) -> 160 | AE41: =SUM(AE39:AE40) -> 165 | AF41: =SUM(AF39:AF40) -> 617
B43: Matas Group is segmented in three reportable segments Matas, KICKS and Other. Management has aggregated the operational segments Firtal, Grænn and Web Sundhed as one reportable segment "Other" due to similarities in operations. | S43: * Q4 includes roundings to full year amounts with no decimals.
B45: KICKS was acquired 31 August 2023 and is therefore included with 7 months in 2023/24.

Sheet Profoma Category by banner
B1: MATAS GROUP | P1: Proforma | Q1: Proforma | T1: Proforma
B2: Revenue by category | D2: 2021/22 | E2: =D2 -> 2021/22 | F2: =E2 -> 2021/22 | G2: =F2 -> 2021/22 | H2: =G2 -> 2021/22 | J2: 2022/23 | K2: =J2 -> 2022/23 | L2: =K2 -> 2022/23 | M2: =L2 -> 2022/23 | N2: =M2 -> 2022/23 | P2: 2023/24 | Q2: 2023/24 | R2: 2023/24 | S2: 2023/24 | T2: 2023/24 | V2: 2024/25 | W2: =V2 -> 2024/25 | X2: =W2 -> 2024/25 | Y2: =X2 -> 2024/25 | Z2: =Y2 -> 2024/25 | AB2: 2025/26 | AC2: =AB2 -> 2025/26 | AD2: =AC2 -> 2025/26 | AE2: =AD2 -> 2025/26 | AF2: =AE2 -> 2025/26
B3: DKK million | D3: Q1 | E3: Q2 | F3: Q3 | G3: Q4 | H3: FY | J3: Q1 | K3: Q2 | L3: Q3 | M3: Q4 | N3: FY | P3: Q1 | Q3: Q2 | R3: Q3 | S3: Q4 * | T3: FY | V3: Q1 | W3: Q2 | X3: Q3 | Y3: Q4 | Z3: FY | AB3: Q1 | AC3: Q2 | AD3: Q3 | AE3: Q4 | AF3: FY
B5: Revenue | D5: 1021.3 | E5: 973.9 | F5: 1378.4 | G5: 970.6 | H5: 4344.2 | J5: 1053.5 | K5: 989.2 | L5: 1396.2 | M5: 1050.7 | N5: 4489.6 | P5: ='Matas Proforma Group P&L'!AY5 -> 1841.2802 | Q5: ='Matas Proforma Group P&L'!BE5 -> 1727.0168 | R5: 2508 | S5: 1757.6 | T5: 7833.897 | V5: =+'Matas Proforma Group P&L'!BT5 -> 1956 | W5: =+'Matas Proforma Group P&L'!BU5 -> 1851 | X5: =+'Matas Proforma Group P&L'!BV5 -> 2694 | Y5: =+'Matas Proforma Group P&L'!BW5 -> 1878 | Z5: ='Matas Group P&L and KPIs'!BT5 -> 8379 | AB5: =+'Category by banner'!AB5 -> 2074 | AC5: =+'Category by banner'!AC5 -> 1945 | AD5: =+'Category by banner'!AD5 -> 2776 | AE5: =+'Category by banner'!AE5 -> 1981 | AF5: ='Matas Group P&L and KPIs'!BZ5 -> 8776
B7: Matas Group
B8: High End Beauty | D8: 358.24343 | E8: 320.31848 | F8: 573.5183 | G8: 298.21978 | H8: 1550.3 | J8: 360.5 | K8: 315.2 | L8: 575.3 | M8: 309.7 | N8: 1560.7 | P8: =P17+P26+P35 -> 879.8 | Q8: =Q17+Q26+Q35 -> 818.2 | R8: =R17+R26+R35 -> 1366.4 | S8: =S17+S26+S35 -> 834.4 | T8: =SUM(P8:S8) -> 3898.8 | V8: =V17+V26+V35 -> 959 | W8: =W17+W26+W35 -> 906 | X8: =X17+X26+X35 -> 1481 | Y8: =Y17+Y26+Y35 -> 857 | Z8: =SUM(V8:Y8) -> 4203 | AB8: =+'Category by banner'!AB8 -> 978 | AC8: =+'Category by banner'!AC8 -> 895 | AD8: =+'Category by banner'!AD8 -> 1459 | AE8: =+'Category by banner'!AE8 -> 911 | AF8: =SUM(AB8:AE8) -> 4243
B9: Mass Beauty | D9: 351.34708 | E9: 334.65363 | F9: 433.11656 | G9: 325.38272 | H9: 1444.5 | J9: 372.4 | K9: 345.7 | L9: 455.8 | M9: 362.1 | N9: 1536 | P9: =P18+P27+P36 -> 584.7 | Q9: =Q18+Q27+Q36 -> 529 | R9: =R18+R27+R36 -> 717.4 | S9: =S18+S27+S36 -> 512.1 | T9: =SUM(P9:S9) -> 2343.2 | V9: =V18+V27+V36 -> 575 | W9: =W18+W27+W36 -> 536 | X9: =X18+X27+X36 -> 742 | Y9: =Y18+Y27+Y36 -> 555 | Z9: =SUM(V9:Y9) -> 2408 | AB9: =+'Category by banner'!AB9 -> 630 | AC9: =+'Category by banner'!AC9 -> 579 | AD9: =+'Category by banner'!AD9 -> 787 | AE9: =+'Category by banner'!AE9 -> 596 | AF9: =SUM(AB9:AE9) -> 2592
B10: Health & Wellbeing | D10: 260.09752 | E10: 260.49588 | F10: 300.73892 | G10: 287.72769 | H10: 1109.1 | J10: 269.5 | K10: 272.5 | L10: 301.5 | M10: 313.5 | N10: 1157 | P10: =P19+P28+P37 -> 313.7 | Q10: =Q19+Q28+Q37 -> 323 | R10: =R19+R28+R37 -> 357 | S10: =S19+S28+S37 -> 353.5 | T10: =SUM(P10:S10) -> 1347.2 | V10: =V19+V28+V37 -> 354 | W10: =W19+W28+W37 -> 345 | X10: =X19+X28+X37 -> 385 | Y10: =Y19+Y28+Y37 -> 380 | Z10: =SUM(V10:Y10) -> 1464 | AB10: =+'Category by banner'!AB10 -> 382 | AC10: =+'Category by banner'!AC10 -> 390 | AD10: =+'Category by banner'!AD10 -> 424 | AE10: =+'Category by banner'!AE10 -> 400 | AF10: =SUM(AB10:AE10) -> 1596
B11: Other | D11: 30.330967 | E11: 33.683752 | F11: 43.889412 | G11: 30.495869 | H11: 138.4 | J11: 26.5 | K11: 31.3 | L11: 38.7 | M11: 30 | N11: 126.5 | P11: =P20+P29+P38 -> 33.9 | Q11: =Q20+Q29+Q38 -> 27.7 | R11: =R20+R29+R38 -> 43.6 | S11: =S20+S29+S38 -> 27.4 | T11: =SUM(P11:S11) -> 132.6 | V11: =V20+V29+V38 -> 38 | W11: =W20+W29+W38 -> 38 | X11: =X20+X29+X38 -> 56 | Y11: =Y20+Y29+Y38 -> 53 | Z11: =SUM(V11:Y11) -> 185 | AB11: =+'Category by banner'!AB11 -> 47 | AC11: =+'Category by banner'!AC11 -> 43 | AD11: =+'Category by banner'!AD11 -> 65 | AE11: =+'Category by banner'!AE11 -> 34 | AF11: =SUM(AB11:AE11) -> 189
B12: Total retail revenue | D12: 1000.019 | E12: 949.15174 | F12: 1351.2632 | G12: 941.82606 | H12: 4242.3 | J12: 1028.9 | K12: 964.7 | L12: 1371.3 | M12: 1015.3 | N12: 4380.2 | P12: =SUM(P8:P11) -> 1812.1 | Q12: =SUM(Q8:Q11) -> 1697.9 | R12: =SUM(R8:R11) -> 2484.4 | S12: =SUM(S8:S11) -> 1727.4 | T12: =SUM(T8:T11) -> 7721.8 | V12: =SUM(V8:V11) -> 1926 | W12: =SUM(W8:W11) -> 1825 | X12: =SUM(X8:X11) -> 2664 | Y12: =SUM(Y8:Y11) -> 1845 | Z12: =SUM(Z8:Z11) -> 8260 | AB12: =SUM(AB8:AB11) -> 2037 | AC12: =SUM(AC8:AC11) -> 1907 | AD12: =SUM(AD8:AD11) -> 2735 | AE12: =SUM(AE8:AE11) -> 1941 | AF12: =SUM(AF8:AF11) -> 8620
B13: Wholesale | D13: 21.281 | E13: 24.748259 | F13: 27.1368 | G13: 28.773941 | H13: 101.9 | J13: 24.6 | K13: 24.5 | L13: 24.9 | M13: 35.4 | N13: 109.4 | P13: =P22+P31+P40 -> 29.1 | Q13: =Q22+Q31+Q40 -> 29.1 | R13: =R22+R31+R40 -> 23.6 | S13: =S22+S31+S40 -> 30.2 | T13: =SUM(P13:S13) -> 112 | V13: =V22+V31+V40 -> 30 | W13: =W22+W31+W40 -> 26 | X13: =X22+X31+X40 -> 30 | Y13: =Y22+Y31+Y40 -> 32.796445 | Z13: =SUM(V13:Y13) -> 118.79644 | AB13: =+'Category by banner'!AB13 -> 37 | AC13: =+'Category by banner'!AC13 -> 38 | AD13: =+'Category by banner'!AD13 -> 41 | AE13: =+'Category by banner'!AE13 -> 40 | AF13: =SUM(AB13:AE13) -> 156
B14: Total revenue, Matas Group | D14: 1021.3 | E14: 973.9 | F14: 1378.4 | G14: 970.6 | H14: 4344.2 | J14: 1053.5 | K14: 989.2 | L14: 1396.2 | M14: 1050.7 | N14: 4489.6 | P14: =SUM(P12:P13) -> 1841.2 | Q14: =SUM(Q12:Q13) -> 1727 | R14: =SUM(R12:R13) -> 2508 | S14: =SUM(S12:S13) -> 1757.6 | T14: =SUM(T12:T13) -> 7833.8 | V14: =SUM(V12:V13) -> 1956 | W14: =SUM(W12:W13) -> 1851 | X14: =SUM(X12:X13) -> 2694 | Y14: =SUM(Y12:Y13) -> 1877.7964 | Z14: =SUM(Z12:Z13) -> 8378.7964 | AB14: =SUM(AB12:AB13) -> 2074 | AC14: =SUM(AC12:AC13) -> 1945 | AD14: =SUM(AD12:AD13) -> 2776 | AE14: =SUM(AE12:AE13) -> 1981 | AF14: =SUM(AF12:AF13) -> 8776
B16: Matas | V16: *) | W16: *) | X16: *)
B17: High End Beauty | D17: 358.24343 | E17: 320.31848 | F17: 573.5183 | G17: 298.21978 | H17: 1550.3 | J17: 360.5 | K17: 315.2 | L17: 575.3 | M17: 309.7 | N17: 1560.7 | P17: 371.4 | Q17: 325.3 | R17: 605.8 | S17: 327.8 | T17: 1630 | V17: =+'Category by banner'!V17 -> 414 | W17: =+'Category by banner'!W17 -> 367 | X17: 672 | Y17: =+'Category by banner'!Y17 -> 343 | Z17: =SUM(V17:Y17) -> 1796 | AB17: =+'Category by banner'!AB17 -> 421 | AC17: =+'Category by banner'!AC17 -> 369 | AD17: =+'Category by banner'!AD17 -> 671 | AE17: =+'Category by banner'!AE17 -> 353 | AF17: =SUM(AB17:AE17) -> 1814
B18: Mass Beauty | D18: 351.34708 | E18: 334.65363 | F18: 433.11656 | G18: 325.38272 | H18: 1444.5 | J18: 372.4 | K18: 345.7 | L18: 455.8 | M18: 362.1 | N18: 1536 | P18: 390.1 | Q18: 344.5 | R18: 470.6 | S18: 342.1 | T18: 1547 | V18: =+'Category by banner'!V18 -> 386 | W18: =+'Category by banner'!W18 -> 354 | X18: 479 | Y18: =+'Category by banner'!Y18 -> 360 | Z18: =SUM(V18:Y18) -> 1579 | AB18: =+'Category by banner'!AB18 -> 416 | AC18: =+'Category by banner'!AC18 -> 384 | AD18: =+'Category by banner'!AD18 -> 516 | AE18: =+'Category by banner'!AE18 -> 385 | AF18: =SUM(AB18:AE18) -> 1701
B19: Health & Wellbeing | D19: 260.09752 | E19: 260.49588 | F19: 300.73892 | G19: 287.72769 | H19: 1109.1 | J19: 269.5 | K19: 272.5 | L19: 301.5 | M19: 313.5 | N19: 1157 | P19: 250.4 | Q19: 254.5 | R19: 286.6 | S19: 265.7 | T19: 1057 | V19: =+'Category by banner'!V19 -> 274 | W19: =+'Category by banner'!W19 -> 268 | X19: 295 | Y19: =+'Category by banner'!Y19 -> 283 | Z19: =SUM(V19:Y19) -> 1120 | AB19: =+'Category by banner'!AB19 -> 293 | AC19: =+'Category by banner'!AC19 -> 298 | AD19: =+'Category by banner'!AD19 -> 323 | AE19: =+'Category by banner'!AE19 -> 299 | AF19: =SUM(AB19:AE19) -> 1213
B20: Other | D20: 30.330967 | E20: 33.683752 | F20: 43.889412 | G20: 30.495869 | H20: 138.4 | J20: 26.5 | K20: 31.3 | L20: 38.7 | M20: 30 | N20: 126.5 | P20: 24.5 | Q20: 26.2 | R20: 39.5 | S20: 24.5 | T20: 115 | V20: =+'Category by banner'!V20 -> 37 | W20: =+'Category by banner'!W20 -> 36 | X20: 54 | Y20: =+'Category by banner'!Y20 -> 53 | Z20: =SUM(V20:Y20) -> 180 | AB20: =+'Category by banner'!AB20 -> 39 | AC20: =+'Category by banner'!AC20 -> 42 | AD20: =+'Category by banner'!AD20 -> 62 | AE20: =+'Category by banner'!AE20 -> 32 | AF20: =SUM(AB20:AE20) -> 175
B21: Total retail revenue | D21: 1000.019 | E21: 949.15174 | F21: 1351.2632 | G21: 941.82606 | H21: 4242.3 | J21: 1028.9 | K21: 964.7 | L21: 1371.3 | M21: 1015.3 | N21: 4380.2 | P21: =SUM(P17:P20) -> 1036.4 | Q21: =SUM(Q17:Q20) -> 950.5 | R21: =SUM(R17:R20) -> 1402.5 | S21: =SUM(S17:S20) -> 960.1 | T21: =SUM(T17:T20) -> 4349 | V21: =SUM(V17:V20) -> 1111 | W21: =SUM(W17:W20) -> 1025 | X21: =SUM(X17:X20) -> 1500 | Y21: =SUM(Y17:Y20) -> 1039 | Z21: =SUM(Z17:Z20) -> 4675 | AB21: =SUM(AB17:AB20) -> 1169 | AC21: =SUM(AC17:AC20) -> 1093 | AD21: =SUM(AD17:AD20) -> 1572 | AE21: =SUM(AE17:AE20) -> 1069 | AF21: =SUM(AF17:AF20) -> 4903
B22: Wholesale | D22: 21.281 | E22: 24.748259 | F22: 27.1368 | G22: 28.773941 | H22: 101.9 | J22: 24.6 | K22: 24.5 | L22: 24.9 | M22: 35.4 | N22: 109.4 | P22: 1.3 | Q22: 2.4 | R22: -3.8 | S22: 7.7 | T22: 8 | V22: =+'Category by banner'!V22 -> 2 | W22: =+'Category by banner'!W22 -> 0 | X22: =+'Category by banner'!X22 -> 3 | Y22: =+'Category by banner'!Y22 -> 2.7964447 | Z22: =SUM(V22:Y22) -> 7.7964447 | AB22: =+'Category by banner'!AB22 -> 3 | AC22: =+'Category by banner'!AC22 -> 2 | AD22: =+'Category by banner'!AD22 -> 3 | AE22: =+'Category by banner'!AE22 -> 1 | AF22: =SUM(AB22:AE22) -> 9
B23: Total revenue, Matas | D23: 1021.3 | E23: 973.9 | F23: 1378.4 | G23: 970.6 | H23: 4344.2 | J23: 1053.5 | K23: 989.2 | L23: 1396.2 | M23: 1050.7 | N23: 4489.6 | P23: =SUM(P21:P22) -> 1037.7 | Q23: =SUM(Q21:Q22) -> 952.9 | R23: =SUM(R21:R22) -> 1398.7 | S23: =SUM(S21:S22) -> 967.8 | T23: =SUM(T21:T22) -> 4357 | V23: =SUM(V21:V22) -> 1113 | W23: =SUM(W21:W22) -> 1025 | X23: =SUM(X21:X22) -> 1503 | Y23: =SUM(Y21:Y22) -> 1041.7964 | Z23: =SUM(Z21:Z22) -> 4682.7964 | AB23: =SUM(AB21:AB22) -> 1172 | AC23: =SUM(AC21:AC22) -> 1095 | AD23: =SUM(AD21:AD22) -> 1575 | AE23: =SUM(AE21:AE22) -> 1070 | AF23: =SUM(AF21:AF22) -> 4912
V24: *) Split on categories has been corrected for Matas in alignment with 2025/26
B25: KICKS
B26: High End Beauty | P26: 508.4 | Q26: 492.9 | R26: 760.6 | S26: 506.6 | T26: 2269 | V26: =+'Category by banner'!V26 -> 545 | W26: =+'Category by banner'!W26 -> 539 | X26: =+'Category by banner'!X26 -> 809 | Y26: =+'Category by banner'!Y26 -> 514 | Z26: =SUM(V26:Y26) -> 2407 | AB26: =+'Category by banner'!AB26 -> 557 | AC26: =+'Category by banner'!AC26 -> 526 | AD26: =+'Category by banner'!AD26 -> 788 | AE26: =+'Category by banner'!AE26 -> 558 | AF26: =SUM(AB26:AE26) -> 2429
B27: Mass Beauty | P27: 173.4 | Q27: 164.1 | R27: 220.5 | S27: 153.1 | T27: 711 | V27: =+'Category by banner'!V27 -> 169 | W27: =+'Category by banner'!W27 -> 162 | X27: 239 | Y27: =+'Category by banner'!Y27 -> 170 | Z27: =SUM(V27:Y27) -> 740 | AB27: =+'Category by banner'!AB27 -> 191 | AC27: =+'Category by banner'!AC27 -> 175 | AD27: =+'Category by banner'!AD27 -> 248 | AE27: =+'Category by banner'!AE27 -> 187 | AF27: =SUM(AB27:AE27) -> 801
B28: Health & Wellbeing | P28: 0.7 | Q28: 0.7 | R28: 1.2 | S28: 0.5 | T28: 3 | V28: =+'Category by banner'!V28 -> 0 | W28: =+'Category by banner'!W28 -> 1 | X28: 1 | Y28: =+'Category by banner'!Y28 -> 2 | Z28: =SUM(V28:Y28) -> 4 | AB28: =+'Category by banner'!AB28 -> 2 | AC28: =+'Category by banner'!AC28 -> 2 | AD28: =+'Category by banner'!AD28 -> 4 | AE28: =+'Category by banner'!AE28 -> 1 | AF28: =SUM(AB28:AE28) -> 9
B29: Other | P29: 8.7 | Q29: 0.9 | R29: 1 | S29: 0 | T29: 11 | V29: 0 | W29: 0 | X29: 0 | Y29: =+'Category by banner'!Y29 -> 0 | Z29: =SUM(V29:Y29) -> 0 | AB29: =+'Category by banner'!AB29 -> 7 | AC29: =+'Category by banner'!AC29 -> 0 | AD29: =+'Category by banner'!AD29 -> 1 | AE29: =+'Category by banner'!AE29 -> 0 | AF29: =SUM(AB29:AE29) -> 8
B30: Total retail revenue | P30: =SUM(P26:P29) -> 691.2 | Q30: =SUM(Q26:Q29) -> 658.6 | R30: =SUM(R26:R29) -> 983.3 | S30: =SUM(S26:S29) -> 660.2 | T30: =SUM(T26:T29) -> 2994 | V30: =SUM(V26:V29) -> 714 | W30: 702 | X30: =SUM(X26:X29) -> 1049 | Y30: =SUM(Y26:Y29) -> 686 | Z30: =SUM(Z26:Z29) -> 3151 | AB30: =SUM(AB26:AB29) -> 757 | AC30: =SUM(AC26:AC29) -> 703 | AD30: =SUM(AD26:AD29) -> 1041 | AE30: =SUM(AE26:AE29) -> 746 | AF30: =SUM(AF26:AF29) -> 3247
B31: Wholesale | Y31: =+'Category by banner'!Y31 -> 0 | Z31: =SUM(V31:Y31) -> 0 | AB31: =+'Category by banner'!AB31 -> 0 | AC31: =+'Category by banner'!AC31 -> 0 | AD31: =+'Category by banner'!AD31 -> 0 | AE31: =+'Category by banner'!AE31 -> 0 | AF31: =SUM(AB31:AE31) -> 0
B32: Total revenue, KICKS | P32: =SUM(P30:P31) -> 691.2 | Q32: =SUM(Q30:Q31) -> 658.6 | R32: =SUM(R30:R31) -> 983.3 | S32: =SUM(S30:S31) -> 660.2 | T32: =SUM(T30:T31) -> 2994 | V32: =SUM(V30:V31) -> 714 | W32: 702 | X32: =SUM(X30:X31) -> 1049 | Y32: =SUM(Y30:Y31) -> 686 | Z32: =SUM(Z30:Z31) -> 3151 | AB32: =SUM(AB30:AB31) -> 757 | AC32: =SUM(AC30:AC31) -> 703 | AD32: =SUM(AD30:AD31) -> 1041 | AE32: =SUM(AE30:AE31) -> 746 | AF32: =SUM(AF30:AF31) -> 3247
B34: Other
B35: High End Beauty | P35: =+'Category by banner'!P35 -> 0 | Q35: =+'Category by banner'!Q35 -> 0 | R35: =+'Category by banner'!R35 -> 0 | S35: =+'Category by banner'!S35 -> 0 | T35: =SUM(P35:S35) -> 0 | V35: =+'Category by banner'!V35 -> 0 | W35: =+'Category by banner'!W35 -> 0 | X35: =+'Category by banner'!X35 -> 0 | Y35: =+'Category by banner'!Y35 -> 0 | Z35: =SUM(V35:Y35) -> 0 | AB35: =+'Category by banner'!AB35 -> 0 | AC35: =+'Category by banner'!AC35 -> 0 | AD35: =+'Category by banner'!AD35 -> 0 | AE35: =+'Category by banner'!AE35 -> 0 | AF35: =SUM(AB35:AE35) -> 0
B36: Mass Beauty | P36: =+'Category by banner'!P36 -> 21.2 | Q36: =+'Category by banner'!Q36 -> 20.4 | R36: =+'Category by banner'!R36 -> 26.3 | S36: =+'Category by banner'!S36 -> 16.9 | T36: =SUM(P36:S36) -> 84.8 | V36: =+'Category by banner'!V36 -> 20 | W36: =+'Category by banner'!W36 -> 20 | X36: =+'Category by banner'!X36 -> 24 | Y36: =+'Category by banner'!Y36 -> 25 | Z36: =SUM(V36:Y36) -> 89 | AB36: =+'Category by banner'!AB36 -> 23 | AC36: =+'Category by banner'!AC36 -> 20 | AD36: =+'Category by banner'!AD36 -> 23 | AE36: =+'Category by banner'!AE36 -> 24 | AF36: =SUM(AB36:AE36) -> 90
B37: Health & Wellbeing | P37: =+'Category by banner'!P37 -> 62.6 | Q37: =+'Category by banner'!Q37 -> 67.8 | R37: =+'Category by banner'!R37 -> 69.2 | S37: =+'Category by banner'!S37 -> 87.3 | T37: =SUM(P37:S37) -> 286.9 | V37: =+'Category by banner'!V37 -> 80 | W37: =+'Category by banner'!W37 -> 76 | X37: =+'Category by banner'!X37 -> 89 | Y37: =+'Category by banner'!Y37 -> 95 | Z37: =SUM(V37:Y37) -> 340 | AB37: =+'Category by banner'!AB37 -> 87 | AC37: =+'Category by banner'!AC37 -> 90 | AD37: =+'Category by banner'!AD37 -> 97 | AE37: =+'Category by banner'!AE37 -> 100 | AF37: =SUM(AB37:AE37) -> 374
B38: Other | P38: =+'Category by banner'!P38 -> 0.7 | Q38: =+'Category by banner'!Q38 -> 0.6 | R38: =+'Category by banner'!R38 -> 3.1 | S38: =+'Category by banner'!S38 -> 2.9 | T38: =SUM(P38:S38) -> 7.3 | V38: =+'Category by banner'!V38 -> 1 | W38: =+'Category by banner'!W38 -> 2 | X38: =+'Category by banner'!X38 -> 2 | Y38: =+'Category by banner'!Y38 -> 0 | Z38: =SUM(V38:Y38) -> 5 | AB38: =+'Category by banner'!AB38 -> 1 | AC38: =+'Category by banner'!AC38 -> 1 | AD38: =+'Category by banner'!AD38 -> 2 | AE38: =+'Category by banner'!AE38 -> 2 | AF38: =SUM(AB38:AE38) -> 6
B39: Total retail revenue | P39: =SUM(P35:P38) -> 84.5 | Q39: =SUM(Q35:Q38) -> 88.8 | R39: =SUM(R35:R38) -> 98.6 | S39: =SUM(S35:S38) -> 107.1 | T39: =SUM(T35:T38) -> 379 | V39: =SUM(V35:V38) -> 101 | W39: =SUM(W35:W38) -> 98 | X39: =SUM(X35:X38) -> 115 | Y39: =SUM(Y35:Y38) -> 120 | Z39: =SUM(Z35:Z38) -> 434 | AB39: =SUM(AB35:AB38) -> 111 | AC39: =SUM(AC35:AC38) -> 111 | AD39: =SUM(AD35:AD38) -> 122 | AE39: =SUM(AE35:AE38) -> 126 | AF39: =SUM(AF35:AF38) -> 470
B40: Wholesale | P40: =+'Category by banner'!P40 -> 27.8 | Q40: =+'Category by banner'!Q40 -> 26.7 | R40: =+'Category by banner'!R40 -> 27.4 | S40: =+'Category by banner'!S40 -> 22.5 | T40: =SUM(P40:S40) -> 104.4 | V40: =+'Category by banner'!V40 -> 28 | W40: =+'Category by banner'!W40 -> 26 | X40: =+'Category by banner'!X40 -> 27 | Y40: =+'Category by banner'!Y40 -> 30 | Z40: =SUM(V40:Y40) -> 111 | AB40: =+'Category by banner'!AB40 -> 34 | AC40: =+'Category by banner'!AC40 -> 36 | AD40: =+'Category by banner'!AD40 -> 38 | AE40: =+'Category by banner'!AE40 -> 39 | AF40: =SUM(AB40:AE40) -> 147
B41: Total revenue, Other | P41: =SUM(P39:P40) -> 112.3 | Q41: =SUM(Q39:Q40) -> 115.5 | R41: =SUM(R39:R40) -> 126 | S41: =SUM(S39:S40) -> 129.6 | T41: =SUM(T39:T40) -> 483.4 | V41: =SUM(V39:V40) -> 129 | W41: =SUM(W39:W40) -> 124 | X41: =SUM(X39:X40) -> 142 | Y41: =SUM(Y39:Y40) -> 150 | Z41: =SUM(Z39:Z40) -> 545 | AB41: =SUM(AB39:AB40) -> 145 | AC41: =SUM(AC39:AC40) -> 147 | AD41: =SUM(AD39:AD40) -> 160 | AE41: =SUM(AE39:AE40) -> 165 | AF41: =SUM(AF39:AF40) -> 617
B43: Matas Group is segmented in three reportable segments Matas, KICKS and Other. Management has aggregated the operational segments Firtal, Grænn and Web Sundhed as one reportable segment "Other" due to similarities in operations. | S43: * Q4 includes roundings to full year amounts with no decimals.
B45: KICKS was acquired 31 August 2023 and is therefore included with 7 months in 2023/24.

Sheet Channel by banner
B1: MATAS GROUP
B2: Revenue by channel | D2: 2021/22 | E2: =D2 -> 2021/22 | F2: =E2 -> 2021/22 | G2: =F2 -> 2021/22 | H2: =G2 -> 2021/22 | J2: 2022/23 | K2: =J2 -> 2022/23 | L2: =K2 -> 2022/23 | M2: =L2 -> 2022/23 | N2: =M2 -> 2022/23 | P2: 2023/24 | Q2: =P2 -> 2023/24 | R2: =Q2 -> 2023/24 | S2: =R2 -> 2023/24 | T2: =S2 -> 2023/24 | V2: 2024/25 | W2: =V2 -> 2024/25 | X2: =W2 -> 2024/25 | Y2: =X2 -> 2024/25 | Z2: =Y2 -> 2024/25 | AB2: 2025/26 | AC2: =AB2 -> 2025/26 | AD2: =AC2 -> 2025/26 | AE2: =AD2 -> 2025/26 | AF2: =AE2 -> 2025/26
B3: DKK million | D3: Q1 | E3: Q2 | F3: Q3 | G3: Q4 | H3: FY | J3: Q1 | K3: Q2 | L3: Q3 | M3: Q4 | N3: FY | P3: Q1 | Q3: Q2 | R3: Q3 | S3: Q4 * | T3: FY | V3: Q1 | W3: Q2 | X3: Q3 | Y3: Q4 | Z3: FY | AB3: Q1 | AC3: Q2 | AD3: Q3 | AE3: Q4 | AF3: FY
B5: Revenue | D5: 1021.3 | E5: 973.9 | F5: 1378.4 | G5: 970.6 | H5: 4344.2 | J5: 1053.5 | K5: 989.2 | L5: 1396.2 | M5: 1050.7 | N5: 4489.6 | P5: 1150 | Q5: 1285.4 | R5: 2508 | S5: 1757.6 | T5: 6701 | V5: =V11 -> 1956 | W5: =W11 -> 1851 | X5: ='Matas Group P&L and KPIs'!BR5 -> 2694 | Y5: ='Matas Group P&L and KPIs'!BS5 -> 1878 | Z5: ='Matas Group P&L and KPIs'!BT5 -> 8379 | AB5: ='Matas Group P&L and KPIs'!BV5 -> 2074 | AC5: ='Matas Group P&L and KPIs'!BW5 -> 1945 | AD5: ='Matas Group P&L and KPIs'!BX5 -> 2776 | AE5: ='Matas Group P&L and KPIs'!BY5 -> 1981 | AF5: ='Matas Group P&L and KPIs'!BZ5 -> 8776
B7: Matas Group
B8: Physical stores | D8: 742.4 | E8: 737.3 | F8: 1000.3 | G8: 673 | H8: 3153 | J8: 770.5 | K8: 731.9 | L8: 965.8 | M8: 706.6 | N8: 3174.8 | P8: =P14+P20+P26 -> 795 | Q8: =Q14+Q20+Q26 -> 881.7 | R8: =R14+R20+R26 -> 1667.3 | S8: =S14+S20+S26 -> 1178 | T8: =T14+T20+T26 -> 4521.7 | V8: =V14+V20+V26 -> 1327 | W8: =W14+W20+W26 -> 1247 | X8: =X14+X20+X26 -> 1741 | Y8: =Y14+Y20+Y26 -> 1211 | Z8: =SUM(V8:Y8) -> 5526 | AB8: =AB14+AB20+AB26 -> 1371 | AC8: =AC14+AC20+AC26 -> 1275 | AD8: =AD14+AD20+AD26 -> 1762 | AE8: =AE14+AE20+AE26 -> 1220 | AF8: =SUM(AB8:AE8) -> 5628
B9: Online | D9: 257.6 | E9: 211.9 | F9: 351 | G9: 268.8 | H9: 1089.3 | J9: 258.4 | K9: 232.8 | L9: 405.5 | M9: 308.7 | N9: 1205.4 | P9: =P15+P21+P27 -> 325.9 | Q9: =Q15+Q21+Q27 -> 374.6 | R9: =R15+R21+R27 -> 817.1 | S9: =S15+S21+S27 -> 549.4 | T9: =T15+T21+T27 -> 2066.9 | V9: =V15+V21+V27 -> 599 | W9: =W15+W21+W27 -> 578 | X9: =X15+X21+X27 -> 923 | Y9: =Y15+Y21+Y27 -> 634 | Z9: =SUM(V9:Y9) -> 2734 | AB9: =AB15+AB21+AB27 -> 666 | AC9: =AC15+AC21+AC27 -> 632 | AD9: =AD15+AD21+AD27 -> 973 | AE9: =AE15+AE21+AE27 -> 721 | AF9: =SUM(AB9:AE9) -> 2992
B10: Wholesale | D10: 21.281 | E10: 24.748259 | F10: 27.1368 | G10: 28.773941 | H10: 101.9 | J10: 24.6 | K10: 24.5 | L10: 24.9 | M10: 35.4 | N10: 109.4 | P10: =P16+P22+P28 -> 29.1 | Q10: =Q16+Q22+Q28 -> 29.1 | R10: =R16+R22+R28 -> 23.6 | S10: =S16+S22+S28 -> 30.2 | T10: =T16+T22+T28 -> 112 | V10: =V16+V22+V28 -> 30 | W10: =W16+W22+W28 -> 26 | X10: =X16+X22+X28 -> 30 | Y10: =Y16+Y22+Y28 -> 33 | Z10: =SUM(V10:Y10) -> 119 | AB10: =AB16+AB22+AB28 -> 37 | AC10: =AC16+AC22+AC28 -> 38 | AD10: =AD16+AD22+AD28 -> 41 | AE10: =AE16+AE22+AE28 -> 40 | AF10: =SUM(AB10:AE10) -> 156
B11: Total revenue, Matas Group | D11: 1021.281 | E11: 973.94826 | F11: 1378.4368 | G11: 970.57394 | H11: 4344.2 | J11: 1053.5 | K11: 989.2 | L11: 1396.2 | M11: 1050.7 | N11: 4489.6 | P11: =SUM(P8:P10) -> 1150 | Q11: =SUM(Q8:Q10) -> 1285.4 | R11: =SUM(R8:R10) -> 2508 | S11: =SUM(S8:S10) -> 1757.6 | T11: =SUM(T8:T10) -> 6700.6 | V11: =SUM(V8:V10) -> 1956 | W11: =SUM(W8:W10) -> 1851 | X11: =SUM(X8:X10) -> 2694 | Y11: =SUM(Y8:Y10) -> 1878 | Z11: =SUM(Z8:Z10) -> 8379 | AB11: =SUM(AB8:AB10) -> 2074 | AC11: =SUM(AC8:AC10) -> 1945 | AD11: =SUM(AD8:AD10) -> 2776 | AE11: =SUM(AE8:AE10) -> 1981 | AF11: =SUM(AF8:AF10) -> 8776
B13: Matas
B14: Physical stores | D14: 742.4 | E14: 737.3 | F14: 1000.3 | G14: 673 | H14: 3153 | J14: 770.5 | K14: 731.9 | L14: 965.8 | M14: 706.6 | N14: 3174.8 | P14: 795 | Q14: 729.6 | R14: 1002.2 | S14: 709.5 | T14: 3236 | V14: 817 | W14: 755 | X14: 1029 | Y14: 739 | Z14: =SUM(V14:Y14) -> 3340 | AB14: 827 | AC14: 778 | AD14: 1054 | AE14: 721 | AF14: =SUM(AB14:AE14) -> 3380
B15: Online | D15: 257.6 | E15: 211.9 | F15: 351 | G15: 268.8 | H15: 1089.3 | J15: 258.4 | K15: 232.8 | L15: 405.5 | M15: 308.7 | N15: 1205.4 | P15: 241.4 | Q15: 220.8 | R15: 400.3 | S15: 250.6 | T15: 1113 | V15: 294 | W15: 270 | X15: 471 | Y15: 301 | Z15: =SUM(V15:Y15) -> 1336 | AB15: 342 | AC15: 315 | AD15: 518 | AE15: 348 | AF15: =SUM(AB15:AE15) -> 1523
B16: Wholesale | D16: 21.281 | E16: 24.748259 | F16: 27.1368 | G16: 28.773941 | H16: 101.94 | J16: 24.6 | K16: 24.5 | L16: 24.9 | M16: 35.4 | N16: 109.4 | P16: 1.3 | Q16: 2.4 | R16: -3.8 | S16: 7.7 | T16: 8 | V16: 2 | W16: 0 | X16: 3 | Y16: 2 | Z16: =SUM(V16:Y16) -> 7 | AB16: 3 | AC16: 2 | AD16: 3 | AE16: 1 | AF16: =SUM(AB16:AE16) -> 9
B17: Total revenue, Matas | D17: 1021.281 | E17: 973.94826 | F17: 1378.4368 | G17: 970.57394 | H17: 4344.24 | J17: 1053.5 | K17: 989.2 | L17: 1396.2 | M17: 1050.7 | N17: 4489.6 | P17: 1037.7 | Q17: 952.8 | R17: 1398.7 | S17: 967.8 | T17: 4357 | V17: =SUM(V14:V16) -> 1113 | W17: =SUM(W14:W16) -> 1025 | X17: =SUM(X14:X16) -> 1503 | Y17: =SUM(Y14:Y16) -> 1042 | Z17: =SUM(Z14:Z16) -> 4683 | AB17: =SUM(AB14:AB16) -> 1172 | AC17: =SUM(AC14:AC16) -> 1095 | AD17: =SUM(AD14:AD16) -> 1575 | AE17: =SUM(AE14:AE16) -> 1070 | AF17: =SUM(AF14:AF16) -> 4912
B19: KICKS
B20: Physical stores | Q20: 152.1 | R20: 665.1 | S20: 468.5 | T20: 1285.7 | V20: 510 | W20: 492 | X20: 712 | Y20: 472 | Z20: =SUM(V20:Y20) -> 2186 | AB20: 544 | AC20: 497 | AD20: 708 | AE20: 499 | AF20: =SUM(AB20:AE20) -> 2248
B21: Online | Q21: 65 | R21: 318.2 | S21: 191.7 | T21: 574.9 | V21: 204 | W21: 210 | X21: 337 | Y21: 214 | Z21: =SUM(V21:Y21) -> 965 | AB21: 213 | AC21: 206 | AD21: 333 | AE21: 247 | AF21: =SUM(AB21:AE21) -> 999
B22: Wholesale
B23: Total revenue, KICKS | Q23: 217.1 | R23: 983.3 | S23: 660.2 | T23: 1860.6 | V23: =SUM(V20:V22) -> 714 | W23: =SUM(W20:W22) -> 702 | X23: =SUM(X20:X22) -> 1049 | Y23: =SUM(Y20:Y22) -> 686 | Z23: =SUM(Z20:Z22) -> 3151 | AB23: =SUM(AB20:AB22) -> 757 | AC23: =SUM(AC20:AC22) -> 703 | AD23: =SUM(AD20:AD22) -> 1041 | AE23: =SUM(AE20:AE22) -> 746 | AF23: =SUM(AF20:AF22) -> 3247
B25: Other
B26: Physical stores
B27: Online | P27: 84.5 | Q27: 88.8 | R27: 98.6 | S27: 107.1 | T27: 379 | V27: 101 | W27: 98 | X27: 115 | Y27: 119 | Z27: =SUM(V27:Y27) -> 433 | AB27: 111 | AC27: 111 | AD27: 122 | AE27: 126 | AF27: =SUM(AB27:AE27) -> 470
B28: Wholesale | P28: 27.8 | Q28: 26.7 | R28: 27.4 | S28: 22.5 | T28: 104 | V28: 28 | W28: 26 | X28: 27 | Y28: 31 | Z28: =SUM(V28:Y28) -> 112 | AB28: 34 | AC28: 36 | AD28: 38 | AE28: 39 | AF28: =SUM(AB28:AE28) -> 147
B29: Total revenue, Other | P29: 112.3 | Q29: 115.5 | R29: 126 | S29: 129.6 | T29: 483 | V29: =SUM(V26:V28) -> 129 | W29: =SUM(W26:W28) -> 124 | X29: =SUM(X26:X28) -> 142 | Y29: =SUM(Y26:Y28) -> 150 | Z29: =SUM(Z26:Z28) -> 545 | AB29: =SUM(AB26:AB28) -> 145 | AC29: =SUM(AC27:AC28) -> 147 | AD29: =SUM(AD27:AD28) -> 160 | AE29: =SUM(AE27:AE28) -> 165 | AF29: =SUM(AF26:AF28) -> 617
B31: Matas Group is segmented in three reportable segments Matas, KICKS and Other. Management has aggregated the operational segments Firtal, Grænn and Web Sundhed as one reportable segment "Other" due to similarities in operations. | S31: * Q4 includes roundings to full year amounts with no decimals.
B33: KICKS was acquired 31 August 2023 and is therefore included with 7 months in 2023/24.

Sheet Proforma Channel by banner
B1: MATAS GROUP | P1: Proforma | Q1: Proforma | T1: Proforma
B2: Revenue by channel | D2: 2021/22 | E2: =D2 -> 2021/22 | F2: =E2 -> 2021/22 | G2: =F2 -> 2021/22 | H2: =G2 -> 2021/22 | J2: 2022/23 | K2: =J2 -> 2022/23 | L2: =K2 -> 2022/23 | M2: =L2 -> 2022/23 | N2: =M2 -> 2022/23 | P2: 2023/24 | Q2: 2023/24 | R2: 2023/24 | S2: 2023/24 | T2: 2023/24 | V2: 2024/25 | W2: =V2 -> 2024/25 | X2: =W2 -> 2024/25 | Y2: =X2 -> 2024/25 | Z2: =Y2 -> 2024/25 | AB2: 2025/26 | AC2: =AB2 -> 2025/26 | AD2: =AC2 -> 2025/26 | AE2: =AD2 -> 2025/26 | AF2: =AE2 -> 2025/26
B3: DKK million | D3: Q1 | E3: Q2 | F3: Q3 | G3: Q4 | H3: FY | J3: Q1 | K3: Q2 | L3: Q3 | M3: Q4 | N3: FY | P3: Q1 | Q3: Q2 | R3: Q3 | S3: Q4 * | T3: FY | V3: Q1 | W3: Q2 | X3: Q3 | Y3: Q4 | Z3: FY | AB3: Q1 | AC3: Q2 | AD3: Q3 | AE3: Q4 | AF3: FY
B5: Revenue | D5: 1021.3 | E5: 973.9 | F5: 1378.4 | G5: 970.6 | H5: 4344.2 | J5: 1053.5 | K5: 989.2 | L5: 1396.2 | M5: 1050.7 | N5: 4489.6 | P5: 1841.2802 | Q5: 1727.0168 | R5: 2508 | S5: 1757.6 | T5: 7833.897 | V5: =+'Matas Proforma Group P&L'!BT5 -> 1956 | W5: =+'Matas Proforma Group P&L'!BU5 -> 1851 | X5: =+'Matas Proforma Group P&L'!BV5 -> 2694 | Y5: =+'Matas Proforma Group P&L'!BW5 -> 1878 | Z5: ='Matas Group P&L and KPIs'!BT5 -> 8379 | AB5: =+'Matas Proforma Group P&L'!BZ5 -> 2074 | AC5: =+'Matas Proforma Group P&L'!CA5 -> 1945 | AD5: =+'Matas Proforma Group P&L'!CB5 -> 2776 | AE5: =+'Matas Proforma Group P&L'!CC5 -> 1981 | AF5: ='Matas Group P&L and KPIs'!BZ5 -> 8776
B7: Matas Group
B8: Physical stores | D8: 742.4 | E8: 737.3 | F8: 1000.3 | G8: 673 | H8: 3153 | J8: 770.5 | K8: 731.9 | L8: 965.8 | M8: 706.6 | N8: 3174.8 | P8: =P14+P20+P26 -> 1289.5 | Q8: =Q14+Q20+Q26 -> 1192.6 | R8: =R14+R20+R26 -> 1667.3 | S8: =S14+S20+S26 -> 1178 | T8: 5327 | V8: =V14+V20+V26 -> 1327 | W8: =W14+W20+W26 -> 1247 | X8: =X14+X20+X26 -> 1741 | Y8: =Y14+Y20+Y26 -> 1211 | Z8: =SUM(V8:Y8) -> 5526 | AB8: =AB14+AB20+AB26 -> 1371 | AC8: =AC14+AC20+AC26 -> 1275 | AD8: =AD14+AD20+AD26 -> 1762 | AE8: =AE14+AE20+AE26 -> 1220 | AF8: =SUM(AB8:AE8) -> 5628
B9: Online | D9: 257.6 | E9: 211.9 | F9: 351 | G9: 268.8 | H9: 1089.3 | J9: 258.4 | K9: 232.8 | L9: 405.5 | M9: 308.7 | N9: 1205.4 | P9: =P15+P21+P27 -> 522.7 | Q9: =Q15+Q21+Q27 -> 505.3 | R9: =R15+R21+R27 -> 817.1 | S9: =S15+S21+S27 -> 549.4 | T9: 2395 | V9: =V15+V21+V27 -> 599 | W9: =W15+W21+W27 -> 578 | X9: =X15+X21+X27 -> 923 | Y9: =Y15+Y21+Y27 -> 634 | Z9: =SUM(V9:Y9) -> 2734 | AB9: =AB15+AB21+AB27 -> 666 | AC9: =AC15+AC21+AC27 -> 632 | AD9: =AD15+AD21+AD27 -> 973 | AE9: =AE15+AE21+AE27 -> 721 | AF9: =SUM(AB9:AE9) -> 2992
B10: Wholesale | D10: 21.281 | E10: 24.748259 | F10: 27.1368 | G10: 28.773941 | H10: 101.9 | J10: 24.6 | K10: 24.5 | L10: 24.9 | M10: 35.4 | N10: 109.4 | P10: =P16+P22+P28 -> 29.1 | Q10: =Q16+Q22+Q28 -> 29.1 | R10: =R16+R22+R28 -> 23.6 | S10: =S16+S22+S28 -> 30.2 | T10: 112 | V10: =V16+V22+V28 -> 30 | W10: =W16+W22+W28 -> 26 | X10: =X16+X22+X28 -> 30 | Y10: =Y16+Y22+Y28 -> 33 | Z10: =SUM(V10:Y10) -> 119 | AB10: =AB16+AB22+AB28 -> 37 | AC10: =AC16+AC22+AC28 -> 38 | AD10: =AD16+AD22+AD28 -> 41 | AE10: =AE16+AE22+AE28 -> 40 | AF10: =SUM(AB10:AE10) -> 156
B11: Total revenue, Matas Group | D11: 1021.281 | E11: 973.94826 | F11: 1378.4368 | G11: 970.57394 | H11: 4344.2 | J11: 1053.5 | K11: 989.2 | L11: 1396.2 | M11: 1050.7 | N11: 4489.6 | P11: =SUM(P8:P10) -> 1841.3 | Q11: =SUM(Q8:Q10) -> 1727 | R11: =SUM(R8:R10) -> 2508 | S11: =SUM(S8:S10) -> 1757.6 | T11: =SUM(T8:T10) -> 7834 | V11: =SUM(V8:V10) -> 1956 | W11: =SUM(W8:W10) -> 1851 | X11: =SUM(X8:X10) -> 2694 | Y11: =SUM(Y8:Y10) -> 1878 | Z11: =SUM(Z8:Z10) -> 8379 | AB11: =SUM(AB8:AB10) -> 2074 | AC11: =SUM(AC8:AC10) -> 1945 | AD11: =SUM(AD8:AD10) -> 2776 | AE11: =SUM(AE8:AE10) -> 1981 | AF11: =SUM(AF8:AF10) -> 8776
B13: Matas
B14: Physical stores | D14: 742.4 | E14: 737.3 | F14: 1000.3 | G14: 673 | H14: 3153 | J14: 770.5 | K14: 731.9 | L14: 965.8 | M14: 706.6 | N14: 3174.8 | P14: =+'Channel by banner'!P14 -> 795 | Q14: =+'Channel by banner'!Q14 -> 729.6 | R14: =+'Channel by banner'!R14 -> 1002.2 | S14: =+'Channel by banner'!S14 -> 709.5 | T14: 3236 | V14: =+'Channel by banner'!V14 -> 817 | W14: =+'Channel by banner'!W14 -> 755 | X14: =+'Channel by banner'!X14 -> 1029 | Y14: =+'Channel by banner'!Y14 -> 739 | Z14: =SUM(V14:Y14) -> 3340 | AB14: =+'Channel by banner'!AB14 -> 827 | AC14: =+'Channel by banner'!AC14 -> 778 | AD14: =+'Channel by banner'!AD14 -> 1054 | AE14: =+'Channel by banner'!AE14 -> 721 | AF14: =SUM(AB14:AE14) -> 3380
B15: Online | D15: 257.6 | E15: 211.9 | F15: 351 | G15: 268.8 | H15: 1089.3 | J15: 258.4 | K15: 232.8 | L15: 405.5 | M15: 308.7 | N15: 1205.4 | P15: =+'Channel by banner'!P15 -> 241.4 | Q15: =+'Channel by banner'!Q15 -> 220.8 | R15: =+'Channel by banner'!R15 -> 400.3 | S15: =+'Channel by banner'!S15 -> 250.6 | T15: 1113 | V15: =+'Channel by banner'!V15 -> 294 | W15: =+'Channel by banner'!W15 -> 270 | X15: =+'Channel by banner'!X15 -> 471 | Y15: =+'Channel by banner'!Y15 -> 301 | Z15: =SUM(V15:Y15) -> 1336 | AB15: =+'Channel by banner'!AB15 -> 342 | AC15: =+'Channel by banner'!AC15 -> 315 | AD15: =+'Channel by banner'!AD15 -> 518 | AE15: =+'Channel by banner'!AE15 -> 348 | AF15: =SUM(AB15:AE15) -> 1523
B16: Wholesale | D16: 21.281 | E16: 24.748259 | F16: 27.1368 | G16: 28.773941 | H16: 101.94 | J16: 24.6 | K16: 24.5 | L16: 24.9 | M16: 35.4 | N16: 109.4 | P16: =+'Channel by banner'!P16 -> 1.3 | Q16: =+'Channel by banner'!Q16 -> 2.4 | R16: =+'Channel by banner'!R16 -> -3.8 | S16: =+'Channel by banner'!S16 -> 7.7 | T16: 8 | V16: =+'Channel by banner'!V16 -> 2 | W16: =+'Channel by banner'!W16 -> 0 | X16: =+'Channel by banner'!X16 -> 3 | Y16: =+'Channel by banner'!Y16 -> 2 | Z16: =SUM(V16:Y16) -> 7 | AB16: =+'Channel by banner'!AB16 -> 3 | AC16: =+'Channel by banner'!AC16 -> 2 | AD16: =+'Channel by banner'!AD16 -> 3 | AE16: =+'Channel by banner'!AE16 -> 1 | AF16: =SUM(AB16:AE16) -> 9
B17: Total revenue, Matas | D17: 1021.281 | E17: 973.94826 | F17: 1378.4368 | G17: 970.57394 | H17: 4344.24 | J17: 1053.5 | K17: 989.2 | L17: 1396.2 | M17: 1050.7 | N17: 4489.6 | P17: =SUM(P14:P16) -> 1037.7 | Q17: =SUM(Q14:Q16) -> 952.8 | R17: =SUM(R14:R16) -> 1398.7 | S17: =SUM(S14:S16) -> 967.8 | T17: =SUM(T14:T16) -> 4357 | V17: =SUM(V14:V16) -> 1113 | W17: =SUM(W14:W16) -> 1025 | X17: =SUM(X14:X16) -> 1503 | Y17: =SUM(Y14:Y16) -> 1042 | Z17: =SUM(Z14:Z16) -> 4683 | AB17: =SUM(AB14:AB16) -> 1172 | AC17: =SUM(AC14:AC16) -> 1095 | AD17: =SUM(AD14:AD16) -> 1575 | AE17: =SUM(AE14:AE16) -> 1070 | AF17: =SUM(AF14:AF16) -> 4912
B19: KICKS
B20: Physical stores | P20: 494.5 | Q20: 463 | R20: 665.1 | S20: 468.5 | T20: 2091 | V20: =+'Channel by banner'!V20 -> 510 | W20: =+'Channel by banner'!W20 -> 492 | X20: =+'Channel by banner'!X20 -> 712 | Y20: =+'Channel by banner'!Y20 -> 472 | Z20: =SUM(V20:Y20) -> 2186 | AB20: =+'Channel by banner'!AB20 -> 544 | AC20: =+'Channel by banner'!AC20 -> 497 | AD20: =+'Channel by banner'!AD20 -> 708 | AE20: =+'Channel by banner'!AE20 -> 499 | AF20: =SUM(AB20:AE20) -> 2248
B21: Online | P21: 196.8 | Q21: 195.7 | R21: 318.2 | S21: 191.7 | T21: 903 | V21: =+'Channel by banner'!V21 -> 204 | W21: =+'Channel by banner'!W21 -> 210 | X21: =+'Channel by banner'!X21 -> 337 | Y21: =+'Channel by banner'!Y21 -> 214 | Z21: =SUM(V21:Y21) -> 965 | AB21: =+'Channel by banner'!AB21 -> 213 | AC21: =+'Channel by banner'!AC21 -> 206 | AD21: =+'Channel by banner'!AD21 -> 333 | AE21: =+'Channel by banner'!AE21 -> 247 | AF21: =SUM(AB21:AE21) -> 999
B22: Wholesale
B23: Total revenue, KICKS | P23: 691.3 | Q23: 658.7 | R23: 983.3 | S23: 660.2 | T23: =SUM(T20:T22) -> 2994 | V23: =SUM(V20:V22) -> 714 | W23: =SUM(W20:W22) -> 702 | X23: =SUM(X20:X22) -> 1049 | Y23: =SUM(Y20:Y22) -> 686 | Z23: =SUM(Z20:Z22) -> 3151 | AB23: =SUM(AB20:AB22) -> 757 | AC23: =SUM(AC20:AC22) -> 703 | AD23: =SUM(AD20:AD22) -> 1041 | AE23: =SUM(AE20:AE22) -> 746 | AF23: =SUM(AF20:AF22) -> 3247
B25: Other
B26: Physical stores
B27: Online | P27: 84.5 | Q27: 88.8 | R27: 98.6 | S27: 107.1 | T27: 379 | V27: =+'Channel by banner'!V27 -> 101 | W27: =+'Channel by banner'!W27 -> 98 | X27: =+'Channel by banner'!X27 -> 115 | Y27: =+'Channel by banner'!Y27 -> 119 | Z27: =SUM(V27:Y27) -> 433 | AB27: =+'Channel by banner'!AB27 -> 111 | AC27: =+'Channel by banner'!AC27 -> 111 | AD27: =+'Channel by banner'!AD27 -> 122 | AE27: =+'Channel by banner'!AE27 -> 126 | AF27: =SUM(AB27:AE27) -> 470
B28: Wholesale | P28: 27.8 | Q28: 26.7 | R28: 27.4 | S28: 22.5 | T28: 104 | V28: =+'Channel by banner'!V28 -> 28 | W28: =+'Channel by banner'!W28 -> 26 | X28: =+'Channel by banner'!X28 -> 27 | Y28: =+'Channel by banner'!Y28 -> 31 | Z28: =SUM(V28:Y28) -> 112 | AB28: =+'Channel by banner'!AB28 -> 34 | AC28: =+'Channel by banner'!AC28 -> 36 | AD28: =+'Channel by banner'!AD28 -> 38 | AE28: =+'Channel by banner'!AE28 -> 39 | AF28: =SUM(AB28:AE28) -> 147
B29: Total revenue, Other | P29: =SUM(P26:P28) -> 112.3 | Q29: =SUM(Q26:Q28) -> 115.5 | R29: =SUM(R26:R28) -> 126 | S29: =SUM(S26:S28) -> 129.6 | T29: =SUM(T26:T28) -> 483 | V29: =SUM(V26:V28) -> 129 | W29: =SUM(W26:W28) -> 124 | X29: =SUM(X26:X28) -> 142 | Y29: =SUM(Y26:Y28) -> 150 | Z29: =SUM(Z26:Z28) -> 545 | AB29: =SUM(AB26:AB28) -> 145 | AC29: =SUM(AC26:AC28) -> 147 | AD29: =SUM(AD26:AD28) -> 160 | AE29: =SUM(AE26:AE28) -> 165 | AF29: =SUM(AF26:AF28) -> 617
B31: Matas Group is segmented in three reportable segments Matas, KICKS and Other. Management has aggregated the operational segments Firtal, Grænn and Web Sundhed as one reportable segment "Other" due to similarities in operations. | S31: * Q4 includes roundings to full year amounts with no decimals.
B33: KICKS was acquired 31 August 2023 and is therefore included with 7 months in 2023/24.

Sheet Matas Group Balance sheet
B1: MATAS GROUP
B2: Statement of financial position at 31 March | D2: 2021/22 | E2: 2021/22 | F2: =E2 -> 2021/22 | G2: =F2 -> 2021/22 | H2: =G2 -> 2021/22 | J2: 2022/23 | K2: 2022/23 | L2: 2022/23 | M2: =L2 -> 2022/23 | N2: =M2 -> 2022/23 | P2: 2023/24 | Q2: 2023/24 | R2: 2023/24 | S2: 2023/24 | T2: 2023/24 | V2: 2024/25 | W2: 2024/25 | X2: 2024/25 | Y2: 2024/25 | Z2: 2024/25 | AB2: 2025/26 | AC2: =+AB2 -> 2025/26 | AD2: =+AC2 -> 2025/26 | AE2: =+AD2 -> 2025/26 | AF2: =+AE2 -> 2025/26
B3: DKK million | D3: Q1 | E3: Q2 | F3: Q3 | G3: Q4 | H3: FY | J3: Q1 | K3: Q2 | L3: Q3 | M3: Q4 | N3: FY | P3: Q1 | Q3: Q2 | R3: Q3 | S3: Q4 | T3: FY | V3: Q1 | W3: Q2 | X3: Q3 | Y3: Q4 | Z3: FY | AB3: Q1 | AC3: Q2 | AD3: Q3 | AE3: Q4 | AF3: FY
B5: Assets
B7: Non-current assets
B8: Goodwill | D8: 3990.2 | E8: 3990.2 | F8: 3993.7 | G8: 3993.6 | H8: 3993.6 | J8: 3993.6 | K8: 3999.4 | L8: 3999.4 | M8: 3999.4 | N8: 3999.4 | P8: 3999.4 | Q8: 4093.9 | R8: 4103.5 | S8: 4096 | T8: 4096 | V8: 4097 | W8: 4098 | X8: 4096 | Y8: 4102 | Z8: =Y8 -> 4102 | AB8: 4099 | AC8: 4100 | AD8: 4102 | AE8: 4101 | AF8: =AE8 -> 4101
B9: Trademarks and trade names | D9: 122.7 | E9: 101.8 | F9: 80.9 | G9: 67.8 | H9: 67.8 | J9: 65.3 | K9: 62.9 | L9: 60.5 | M9: 58.1 | N9: 58.1 | P9: 55.7 | Q9: 188.7 | R9: 186.3 | S9: 184 | T9: 184 | V9: 183 | W9: 182 | X9: 177 | Y9: 183 | Z9: =Y9 -> 183 | AB9: 176 | AC9: 175 | AD9: 176 | AE9: 172 | AF9: =AE9 -> 172
B10: Software * | T10: 258 | V10: 261 | W10: 251 | X10: 212 | Y10: 253 | Z10: =Y10 -> 253 | AB10: 257 | AC10: 237 | AD10: 220 | AE10: 228 | AF10: =AE10 -> 228
B11: Other intangible assets | D11: 171.2 | E11: 183 | F11: 185.1 | G11: 186.8 | H11: 186.8 | J11: 191.7 | K11: 203.6 | L11: 215.3 | M11: 235.8 | N11: 235.8 | P11: 237.5 | Q11: 403.3 | R11: 399.9 | S11: 390 | T11: 132 | V11: 112 | W11: 138 | X11: 194 | Y11: 86 | Z11: =Y11 -> 86 | AB11: 80 | AC11: 75 | AD11: 71 | AE11: 71 | AF11: =AE11 -> 71
B12: Intangibles in progress | S12: 1 | T12: 1 | Y12: 117 | Z12: =+Y12 -> 117 | AB12: 136 | AC12: 184 | AD12: 219 | AE12: 240 | AF12: =+AE12 -> 240
B13: Total Intangible assets | D13: 4284.1 | E13: 4275 | F13: 4259.7 | G13: 4248.2 | H13: 4248.2 | J13: 4250.6 | K13: 4265.9 | L13: 4275.2 | M13: 4293.3 | N13: 4293.3 | P13: 4292.6 | Q13: 4685.9 | R13: 4689.7 | S13: 4670 | T13: 4670 | V13: =SUM(V8:V11) -> 4653 | W13: =SUM(W8:W11) -> 4669 | X13: =SUM(X8:X11) -> 4679 | Y13: =SUM(Y8:Y12) -> 4741 | Z13: =SUM(Z8:Z12) -> 4741 | AB13: =SUM(AB8:AB12) -> 4748 | AC13: =SUM(AC8:AC12) -> 4771 | AD13: =SUM(AD8:AD12) -> 4788 | AE13: =SUM(AE8:AE12) -> 4812 | AF13: =SUM(AF8:AF12) -> 4812
B15: Property, plant and equipment
B16: Lease assets | D16: 608.3 | E16: 570.1 | F16: 545.5 | G16: 500.2 | H16: 500.2 | J16: 460.4 | K16: 417.1 | L16: 396.7 | M16: 622.3 | N16: 622.3 | P16: 599.8 | Q16: 1190.1 | R16: 1115.7 | S16: 1157 | T16: 1157 | V16: 1101 | W16: 1062 | X16: 1012 | Y16: 1178 | Z16: =Y16 -> 1178 | AB16: 1074 | AC16: 1012 | AD16: 940 | AE16: 1145 | AF16: =AE16 -> 1145
B17: Land and buildings | D17: 90.1 | E17: 91.4 | F17: 95.8 | G17: 96.2 | H17: 96.2 | J17: 93.4 | K17: 133.7 | L17: 133.4 | M17: 147.2 | N17: 147.2 | P17: 150 | Q17: 300.1 | R17: 379.6 | S17: 278 | T17: 108 | V17: =107 -> 107 | W17: 104 | X17: 107 | Y17: 107 | Z17: =Y17 -> 107 | AB17: 431 | AC17: 433 | AD17: 428 | AE17: 426 | AF17: =AE17 -> 426
B18: Other fixtures and fittings, tools and equipment | D18: 100.2 | E18: 94 | F18: 91.3 | G18: 86.7 | H18: 86.7 | J18: 89.8 | K18: 81.8 | L18: 78.1 | M18: 65.2 | N18: 65.2 | P18: 61.9 | Q18: 79.3 | R18: 82.1 | S18: 89 | T18: 89 | V18: 133 | W18: 90 | X18: 75 | Y18: 103 | Z18: =Y18 -> 103 | AB18: 246 | AC18: 260 | AD18: 247 | AE18: 239 | AF18: =AE18 -> 239
B19: Leasehold improvements | D19: 46.8 | E19: 42.6 | F19: 40.7 | G19: 40.3 | H19: 40.3 | J19: 37.5 | K19: 35.3 | L19: 32 | M19: 27.3 | N19: 27.3 | P19: 28 | Q19: 69.9 | R19: 71.5 | S19: 208 | T19: 208 | V19: 212 | W19: 205 | X19: 202 | Y19: 243 | Z19: =Y19 -> 243 | AB19: 234 | AC19: 240 | AD19: 232 | AE19: 235 | AF19: =AE19 -> 235
B20: Plant in progress ** | T20: 170 | V20: 264 | W20: 384 | X20: 511 | Y20: 510 | Z20: =Y20 -> 510 | AB20: 77 | AC20: 62 | AD20: 88 | AE20: 101 | AF20: =AE20 -> 101
B21: Total property, plant and equipment | D21: 845.4 | E21: 798.1 | F21: 773.3 | G21: 723.4 | H21: 723.4 | J21: 681.1 | K21: 667.9 | L21: 640.2 | M21: 862 | N21: 862 | P21: 839.7 | Q21: 1639.4 | R21: 1648.9 | S21: 1732 | T21: 1732 | V21: =SUM(V16:V20) -> 1817 | W21: =SUM(W16:W20) -> 1845 | X21: =SUM(X16:X20) -> 1907 | Y21: =SUM(Y16:Y20) -> 2141 | Z21: =SUM(Z16:Z20) -> 2141 | AB21: =SUM(AB16:AB20) -> 2062 | AC21: =SUM(AC16:AC20) -> 2007 | AD21: =SUM(AD16:AD20) -> 1935 | AE21: =SUM(AE16:AE20) -> 2146 | AF21: =SUM(AF16:AF20) -> 2146
B23: Non-current assets
B24: Investments in associates | D24: 12.4 | E24: 11.8 | F24: 11.8 | G24: 7.3 | H24: 7.3 | J24: 7.5 | K24: 1.2 | L24: 1.4 | M24: 1.4 | N24: 1.4 | P24: 0.7 | Q24: 0.9 | R24: 1.1 | S24: 1 | T24: 1 | V24: 1 | W24: 1 | X24: 1 | Y24: 1 | Z24: =Y24 -> 1 | AB24: 1 | AC24: 1 | AD24: 1 | AE24: 1 | AF24: =AE24 -> 1
B25: Deferred tax | Q25: 8.6 | R25: 8.6 | S25: 17 | T25: 17 | V25: 16 | W25: 17 | X25: 16 | Y25: 33 | Z25: =Y25 -> 33 | AB25: 25 | AC25: 23 | AD25: 23 | AE25: 7 | AF25: =AE25 -> 7
B26: Deposits | D26: 45 | E26: 45.6 | F26: 47 | G26: 46.8 | H26: 46.8 | J26: 47 | K26: 47.5 | L26: 45.4 | M26: 44.3 | N26: 44.3 | P26: 47.6 | Q26: 47.6 | R26: 46.4 | S26: 47 | T26: 47 | V26: 46 | W26: 47 | X26: 47 | Y26: 48 | Z26: =Y26 -> 48 | AB26: 47 | AC26: 47 | AD26: 47 | AE26: 47 | AF26: =AE26 -> 47
B27: Other securities and investments | D27: 0.6 | E27: 0.6 | F27: 0.6 | G27: 0.6 | H27: 0.6 | J27: 0.6 | K27: 0.6 | L27: 0.6 | M27: 0.7 | N27: 0.7 | P27: 0.6 | Q27: 0.7 | R27: 0.8 | S27: 1 | T27: 1 | V27: 1 | W27: 0 | X27: 1 | Y27: 1 | Z27: =Y27 -> 1 | AB27: 1 | AC27: 1 | AD27: 1 | AE27: 1 | AF27: =AE27 -> 1
B28: Total other non-current assets | D28: 58 | E28: 58 | F28: 59.4 | G28: 54.7 | H28: 54.7 | J28: 55.1 | K28: 49.3 | L28: 47.4 | M28: 46.4 | N28: 46.4 | P28: 48.9 | Q28: 57.8 | R28: 56.9 | S28: 66 | T28: 66 | V28: =SUM(V24:V27) -> 64 | W28: =SUM(W24:W27) -> 65 | X28: =SUM(X24:X27) -> 65 | Y28: =SUM(Y24:Y27) -> 83 | Z28: =SUM(Z24:Z27) -> 83 | AB28: =SUM(AB24:AB27) -> 74 | AC28: =SUM(AC24:AC27) -> 72 | AD28: =SUM(AD24:AD27) -> 72 | AE28: =SUM(AE24:AE27) -> 56 | AF28: =SUM(AF24:AF27) -> 56
B29: Total non-current assets | D29: 5187.5 | E29: 5131.1 | F29: 5092.4 | G29: 5026.3 | H29: 5026.3 | J29: 4986.8 | K29: 4983.1 | L29: 4962.8 | M29: 5201.7 | N29: 5201.7 | P29: 5181.2 | Q29: 6383.1 | R29: 6395.5 | S29: 6468 | T29: 6468 | V29: =V13+V21+V28 -> 6534 | W29: =W13+W21+W28 -> 6579 | X29: =X13+X21+X28 -> 6651 | Y29: =Y13+Y21+Y28 -> 6965 | Z29: =Z13+Z21+Z28 -> 6965 | AB29: =AB13+AB21+AB28 -> 6884 | AC29: =AC13+AC21+AC28 -> 6850 | AD29: =AD13+AD21+AD28 -> 6795 | AE29: =AE13+AE21+AE28 -> 7014 | AF29: =AF13+AF21+AF28 -> 7014
B31: Current assets
B32: Inventories | D32: 954.2 | E32: 988.8 | F32: 958.9 | G32: 890.1 | H32: 890.1 | J32: 928.9 | K32: 999.3 | L32: 964.4 | M32: 911.8 | N32: 911.8 | P32: 1006.2 | Q32: 1755.3 | R32: 1817.5 | S32: 1864 | T32: 1864 | V32: 2034 | W32: 2396 | X32: 2233 | Y32: 2269 | Z32: =Y32 -> 2269 | AB32: 2316 | AC32: 2733 | AD32: 2450 | AE32: 2380 | AF32: =AE32 -> 2380
B33: Trade receivables | D33: 17.8 | E33: 19 | F33: 41.9 | G33: 26.6 | H33: 26.6 | J33: 30.9 | K33: 33.8 | L33: 46.1 | M33: 43.7 | N33: 43.7 | P33: 64.7 | Q33: 97.6 | R33: 143.2 | S33: 76 | T33: 76 | V33: 100 | W33: 83 | X33: 128 | Y33: 93 | Z33: =Y33 -> 93 | AB33: 110 | AC33: 115 | AD33: 183 | AE33: 97 | AF33: =AE33 -> 97
B34: Corporate tax receivable | D34: 0.1 | E34: 0 | F34: 24.8 | G34: 45.5 | H34: 45.5 | J34: 26.3 | K34: 13.1 | L34: 4.7 | M34: 20.6 | N34: 20.6 | P34: 4.8 | Q34: 2.4 | R34: 0 | S34: 17 | T34: 17 | V34: 7 | W34: 6 | X34: 27 | Y34: 19 | Z34: =Y34 -> 19 | AB34: 18 | AC34: 8 | AD34: 25 | AE34: 18 | AF34: =AE34 -> 18
B35: Other receivables | D35: 6.3 | E35: 5.1 | F35: 22.6 | G35: 7.1 | H35: 7.1 | J35: 3.2 | K35: 7.8 | L35: 10 | M35: 24.9 | N35: 24.9 | P35: 12.6 | Q35: 48.7 | R35: 32.5 | S35: 38 | T35: 38 | V35: 34 | W35: 21 | X35: 19 | Y35: 22 | Z35: =Y35 -> 22 | AB35: 26 | AC35: 8 | AD35: 22 | AE35: 153 | AF35: =AE35 -> 153
B36: Prepayments | D36: 41.9 | E36: 34.4 | F36: 32.6 | G36: 31.5 | H36: 31.5 | J36: 32.5 | K36: 30.9 | L36: 29.3 | M36: 40.8 | N36: 40.8 | P36: 42 | Q36: 76.3 | R36: 68.6 | S36: 74 | T36: 74 | V36: 80 | W36: 97 | X36: 93 | Y36: 130 | Z36: =Y36 -> 130 | AB36: 139 | AC36: 137 | AD36: 120 | AE36: 109 | AF36: =AE36 -> 109
B37: Cash and cash equivalents | D37: 35.7 | E37: 26.5 | F37: 43.3 | G37: 28.2 | H37: 28.2 | J37: 46.1 | K37: 43.2 | L37: 131.7 | M37: 36.7 | N37: 36.7 | P37: 66.5 | Q37: 261.5 | R37: 421.3 | S37: 131 | T37: 131 | V37: 154 | W37: 102 | X37: 453 | Y37: 76 | Z37: =Y37 -> 76 | AB37: 136 | AC37: 126 | AD37: 112 | AE37: 60 | AF37: =AE37 -> 60
B38: Total current assets | D38: 1056 | E38: 1073.8 | F38: 1124.1 | G38: 1029 | H38: 1029 | J38: 1067.9 | K38: 1128.1 | L38: 1186.2 | M38: 1078.5 | N38: 1078.5 | P38: 1196.8 | Q38: 2241.8 | R38: 2483.1 | S38: 2200 | T38: 2200 | V38: =SUM(V32:V37) -> 2409 | W38: =SUM(W32:W37) -> 2705 | X38: =SUM(X32:X37) -> 2953 | Y38: =SUM(Y32:Y37) -> 2609 | Z38: =SUM(Z32:Z37) -> 2609 | AB38: =SUM(AB32:AB37) -> 2745 | AC38: =SUM(AC32:AC37) -> 3127 | AD38: =SUM(AD32:AD37) -> 2912 | AE38: =SUM(AE32:AE37) -> 2817 | AF38: =SUM(AF32:AF37) -> 2817
B40: Total assets | D40: 6243.5 | E40: 6204.9 | F40: 6216.5 | G40: 6055.3 | H40: 6055.3 | J40: 6054.7 | K40: 6111.2 | L40: 6149 | M40: 6280.2 | N40: 6280.2 | P40: 6378 | Q40: 8624.9 | R40: 8878.6 | S40: 8668 | T40: 8668 | V40: =V29+V38 -> 8943 | W40: =W29+W38 -> 9284 | X40: =X29+X38 -> 9604 | Y40: =Y29+Y38 -> 9574 | Z40: =Z29+Z38 -> 9574 | AB40: =AB29+AB38 -> 9629 | AC40: =AC29+AC38 -> 9977 | AD40: =AD29+AD38 -> 9707 | AE40: =AE29+AE38 -> 9831 | AF40: =AF29+AF38 -> 9831
B42: Balance sheet | D42: 2021/22 | E42: 2021/22 | F42: 2021/22 | G42: 2021/22 | H42: 2021/22
B43: DKK million | D43: Q1 | E43: Q2 | F43: Q3 | G43: Q4 | H43: FY
B45: Equity and liabilities
B46: Share capital | D46: 95.7 | E46: 95.7 | F46: 95.7 | G46: 95.7 | H46: 95.7 | J46: 95.7 | K46: 95.7 | L46: 95.7 | M46: 95.7 | N46: 95.7 | P46: 95.7 | Q46: 95.7 | R46: 95.7 | S46: 96 | T46: 96 | V46: 96 | W46: 96 | X46: 96 | Y46: 96 | Z46: =Y46 -> 96 | AB46: 96 | AC46: 96 | AD46: 96 | AE46: 96 | AF46: =AE46 -> 96
B47: Hedging reserve | D47: -1 | E47: 0 | F47: 0 | G47: 0 | H47: 0 | J47: 0 | K47: 0 | L47: 0 | M47: 0 | N47: 0 | P47: 0 | Q47: 0 | R47: 0 | S47: 0 | T47: 0 | V47: 0 | W47: 0 | X47: 4 | Y47: 3 | Z47: =Y47 -> 3 | AB47: 0 | AC47: 0 | AD47: -4 | AE47: 19 | AF47: =AE47 -> 19
B48: Translation reserve | D48: 0.272998 | E48: 0.3 | F48: 0.3 | G48: 0.3 | H48: 0.3 | J48: 0.3 | K48: 0.3 | L48: 0.3 | M48: 0.3 | N48: 0.3 | P48: 0.3 | Q48: 21.9 | R48: 40.3 | S48: 17 | T48: 17 | V48: 11 | W48: 20 | X48: 12 | Y48: 45 | Z48: =Y48 -> 45 | AB48: 34 | AC48: 43 | AD48: 52 | AE48: 34 | AF48: =AE48 -> 34
B49: Treasury share reserve | D49: -1 | E49: -22.7 | F49: -76 | G49: -76 | H49: -76 | J49: -43.5 | K49: -43.5 | L49: -43.5 | M49: -43.5 | N49: -43.5 | P49: -20.9 | Q49: -20.9 | R49: -42.4 | S49: -43 | T49: -43 | V49: -12 | W49: -12 | X49: -39 | Y49: -39 | Z49: =Y49 -> -39 | AB49: -12 | AC49: -68 | AD49: -113 | AE49: -144 | AF49: =AE49 -> -144
B50: Proposed dividend | D50: 0 | E50: 0 | F50: 0 | G50: 76.6 | H50: 76.6 | J50: 0 | K50: 0 | L50: 0 | M50: 76.6 | N50: 76.6 | P50: 0 | Q50: 0 | R50: 0 | S50: 76 | T50: 76 | V50: 0 | W50: 0 | X50: 0 | Y50: 76 | Z50: =Y50 -> 76 | AB50: 0 | AC50: 0 | AD50: 0 | AE50: 76 | AF50: =AE50 -> 76
B51: Retained earnings | D51: 2899.1 | E51: 2938.5 | F51: 3087.2 | G51: 3055.2 | H51: 3055.2 | J51: 3094 | K51: 3142.8 | L51: 3292.2 | M51: 3233.5 | N51: 3233.5 | P51: 3261.8 | Q51: 3267.2 | R51: 3433 | S51: 3315 | T51: 3315 | V51: 3366 | W51: 3396 | X51: 3602 | Y51: 3534 | Z51: =Y51 -> 3534 | AB51: 3566 | AC51: 3597 | AD51: 3778 | AE51: 3669 | AF51: =AE51 -> 3669
B52: Matas A/S' share of equity | D52: 2993.073 | E52: 3011.8 | F52: 3107.2 | G52: 3151.8 | H52: 3151.8 | J52: 3146.5 | K52: 3195.3 | L52: 3344.7 | M52: 3362.6 | N52: 3362.6 | P52: 3336.9 | Q52: 3363.9 | R52: 3526.6 | S52: 3461 | T52: 3461 | V52: =SUM(V46:V51) -> 3461 | W52: =SUM(W46:W51) -> 3500 | X52: =SUM(X46:X51) -> 3675 | Y52: =SUM(Y46:Y51) -> 3715 | Z52: =SUM(Z46:Z51) -> 3715 | AB52: =SUM(AB46:AB51) -> 3684 | AC52: =SUM(AC46:AC51) -> 3668 | AD52: =SUM(AD46:AD51) -> 3809 | AE52: =SUM(AE46:AE51) -> 3750 | AF52: =SUM(AF46:AF51) -> 3750
B53: Minority interests | D53: 0.4 | E53: 0.4 | F53: 0.4 | G53: 0.5 | H53: 0.5 | J53: 0.5 | K53: 0.5 | L53: 0.5 | M53: 0.5 | N53: 0.5 | P53: 0.5 | Q53: 0.5 | R53: 0.5 | S53: 1 | T53: 1 | V53: 0.5 | W53: 1 | X53: 1 | Y53: 1 | Z53: =Y53 -> 1 | AB53: 1 | AC53: 0 | AD53: 0 | AE53: -1 | AF53: =AE53 -> -1
B54: Total equity | D54: 2993.473 | E54: 3012.2 | F54: 3107.6 | G54: 3152.3 | H54: 3152.3 | J54: 3147 | K54: 3195.8 | L54: 3345.2 | M54: 3363.1 | N54: 3363.1 | P54: 3337.4 | Q54: 3364.4 | R54: 3527.1 | S54: 3462 | T54: 3462 | V54: =SUM(V52:V53) -> 3461.5 | W54: =SUM(W52:W53) -> 3501 | X54: =SUM(X52:X53) -> 3676 | Y54: =SUM(Y52:Y53) -> 3716 | Z54: =SUM(Z52:Z53) -> 3716 | AB54: =SUM(AB52:AB53) -> 3685 | AC54: =SUM(AC52:AC53) -> 3668 | AD54: =SUM(AD52:AD53) -> 3809 | AE54: =SUM(AE52:AE53) -> 3749 | AF54: =SUM(AF52:AF53) -> 3749
B56: Deferred tax | D56: 199.7 | E56: 187.1 | F56: 197 | G56: 192.8 | H56: 192.8 | J56: 193.2 | K56: 193.1 | L56: 195.4 | M56: 198.8 | N56: 198.8 | P56: 198.1 | Q56: 239.1 | R56: 237.1 | S56: 227 | T56: 227 | V56: 225 | W56: 226 | X56: 225 | Y56: 212 | Z56: =Y56 -> 212 | AB56: 206 | AC56: 206 | AD56: 206 | AE56: 200 | AF56: =AE56 -> 200
B57: Leased liabilities, non-current | D57: 447.2 | E57: 409 | F57: 389.1 | G57: 343.5 | H57: 343.5 | J57: 306.6 | K57: 264.2 | L57: 243.4 | M57: 462.6 | N57: 462.6 | P57: 438.6 | Q57: 876.7 | R57: 792.2 | S57: 850 | T57: 850 | V57: 795 | W57: 767 | X57: 725 | Y57: 870 | Z57: =Y57 -> 870 | AB57: 770 | AC57: 696 | AD57: 626 | AE57: 841 | AF57: =AE57 -> 841
B58: Provisions, non-current | D58: 27.8 | E58: 27.9 | F58: 28 | G58: 28 | H58: 28 | J58: 28.1 | K58: 28.1 | L58: 28.2 | M58: 28 | N58: 28 | P58: 28 | Q58: 28 | R58: 28 | S58: 28 | T58: 28 | V58: 28 | W58: 28 | X58: 28 | Y58: 28 | Z58: =Y58 -> 28 | AB58: 27 | AC58: 27 | AD58: 28 | AE58: 27 | AF58: =AE58 -> 27
B59: Credit institutions, non-current | D59: 0 | E59: 1095.5 | F59: 1055.7 | G59: 996.1 | H59: 996.1 | J59: 996.5 | K59: 1096.9 | L59: 947.3 | M59: 917.7 | N59: 917.7 | P59: 918.1 | Q59: 1848.3 | R59: 1748.9 | S59: 2007 | T59: 2007 | V59: 2257 | W59: 2258 | X59: 2612 | Y59: 1958 | Z59: =Y59 -> 1958 | AB59: 2590 | AC59: 2891 | AD59: 2692 | AE59: 2693 | AF59: =AE59 -> 2693
B60: Other payables, non-current | D60: 37.4 | E60: 38.3 | F60: 34.6 | G60: 37.7 | H60: 37.7 | J60: 38.7 | K60: 43.1 | L60: 44.3 | M60: 13 | N60: 13 | P60: 13.5 | Q60: 11.9 | R60: 13 | S60: 5 | T60: 5 | V60: 5 | W60: 5 | X60: 5 | Y60: 5 | Z60: =Y60 -> 5 | AB60: 0 | AC60: 0 | AD60: 0 | AE60: 0 | AF60: =AE60 -> 0
B61: Total non-current liabilities | D61: 712.1 | E61: 1757.8 | F61: 1704.4 | G61: 1598.1 | H61: 1598.1 | J61: 1563.1 | K61: 1625.4 | L61: 1458.6 | M61: 1620.1 | N61: 1620.1 | P61: 1596.3 | Q61: 3004 | R61: 2819.2 | S61: 3117 | T61: 3117 | V61: =SUM(V56:V60) -> 3310 | W61: =SUM(W56:W60) -> 3284 | X61: =SUM(X56:X60) -> 3595 | Y61: =SUM(Y56:Y60) -> 3073 | Z61: =SUM(Z56:Z60) -> 3073 | AB61: =SUM(AB56:AB60) -> 3593 | AC61: =SUM(AC56:AC60) -> 3820 | AD61: =SUM(AD56:AD60) -> 3552 | AE61: =SUM(AE56:AE60) -> 3761 | AF61: =SUM(AF56:AF60) -> 3761
B63: Current liabilities
B64: Credit institutions, current | D64: 1148.2 | E64: 107.4 | F64: 79.9 | G64: 157.9 | H64: 157.9 | J64: 128 | K64: 89.8 | L64: 0 | M64: 110.4 | N64: 110.4 | P64: 0 | Q64: 190.8 | R64: 8 | S64: 55 | T64: 55 | V64: 0 | W64: 199 | X64: 0 | Y64: 670 | Z64: =Y64 -> 670 | AB64: 0 | AC64: 0 | AD64: 0 | AE64: 138 | AF64: =AE64 -> 138
B65: Leased liabilities, current | D65: 179.8 | E65: 180.6 | F65: 179.1 | G65: 179.5 | H65: 179.5 | J65: 176.7 | K65: 176 | L65: 176 | M65: 188.4 | N65: 188.4 | P65: 192.6 | Q65: 349 | R65: 362.5 | S65: 360 | T65: 360 | V65: 364 | W65: 356 | X65: 351 | Y65: 404 | Z65: =Y65 -> 404 | AB65: 398 | AC65: 408 | AD65: 404 | AE65: 429 | AF65: =AE65 -> 429
B66: Provisions, current *** | T66: 19 | V66: 8 | W66: 3 | X66: 1 | Y66: 2 | Z66: =Y66 -> 2 | AB66: 6 | AC66: 3 | AD66: 8 | AE66: 6 | AF66: =AE66 -> 6
B67: Prepayments from customers | D67: 151.1 | E67: 148.3 | F67: 196.8 | G67: 154.5 | H67: 154.5 | J67: 153.2 | K67: 150.3 | L67: 203.4 | M67: 161.4 | N67: 161.4 | P67: 159.2 | Q67: 191.4 | R67: 275.5 | S67: 221 | T67: 221 | V67: 216 | W67: 212 | X67: 298 | Y67: 235 | Z67: =Y67 -> 235 | AB67: 230 | AC67: 224 | AD67: 302 | AE67: 258 | AF67: =AE67 -> 258
B68: Trade payables | D68: 742 | E68: 741.8 | F68: 728.7 | G68: 662.9 | H68: 662.9 | J68: 680.1 | K68: 757.7 | L68: 762.3 | M68: 634.1 | N68: 634.1 | P68: 846.8 | Q68: 1136.9 | R68: 1309.8 | S68: 1070 | T68: 1070 | V68: 1253 | W68: 1471 | X68: 1175 | Y68: 1090 | Z68: =Y68 -> 1090 | AB68: 1295 | AC68: 1566 | AD68: 1134 | AE68: 1099 | AF68: =AE68 -> 1099
B69: Dividend | D69: 76.6 | E69: 0 | F69: 0 | G69: 0 | H69: 0 | J69: 75.9 | K69: 0 | L69: 0 | M69: 0 | N69: 0 | P69: 76.2 | Q69: 0 | R69: 0 | S69: 0 | T69: 0 | V69: 0 | W69: 0 | X69: 0 | Y69: 0 | Z69: =Y69 -> 0 | AB69: 0 | AC69: 0 | AD69: 0 | AE69: 0 | AF69: =AE69 -> 0
B70: Corporate tax | D70: 0 | E70: 23.4 | F70: 0 | G70: 0 | H70: 0 | J70: 0 | K70: 0 | L70: 0 | M70: 0 | N70: 0 | P70: 0 | Q70: 0 | R70: 53.7 | S70: 0 | T70: 0 | V70: 1 | W70: 0 | X70: 0 | Y70: 0 | Z70: =Y70 -> 0 | AB70: 0 | AC70: 0 | AD70: 0 | AE70: 0 | AF70: =AE70 -> 0
B71: Other payables, current | D71: 240.227 | E71: 233.4 | F71: 220 | G71: 150.1 | H71: 150.1 | J71: 130.7 | K71: 116.2 | L71: 203.5 | M71: 202.7 | N71: 202.7 | P71: 169.5 | Q71: 388.4 | R71: 522.8 | S71: 383 | T71: 364 | V71: 329 | W71: 258 | X71: 508 | Y71: 384 | Z71: =Y71 -> 384 | AB71: 422 | AC71: 288 | AD71: 498 | AE71: 391 | AF71: =AE71 -> 391
B72: Total current liabilities | D72: 2537.927 | E72: 1434.9 | F72: 1404.5 | G72: 1304.9 | H72: 1304.9 | J72: 1344.6 | K72: 1290 | L72: 1345.2 | M72: 1297 | N72: 1297 | P72: 1444.3 | Q72: 2256.5 | R72: 2532.3 | S72: 2089 | T72: 2089 | V72: =SUM(V64:V71) -> 2171 | W72: =SUM(W64:W71) -> 2499 | X72: =SUM(X64:X71) -> 2333 | Y72: =SUM(Y64:Y71) -> 2785 | Z72: =SUM(Z64:Z71) -> 2785 | AB72: =SUM(AB64:AB71) -> 2351 | AC72: =SUM(AC64:AC71) -> 2489 | AD72: =SUM(AD64:AD71) -> 2346 | AE72: =SUM(AE64:AE71) -> 2321 | AF72: =SUM(AF64:AF71) -> 2321
B74: Total liabilities | D74: 3250.027 | E74: 3192.7 | F74: 3108.9 | G74: 2903 | H74: 2903 | J74: 2907.7 | K74: 2915.4 | L74: 2803.8 | M74: 2917.1 | N74: 2917.1 | P74: 3040.6 | Q74: 5260.5 | R74: 5351.5 | S74: 5206 | T74: 5206 | V74: =V61+V72 -> 5481 | W74: =W61+W72 -> 5783 | X74: =X61+X72 -> 5928 | Y74: =Y61+Y72 -> 5858 | Z74: =Z61+Z72 -> 5858 | AB74: =AB61+AB72 -> 5944 | AC74: =AC61+AC72 -> 6309 | AD74: =AD61+AD72 -> 5898 | AE74: =AE61+AE72 -> 6082 | AF74: =AF61+AF72 -> 6082
B76: TOTAL EQUITY AND LIABILITIES | D76: 6243.5 | E76: 6204.9 | F76: 6216.5 | G76: 6055.3 | H76: 6055.3 | J76: 6054.7 | K76: 6111.2 | L76: 6149 | M76: 6280.2 | N76: 6280.2 | P76: 6378 | Q76: 8624.9 | R76: 8878.6 | S76: 8668 | T76: 8668 | V76: =V54+V74 -> 8942.5 | W76: =W54+W74 -> 9284 | X76: =X54+X74 -> 9604 | Y76: =Y54+Y74 -> 9574 | Z76: =Z54+Z74 -> 9574 | AB76: =AB54+AB74 -> 9629 | AC76: =AC54+AC74 -> 9977 | AD76: =AD54+AD74 -> 9707 | AE76: =AE54+AE74 -> 9831 | AF76: =AF54+AF74 -> 9831
B78: *) Software used to be part of other intangible assets, now shown separately.
B79: **) Plant in progress used to be part of land and buildings, now shown separately.
B80: ***) Provisions, current used to be part of other payables, now shown separately.

Sheet Matas Group Cash flow
B1: MATAS GROUP
B2: Statement of cash flows for year ended 31 March | D2: 2021/22 | E2: 2021/22 | F2: =E2 -> 2021/22 | G2: =F2 -> 2021/22 | H2: =G2 -> 2021/22 | J2: 2022/23 | K2: 2022/23 | L2: 2022/23 | M2: =L2 -> 2022/23 | N2: =M2 -> 2022/23 | P2: 2023/24 | Q2: 2023/24 | R2: 2023/24 | S2: 2023/24 | T2: 2023/24 | V2: 2024/25 | W2: 2024/25 | X2: 2024/25 | Y2: 2024/25 | Z2: 2024/25 | AB2: 2025/26 | AC2: =+AB2 -> 2025/26 | AD2: =+AB2 -> 2025/26 | AE2: =+AC2 -> 2025/26 | AF2: =+AD2 -> 2025/26
B3: DKK million | D3: Q1 | E3: Q2 | F3: Q3 | G3: Q4 | H3: FY | J3: Q1 | K3: Q2 | L3: Q3 | M3: Q4 | N3: FY | P3: Q1 | Q3: Q2 | R3: Q3 | S3: Q4 * | T3: FY | V3: Q1 | W3: Q2 | X3: Q3 | Y3: Q4 | Z3: FY | AB3: Q1 | AC3: Q2 | AD3: Q3 | AE3: Q4 | AF3: FY
B5: Profit before tax | D5: 67.458533 | E5: 46.405087 | F5: 189.5 | G5: 47.736376 | H5: 351.1 | J5: 88.6 | K5: 60 | L5: 188.8 | M5: 35.2 | N5: 372.8 | P5: 65.4 | Q5: 3.6 | R5: 220.10345 | S5: -41.103455 | T5: 248 | V5: 76 | W5: 31 | X5: 266 | Y5: 11 | Z5: =SUM(V5:Y5) -> 384 | AB5: 82 | AC5: 31 | AD5: 239 | AE5: 0 | AF5: =SUM(AB5:AE5) -> 352
B6: Depreciation, amortisation and impairment | D6: 107.7 | E6: 106.3 | F6: 107.2 | G6: 100.1 | H6: 421.3 | J6: 89.1 | K6: 86.7 | L6: 94.5 | M6: 110.9 | N6: 381.1 | P6: 91.1 | Q6: 113.1 | R6: 155.1 | S6: 165.7 | T6: 525 | V6: 158 | W6: 157 | X6: 156 | Y6: 153 | Z6: =SUM(V6:Y6) -> 624 | AB6: 161 | AC6: 160 | AD6: 166 | AE6: 177 | AF6: =SUM(AB6:AE6) -> 664
B7: Other non-cash operating items, net | D7: -23.6 | E7: 2.9 | F7: 2.1 | G7: 5.1 | H7: -13.5 | J7: 1.5 | K7: 2.2 | L7: 2.1 | M7: 2.2 | N7: 8 | P7: 2 | Q7: 3.4 | R7: 2.6 | S7: 3 | T7: 11 | V7: 3 | W7: 5 | X7: 5 | Y7: 19 | Z7: =SUM(V7:Y7) -> 32 | AB7: 6 | AC7: 4 | AD7: -5 | AE7: 52 | AF7: =SUM(AB7:AE7) -> 57
B8: Share of profit or loss after tax of associates | D8: 0.1 | E8: 0.1 | F8: 1e-09 | G8: 4.4 | H8: 4.6 | J8: -0.2 | K8: 5.3 | L8: -0.2 | M8: 0 | N8: 4.9 | P8: -0.1 | Q8: -0.1 | R8: -0.3 | S8: -0.5 | T8: -1 | V8: 0 | W8: 0 | X8: 0 | Y8: -1 | Z8: =SUM(V8:Y8) -> -1 | AB8: 0 | AC8: 0 | AD8: 0 | AE8: -1 | AF8: =SUM(AB8:AE8) -> -1
B9: Financial income | D9: 0.0001 | E9: 1e-06 | F9: -5.1 | G9: -0.200101 | H9: -5.3 | J9: 0 | K9: 0 | L9: 0 | M9: -0.5 | N9: -0.5 | P9: 0.0001 | Q9: -2.7 | R9: -4.9 | S9: -4.4001 | T9: -12 | V9: -2 | W9: 0 | X9: 0 | Y9: 1 | Z9: =SUM(V9:Y9) -> -1 | AB9: 0 | AC9: -1 | AD9: 0 | AE9: -4 | AF9: =SUM(AB9:AE9) -> -5
B10: Financial expenses | D10: 10.5 | E10: 10.2 | F10: 9.3 | G10: 7.9 | H10: 37.9 | J10: 9.2 | K10: 8 | L10: 12.9 | M10: 15.8 | N10: 45.9 | P10: 23.4 | Q10: 24.2 | R10: 34.4 | S10: 62 | T10: 144 | V10: 44 | W10: 50 | X10: 51 | Y10: 38 | Z10: =SUM(V10:Y10) -> 183 | AB10: 54 | AC10: 40 | AD10: 38 | AE10: 36 | AF10: =SUM(AB10:AE10) -> 168
B11: Cash generated from operations before changes in net working capital | D11: 162.15863 | E11: 165.90509 | F11: 303 | G11: 165.03627 | H11: 796.1 | J11: 188.2 | K11: 162.2 | L11: 298.1 | M11: 163.6 | N11: 812.2 | P11: 181.8001 | Q11: 141.5 | R11: 407.00345 | S11: 184.69644 | T11: 915 | V11: =SUM(V5:V10) -> 279 | W11: =SUM(W5:W10) -> 243 | X11: =SUM(X5:X10) -> 478 | Y11: =SUM(Y5:Y10) -> 221 | Z11: =SUM(Z5:Z10) -> 1221 | AB11: =SUM(AB5:AB10) -> 303 | AC11: =SUM(AC5:AC10) -> 234 | AD11: =SUM(AD5:AD10) -> 438 | AE11: =SUM(AE5:AE10) -> 260 | AF11: =SUM(AF5:AF10) -> 1235
B12: Changes in net working capital | D12: -73.956709 | E12: -36.3 | F12: 16.6 | G12: -87.943291 | H12: -181.6 | J12: -43.7 | K12: -16.5 | L12: 169.1 | M12: -178.8 | N12: -69.9 | P12: 69.7 | Q12: -215.4 | R12: 306.4 | S12: -347.7 | T12: -187 | V12: -38 | W12: -204 | X12: 157 | Y12: -320 | Z12: =SUM(V12:Y12) -> -405 | AB12: 168 | AC12: -288 | AD12: 83 | AE12: -132 | AF12: =SUM(AB12:AE12) -> -169
B13: Cash generated from operations | D13: 88.201924 | E13: 129.60509 | F13: 319.6 | G13: 77.092984 | H13: 614.5 | J13: 144.5 | K13: 145.7 | L13: 467.2 | M13: -15.2 | N13: 742.3 | P13: 251.5001 | Q13: -73.9 | R13: 713.40345 | S13: -163.00356 | T13: 728 | V13: =SUM(V11:V12) -> 241 | W13: =SUM(W11:W12) -> 39 | X13: =SUM(X11:X12) -> 635 | Y13: =SUM(Y11:Y12) -> -99 | Z13: =SUM(Z11:Z12) -> 816 | AB13: =SUM(AB11:AB12) -> 471 | AC13: =SUM(AC11:AC12) -> -54 | AD13: =SUM(AD11:AD12) -> 521 | AE13: =SUM(AE11:AE12) -> 128 | AF13: =SUM(AF11:AF12) -> 1066
B15: Interest received | D15: 1e-05 | E15: 0.0001 | F15: 0.1 | G15: 5.09989 | H15: 5.2 | J15: 0 | K15: 0 | L15: 0 | M15: 0 | N15: 0 | P15: 0 | Q15: 2.7 | R15: 0 | S15: -2.7 | T15: 0
B16: Corporation tax paid | D16: 0.0001 | E16: 0.0001 | F16: -78.5 | G16: -30.7002 | H16: -109.2 | J16: 0 | K16: 0 | L16: -33.3 | M16: -30.5 | N16: -63.8 | P16: 0 | Q16: 0 | R16: -11.5 | S16: -71.5 | T16: -83 | V16: 0 | W16: 0 | X16: -75 | Y16: -26 | Z16: =SUM(V16:Y16) -> -101 | AB16: 0 | AC16: -7 | AD16: -72 | AE16: -36 | AF16: =SUM(AB16:AE16) -> -115
B17: Cash flow from operating activities | D17: 88.202034 | E17: 129.60529 | F17: 241.2 | G17: 51.492674 | H17: 510.5 | J17: 144.5 | K17: 145.7 | L17: 433.9 | M17: -45.7 | N17: 678.5 | P17: 251.5001 | Q17: -71.2 | R17: 701.90345 | S17: -237.20356 | T17: 645 | V17: =SUM(V13:V16) -> 241 | W17: =SUM(W13:W16) -> 39 | X17: =SUM(X13:X16) -> 560 | Y17: =SUM(Y13:Y16) -> -125 | Z17: =SUM(Z13:Z16) -> 715 | AB17: =SUM(AB13:AB16) -> 471 | AC17: =SUM(AC13:AC16) -> -61 | AD17: =SUM(AD13:AD16) -> 449 | AE17: =SUM(AE13:AE16) -> 92 | AF17: =SUM(AF13:AF16) -> 951
B19: Acquisition of intangible assets | D19: -35.1 | E19: -29.7 | F19: -39.6 | G19: -28.5 | H19: -132.9 | J19: -32.1 | K19: -36.1 | L19: -35 | M19: -58.9 | N19: -162.1 | P19: -34.9 | Q19: -39.4 | R19: -33 | S19: -47.7 | T19: -155 | V19: -45 | W19: -36 | X19: -57 | Y19: -87 | Z19: =SUM(V19:Y19) -> -225 | AB19: -40 | AC19: -18 | AD19: -93 | AE19: -71 | AF19: =SUM(AB19:AE19) -> -222
B20: Acquisition of property, plant and equipment | D20: -10.3 | E20: -13.8 | F20: -15.5 | G20: -10.9 | H20: -50.5 | J20: -13.8 | K20: -47.9 | L20: -16.5 | M20: -14 | N20: -92.2 | P20: -15.7 | Q20: -50.9 | R20: -109.3 | S20: -75.1 | T20: -251 | V20: -149 | W20: -108 | X20: -126 | Y20: -94 | Z20: =SUM(V20:Y20) -> -477 | AB20: -60 | AC20: -83 | AD20: 11 | AE20: -50 | AF20: =SUM(AB20:AE20) -> -182
B21: Disposal of investments in subsidiaries | D21: 0 | E21: 0 | F21: 0 | G21: 0 | H21: 0 | J21: 0 | K21: 0 | L21: 0 | M21: 0 | N21: 0 | P21: 0 | Q21: 0 | R21: 0 | S21: 2 | T21: 2 | V21: 0 | W21: 0 | X21: 0 | Y21: 0 | Z21: =SUM(V21:Y21) -> 0 | AB21: 0 | AC21: 0 | AD21: 0 | AE21: 0 | AF21: =SUM(AB21:AE21) -> 0
B22: Acquisition of subsidiaries and operations a.o | D22: -48.2 | E22: 0 | F22: 0 | G22: 0 | H22: -48.2 | J22: 0 | K22: -1.5 | L22: 0 | M22: 0 | N22: -1.5 | P22: 0 | Q22: -617.1 | R22: 0 | S22: 0.1 | T22: -617 | V22: -15 | W22: 0 | X22: 0 | Y22: 0 | Z22: =SUM(V22:Y22) -> -15 | AB22: 0 | AC22: 0 | AD22: 0 | AE22: -2 | AF22: =SUM(AB22:AE22) -> -2
B23: Cash flow from investing activities | D23: -93.6 | E23: -43.5 | F23: -55.1 | G23: -39.4 | H23: -231.6 | J23: -45.9 | K23: -85.5 | L23: -51.5 | M23: -72.9 | N23: -255.8 | P23: -50.6 | Q23: -707.4 | R23: -142.3 | S23: -120.7 | T23: -1021 | V23: =SUM(V19:V22) -> -209 | W23: =SUM(W19:W22) -> -144 | X23: =SUM(X19:X22) -> -183 | Y23: =SUM(Y19:Y22) -> -181 | Z23: =SUM(Z19:Z22) -> -717 | AB23: =SUM(AB19:AB22) -> -100 | AC23: =SUM(AC19:AC22) -> -101 | AD23: =SUM(AD19:AD22) -> -82 | AE23: =SUM(AE19:AE22) -> -123 | AF23: =SUM(AF19:AF22) -> -406
B24: Free cash flow excluding sale and acquisition of subsidiaries and operations | D24: 42.802034 | E24: 86.105288 | F24: 186.1 | G24: 12.092674 | H24: 327.1 | J24: 98.6 | K24: 61.7 | L24: 382.4 | M24: -118.6 | N24: 424.2 | P24: 200.9001 | Q24: -161.5 | R24: 559.60345 | S24: -360.00356 | T24: 239 | V24: =V17+V19+V20 -> 47 | W24: =W17+W19+W20 -> -105 | X24: =X17+X19+X20 -> 377 | Y24: =Y17+Y19+Y20 -> -306 | Z24: =Z17+Z19+Z20 -> 13 | AB24: =AB17+AB19+AB20 -> 371 | AC24: =AC17+AC19+AC20 -> -162 | AD24: =AD17+AD19+AD20 -> 367 | AE24: =AE17+AE19+AE20 -> -29 | AF24: =AF17+AF19+AF20 -> 547
B25: Free cash flow | D25: -5.397966 | E25: 86.105288 | F25: 186.1 | G25: 12.092674 | H25: 278.9 | J25: 98.6 | K25: 60.2 | L25: 382.4 | M25: -118.6 | N25: 422.7 | P25: 200.9001 | Q25: -778.6 | R25: 559.60345 | S25: -357.90355 | T25: -376 | V25: =V17+V23 -> 32 | W25: =W17+W23 -> -105 | X25: =X17+X23 -> 377 | Y25: =Y17+Y23 -> -306 | Z25: =Z17+Z23 -> -2 | AB25: =AB17+AB23 -> 371 | AC25: =AC17+AC23 -> -162 | AD25: =AD17+AD23 -> 367 | AE25: =AE17+AE23 -> -31 | AF25: =AF17+AF23 -> 545
B27: Debt raised with credit institutions | D27: 0 | E27: 745.4 | F27: 0 | G27: 18.002535 | H27: 763.5 | J27: 0 | K27: 0 | L27: 0 | M27: 0 | N27: 0 | P27: 0 | Q27: 1121.3 | R27: 0 | S27: 0 | T27: 1121 | V27: 195 | W27: 200 | X27: 155 | Y27: 14 | Z27: =SUM(V27:Y27) -> 564 | AB27: =2689 -> 2689 | AC27: 345 | AD27: 0 | AE27: 139 | AF27: =SUM(AB27:AE27) -> 3173
B28: Debt settled with credit institutions | D28: 51.197465 | E28: -692 | F28: -67.5 | G28: 0 | H28: -708.4 | J28: -29.9 | K28: 62.6 | L28: -238.7 | M28: 80 | N28: -126 | P28: -110.4 | Q28: 0 | R28: -282.7 | S28: 203.8 | T28: -189 | V28: 0 | W28: 0 | X28: 0 | Y28: 0 | Z28: 0 | AB28: =-2772 -> -2772 | AC28: 0 | AD28: -198 | AE28: 0 | AF28: =SUM(AB28:AE28) -> -2970
B29: Interest received | D29: 0.0001 | E29: 0 | F29: 0 | G29: -0.0001 | H29: 0 | J29: 0 | K29: 0 | L29: 0 | M29: 0.5 | N29: 0.5 | P29: 0 | Q29: 0 | R29: 0 | S29: 4 | T29: 4 | V29: 2 | W29: 0 | X29: 0 | Y29: -1 | Z29: =SUM(V29:Y29) -> 1 | AB29: 0 | AC29: 1 | AD29: 0 | AE29: 4 | AF29: =SUM(AB29:AE29) -> 5
B30: Repayment of lease liabilities | D30: -42.4 | E30: -42.206 | F30: -41.8 | G30: -41.294 | H30: -167.7 | J30: -43.1 | K30: -42.3 | L30: -43.4 | M30: -43.5 | N30: -172.3 | P30: -38.8 | Q30: -51.6 | R30: -70.2 | S30: -128.4 | T30: -289 | V30: -97 | W30: -99 | X30: -102 | Y30: -99 | Z30: =SUM(V30:Y30) -> -397 | AB30: -107 | AC30: -108 | AD30: -109 | AE30: -112 | AF30: =SUM(AB30:AE30) -> -436
B31: Interest paid | D31: -8.4 | E31: -8.2 | F31: -6.6 | G31: -3.9 | H31: -27.1 | J31: -7.7 | K31: -6.9 | L31: -11.8 | M31: -13.4 | N31: -39.8 | P31: -21.9 | Q31: -21.6 | R31: -35.9 | S31: -4.6 | T31: -84 | V31: -44 | W31: -50 | X31: -51 | Y31: 14 | Z31: =SUM(V31:Y31) -> -131 | AB31: -41 | AC31: -28 | AD31: -26 | AE31: =-20-4 -> -24 | AF31: =SUM(AB31:AE31) -> -119
B32: Paid dividend | D32: 0 | E32: -76.6 | F32: 0 | G32: 0 | H32: -76.6 | J32: 0 | K32: -76.6 | L32: 0 | M32: 0 | N32: -76.6 | P32: 0 | Q32: -76.6 | R32: 0 | S32: 0.6 | T32: -76 | V32: -76 | W32: 0 | X32: 0 | Y32: 0 | Z32: =SUM(V32:Y32) -> -76 | AB32: -76 | AC32: 0 | AD32: 0 | AE32: 0 | AF32: =SUM(AB32:AE32) -> -76
B33: Acquisition of own shares | D33: 0 | E33: -21.7 | F33: -53.4 | G33: 0 | H33: -75.1 | J33: 0 | K33: 0 | L33: 0 | M33: 0 | N33: 0 | P33: 0 | Q33: 0 | R33: -21.5 | S33: 0.5 | T33: -21 | V33: 0 | W33: 0 | X33: -27 | Y33: 0 | Z33: =SUM(V33:Y33) -> -27 | AB33: -8 | AC33: -56 | AD33: -45 | AE33: -31 | AF33: =SUM(AB33:AE33) -> -140
B34: Other financing activities | D34: 0 | E34: 0 | F34: 0 | G34: 0 | H34: 0 | J34: 0 | K34: 0 | L34: 0 | M34: 0 | N34: 0 | P34: 0 | Q34: 0 | R34: 0 | S34: 0 | T34: 0 | V34: 10 | W34: 0 | X34: 0 | Y34: 0 | Z34: =SUM(V34:Y34) -> 10 | AB34: 0 | AC34: 0 | AD34: 0 | AE34: 0 | AF34: =SUM(AB34:AE34) -> 0
B35: Cash flow from financing activities | D35: 0.397666 | E35: -95.306 | F35: -169.3 | G35: -27.191666 | H35: -291.4 | J35: =SUM(J27:J34) -> -80.7 | K35: =SUM(K27:K34) -> -63.2 | L35: =SUM(L27:L34) -> -293.9 | M35: =SUM(M27:M34) -> 23.6 | N35: =SUM(N27:N34) -> -414.2 | P35: =SUM(P27:P34) -> -171.1 | Q35: =SUM(Q27:Q34) -> 971.5 | R35: =SUM(R27:R34) -> -410.3 | S35: =SUM(S27:S34) -> 75.9 | T35: =SUM(T27:T34) -> 466 | V35: =SUM(V27:V34) -> -10 | W35: =SUM(W27:W34) -> 51 | X35: =SUM(X27:X34) -> -25 | Y35: =SUM(Y27:Y34) -> -72 | Z35: =SUM(Z27:Z34) -> -56 | AB35: =SUM(AB27:AB34) -> -315 | AC35: =SUM(AC27:AC34) -> 154 | AD35: =SUM(AD27:AD34) -> -378 | AE35: =SUM(AE27:AE34) -> -24 | AF35: =SUM(AF27:AF34) -> -563
B37: Net cash flow from operating, inv. and fin. activities | D37: -5.0003 | E37: -9.200712 | F37: 16.800004 | G37: -15.098992 | H37: -12.5 | J37: 17.9 | K37: -2.9 | L37: 88.5 | M37: -94.9 | N37: 8.5 | P37: 29.8001 | Q37: 192.9 | R37: 149.30345 | S37: -282.00355 | T37: 90 | V37: =V25+V35 -> 22 | W37: =W25+W35 -> -54 | X37: =X25+X35 -> 352 | Y37: =Y25+Y35 -> -378 | Z37: =Z25+Z35 -> -58 | AB37: =AB25+AB35 -> 56 | AC37: =AC25+AC35 -> -8 | AD37: =AD25+AD35 -> -11 | AE37: =AE25+AE35 -> -55 | AF37: =AF25+AF35 -> -18
B38: Currency adjustments | Q38: 2.2 | R38: 10.5 | S38: -8.7 | T38: 4 | V38: 1 | W38: 2 | X38: -1 | Y38: 1 | Z38: =SUM(V38:Y38) -> 3 | AB38: 4 | AC38: -2 | AD38: -3 | AE38: 3 | AF38: =SUM(AB38:AE38) -> 2
B39: Cash and cash equivalents, beginning of period | D39: 40.682891 | E39: 35.682591 | F39: 26.481879 | G39: 43.3 | H39: 40.7 | J39: 28.2 | K39: 46.1 | L39: 43.2 | M39: 131.7 | N39: 28.2 | P39: 36.729393 | Q39: 66.5 | R39: 261.6 | S39: 421.4 | T39: 36.7 | V39: 131 | W39: 154 | X39: =W40 -> 102 | Y39: =X40 -> 453 | Z39: =V39 -> 131 | AB39: =Z40 -> 76 | AC39: 136 | AD39: 126 | AE39: =AD40 -> 112 | AF39: =AB39 -> 76
B40: Cash and cash equivalents, end of the period | D40: 35.682591 | E40: 26.481879 | F40: 43.281883 | G40: 28.2 | H40: 28.2 | J40: 46.1 | K40: 43.2 | L40: 131.7 | M40: 36.7 | N40: 36.7 | P40: 66.529493 | Q40: 261.6 | R40: 421.4 | S40: 130.7 | T40: 130.7 | V40: =SUM(V37:V39) -> 154 | W40: =SUM(W37:W39) -> 102 | X40: =SUM(X37:X39) -> 453 | Y40: =SUM(Y37:Y39) -> 76 | Z40: =SUM(Z37:Z39) -> 76 | AB40: =SUM(AB37:AB39) -> 136 | AC40: =SUM(AC37:AC39) -> 126 | AD40: =SUM(AD37:AD39) -> 112 | AE40: =SUM(AE37:AE39) -> 60 | AF40: =SUM(AF37:AF39) -> 60
P41: * Q4 includes roundings to full year amounts with no decimals.
